Workbook

Sheet Costeo_Seleccionados_IP004
J2: SERVICIO | K2: FORMA DE CONTRATACIÓN | L2: COSTO MES ATENCIÓN 2025 | M2: TIEMPO ATENCION 2025 | N2: FASE PREPARATORIA ALISTAMIENTO 2025 | O2: FASE PREPARATORIA DE CIERRE 2025 | P2: JORNADAS PEDAGOGICAS | Q2: DOTACIÓN ÚNICA | R2: COSTOS 2025 | S2: ALIMENTACION | T2: FECHA DE EJECUCIÓN | U2: OBSERVACION | V2: CANASTA
J3: CENTRO DE DESARROLLO INFANTIL A SIN RACION - INSTITUCIONAL | L3: 349190 | M3: 8 | N3: 88143 | O3: 75043 | P3: 8 | R3: =(L3*M3)+N3+O3 -> 2956706 | S3: 154018 | T3: 45930 | V3: 2025 | W3: 8
J4: CENTRO DE DESARROLLO INFANTIL A - INSTITUCIONAL | L4: 503208 | M4: 8 | N4: 88143 | O4: 75043 | P4: 8 | R4: =(L4*M4)+N4+O4 -> 4188850 | T4: 45930 | V4: 2025
J5: CENTRO DE DESARROLLO INFANTIL CON ARRIENDO - INSTITUCIONAL | L5: 520777 | M5: 8 | N5: 88143 | O5: 75043 | P5: 8 | R5: =(L5*M5)+N5+O5 -> 4329402 | T5: 45930 | V5: 2025
J6: EDUCACIÓN INICIAL PROPIA DIARIA - PROPIA E INTERCULTURAL | L6: 462016 | M6: 8 | N6: 73965 | O6: 32651 | P6: 8 | Q6: 29099 | R6: =(L6*M6)+N6+O6+Q6 -> 3831843 | T6: 45930 | V6: 2025
J7: EDUCACIÓN INICIAL PROPIA DIARIA SIN RACION - PROPIA E INTERCULTURAL | L7: 298914 | M7: 8 | N7: 73965 | O7: 32651 | P7: 8 | Q7: 29099 | R7: =(L7*M7)+N7+O7+Q7 -> 2527027 | S7: 163102 | T7: 45930 | V7: 2025
J8: EDUCACIÓN INICIAL CAMPESINA A SIN RACION - PROPIA E INTERCULTURAL | L8: 257586 | M8: 8 | N8: 49376 | O8: 41029 | P8: 8 | Q8: =27428+1672 -> 29100 | R8: =(L8*M8)+N8+O8+Q8 -> 2180193 | S8: 180383 | T8: 45930 | V8: 2025
J9: EDUCACIÓN INICIAL CAMPESINA B SIN RACION - PROPIA E INTERCULTURAL | L9: 265934 | M9: 8 | N9: 51463 | O9: 43116 | P9: 8 | Q9: =27428+1672 -> 29100 | R9: =(L9*M9)+N9+O9+Q9 -> 2251151 | S9: 180383 | T9: 45930 | V9: 2025
J10: EDUCACIÓN INICIAL EN EL HOGAR A - FAMILIAR Y COMUNITARIA | L10: 367661 | M10: 8 | N10: 46744 | O10: 37841 | P10: 8 | R10: =(L10*M10)+N10+O10+Q10 -> 3025873 | T10: 45930 | V10: 2025
J11: EDUCACIÓN INICIAL EN EL HOGAR A SIN RACION - FAMILIAR Y COMUNITARIA | L11: 179340 | M11: 8 | N11: 46744 | O11: 37841 | P11: 8 | R11: =(L11*M11)+N11+O11+Q11 -> 1519305 | S11: 188321 | T11: 45930 | V11: 2025
J12: HOGAR INFANTIL - INSTITUCIONAL | L12: 503208 | M12: 8 | N12: 88143 | O12: 75043 | P12: 8 | R12: =(L12*M12)+N12+O12+Q12 -> 4188850 | T12: 45930 | V12: 2025
J13: HOGAR INFANTIL SIN RACION - INSTITUCIONAL | L13: 349190 | M13: 8 | N13: 88143 | O13: 75043 | P13: 8 | R13: =(L13*M13)+N13+O13+Q13 -> 2956706 | S13: 154018 | T13: 45930 | V13: 2025
J14: JARDINES INTERCULTURALES DE EDUCACION INICIAL SIN RACION - PROPIA E INTERCULTURAL | L14: 310056 | M14: 8 | N14: 66244 | O14: 28221 | P14: 8 | Q14: 29099 | R14: =(L14*M14)+N14+O14+Q14 -> 2604012 | S14: 158339 | T14: 45930 | V14: 2025
L18: =SUBTOTAL(9,L112:L1313) -> 50478 | AL18: 1423500 | AT18: =SUBTOTAL(9,Tabla4[DESEMBOLSO 1]) -> 21960966873 | AU18: =SUBTOTAL(9,Tabla4[DESEMBOLSO 2]) -> 17865455658 | AV18: =SUBTOTAL(9,Tabla4[DESEMBOLSO 3]) -> 17865455658 | AW18: =SUBTOTAL(9,Tabla4[DESEMBOLSO 4]) -> 17865455658 | AX18: =SUBTOTAL(9,Tabla4[DESEMBOLSO 5]) -> 17865455658 | AY18: =SUBTOTAL(9,Tabla4[DESEMBOLSO 6]) -> 17865455658 | AZ18: =SUBTOTAL(9,Tabla4[DESEMBOLSO 7]) -> 17865455658 | BA18: =SUBTOTAL(9,Tabla4[DESEMBOLSO 8]) -> 20757201955 | BB18: =SUBTOTAL(9,Tabla4[TOTAL DESEMBOLSOS]) -> 149910902776 | BC18: =SUBTOTAL(9,Tabla4[VALOR COMPONENTE ALIMENTACION NO ASIGNADO]) -> 43549835284
A19: ZONA DEFINITIVO | B19: N° CONTRATO | C19: LOTE PROCESO 2025(ETAPA DEFINITIVOS) | D19: CENTRO ZONAL | E19: MUNICIPIO | F19: SERVICIO 2025 | G19: OBJETO | H19: DIRECCION UDS | I19: CÓDIGO UDS | J19: UNIDAD DE SERVICIO (UDS) | K19: UDS | L19: TOTAL COBERTURA | M19: DESPLAZADOS | N19: CONSECUTIVO MATRIZ | O19: FORMA DE CONTRATACION | P19: SECOP NUMERO DE ZONA | Q19: DE QUIEN ES LA INFRAESTRUCTURA | R19: RUBRO | S19: RECURSO | T19: NIT | U19: NOMBRE EAS | V19: SITCO | W19: PACCO | X19: CDP | Y19: Suma UDS X Invitación (Auto) | Z19: Cupos x Invitacion (Auto) | AA19: OBSERVACIÓN | AB19: VALOR ATENCIÓN (8 MESES) | AC19: % CONTRAPARTIDA | AD19: VALOR CONTRAPARTIDA | AE19: TASAS COMPENSATORIAS | AF19: AGRUPACIONES | AG19: TOTAL APORTES ICBF | AH19: TOTAL CONTRATO (ICBF+EAS) | AI19: TOTAL APORTES ICBF AGRUPADO | AJ19: TOTAL CONTRAPARTIDA AGRUPADO | AK19: VALOR TOTAL CONTRATO AGRUPADO | AL19: SMMLV | AM19: VALOR FASE PREPARATORIA DE ALISTAMIENTO | AN19: VALOR FASE PREPARATORIA DE CIERRE | AO19: DOTACIÓN ÚNICA | AP19: VALOR ATENCIÓN | AQ19: VALOR RACION PREPARADA | AR19: VALOR TOTAL | AS19: TOTAL AGRUPADO | AT19: DESEMBOLSO 1 | AU19: DESEMBOLSO 2 | AV19: DESEMBOLSO 3 | AW19: DESEMBOLSO 4 | AX19: DESEMBOLSO 5 | AY19: DESEMBOLSO 6 | AZ19: DESEMBOLSO 7 | BA19: DESEMBOLSO 8 | BB19: TOTAL DESEMBOLSOS | BC19: VALOR COMPONENTE ALIMENTACION NO ASIGNADO | BD19: UDS CON COMPONENTE DE ALIMENTACION EJECUTADO POR EL ICBF | BE19: VALIDADOR | BF19: DIFERENCIA | BG19: VALIDADOR DESEMBOLSOS | BH19: DIFERENCIA DESEMBOLSOS | BI19: RADICADO | BJ19: CRUCE MATRIZ
A20: 1887 | B20: 05005422025 | C20: LOTE 2 | D20: CZ ABURRA NORTE | E20: COPACABANA | F20: EDUCACIÓN INICIAL EN EL HOGAR A SIN RACION - FAMILIAR Y COMUNITARIA | G20: PRESTAR LOS SERVICIOS DE EDUCACIÓN INICIAL EN EL MARCO DE LA ATENCIÓN INTEGRAL A LA PRIMERA INFANCIA DE CONFORMIDAD CON LOS MANUALES TÉCNICOS, GUÍAS OPERATIVAS PARA LA ATENCIÓN A LA PRIMERA INFANCIA Y LOS LINEAMIENTOS ESTABLECIDOS POR EL ICBF, EN ARMONÍA CON LA POLÍTICA DE ESTADO PARA EL DESARROLLO INTEGRAL DE LA PRIMERA INFANCIA DE “CERO A SIEMPRE | H20: VEREDA CABUYAL | I20: 52121119066 | J20: C COMUNAL CABUYAL | K20: 1 | L20: 15 | N20: 1887 | O20: ARTÍCULO 34 CONTRATACIÓN CON EL REGISTRO ÚNICO DE OFERENTES | R20: C-4602-1500-9-704020-4602020-02-161 | S20: 10 | T20: 900194362 | U20: CORPORACION ARCA | V20: =VLOOKUP(Tabla4[[#This Row],[ZONA DEFINITIVO]],Hoja1!$A$1:$D$121,3,0) -> 228985 | W20: =VLOOKUP(Tabla4[[#This Row],[ZONA DEFINITIVO]],Hoja1!$A$1:$D$121,2,0) -> 15146 | X20: =VLOOKUP(Tabla4[[#This Row],[ZONA DEFINITIVO]],Hoja1!$A$1:$D$121,4,0) -> 90725 | Y20: =+IF(Tabla4[[#This Row],[AGRUPACIONES]]=1,SUMIFS(Tabla4[UDS],Tabla4[ZONA DEFINITIVO],Tabla4[[#This Row],[ZONA DEFINITIVO]])," ") -> 18 | Z20: =+IF(Tabla4[[#This Row],[AGRUPACIONES]]=1,SUMIFS(Tabla4[TOTAL COBERTURA],Tabla4[ZONA DEFINITIVO],Tabla4[[#This Row],[ZONA DEFINITIVO]])," ") -> 693 | AB20: 22789575 | AC20: 0.02 | AD20: =AB20*AC20 -> 455791.5 | AF20: =COUNTIF($A$20:A20,A20) -> 1 | AG20: 22789575 | AH20: =Tabla4[[#This Row],[VALOR CONTRAPARTIDA]]+Tabla4[[#This Row],[TOTAL APORTES ICBF]] -> 23245366 | AI20: =ROUND(+IF(Tabla4[[#This Row],[AGRUPACIONES]]=1,SUMIFS(Tabla4[TOTAL APORTES ICBF],Tabla4[ZONA DEFINITIVO],Tabla4[[#This Row],[ZONA DEFINITIVO]])," "),0) -> 1864420045 | AJ20: =ROUND(+IF(Tabla4[[#This Row],[AGRUPACIONES]]=1,SUMIFS(Tabla4[VALOR CONTRAPARTIDA],Tabla4[ZONA DEFINITIVO],Tabla4[[#This Row],[ZONA DEFINITIVO]])," "),0) -> 37288401 | AK20: =Tabla4[[#This Row],[TOTAL APORTES ICBF AGRUPADO]]+Tabla4[[#This Row],[TOTAL CONTRAPARTIDA AGRUPADO]] -> 1901708446 | AL20: =Tabla4[[#This Row],[TOTAL APORTES ICBF AGRUPADO]]/$AL$18 -> 1309.7436 | AM20: =VLOOKUP(Tabla4[[#This Row],[SERVICIO 2025]],$J$2:$V$14,5,0)*Tabla4[[#This Row],[TOTAL COBERTURA]] -> 701160 | AN20: =VLOOKUP(Tabla4[[#This Row],[SERVICIO 2025]],$J$2:$V$14,6,0)*Tabla4[[#This Row],[TOTAL COBERTURA]] -> 567615 | AO20: =VLOOKUP(Tabla4[[#This Row],[SERVICIO 2025]],$J$2:$V$14,8,0)*Tabla4[[#This Row],[TOTAL COBERTURA]] -> 0 | AP20: =VLOOKUP(Tabla4[[#This Row],[SERVICIO 2025]],$J$2:$V$14,3,0)*Tabla4[[#This Row],[TOTAL COBERTURA]]*8 -> 21520800 | AR20: =Tabla4[[#This Row],[VALOR FASE PREPARATORIA DE ALISTAMIENTO]]+Tabla4[[#This Row],[VALOR FASE PREPARATORIA DE CIERRE]]+Tabla4[[#This Row],[DOTACIÓN ÚNICA]]+Tabla4[[#This Row],[VALOR ATENCIÓN]]+Tabla4[[#This Row],[VALOR RACION PREPARADA]] -> 22789575 | AS20: =+IF(Tabla4[[#This Row],[AGRUPACIONES]]=1,SUMIFS(Tabla4[VALOR TOTAL],Tabla4[ZONA DEFINITIVO],Tabla4[[#This Row],[ZONA DEFINITIVO]])," ") -> 1864420045 | AT20: =(VLOOKUP(Tabla4[[#This Row],[SERVICIO 2025]],$J$2:$V$14,3,0)*Tabla4[[#This Row],[TOTAL COBERTURA]])+Tabla4[[#This Row],[VALOR FASE PREPARATORIA DE ALISTAMIENTO]]+Tabla4[[#This Row],[DOTACIÓN ÚNICA]] -> 3391260 | AU20: =(VLOOKUP(Tabla4[[#This Row],[SERVICIO 2025]],$J$2:$V$14,3,0)*Tabla4[[#This Row],[TOTAL COBERTURA]]) -> 2690100 | AV20: =(VLOOKUP(Tabla4[[#This Row],[SERVICIO 2025]],$J$2:$V$14,3,0)*Tabla4[[#This Row],[TOTAL COBERTURA]]) -> 2690100 | AW20: =(VLOOKUP(Tabla4[[#This Row],[SERVICIO 2025]],$J$2:$V$14,3,0)*Tabla4[[#This Row],[TOTAL COBERTURA]]) -> 2690100 | AX20: =(VLOOKUP(Tabla4[[#This Row],[SERVICIO 2025]],$J$2:$V$14,3,0)*Tabla4[[#This Row],[TOTAL COBERTURA]]) -> 2690100 | AY20: =(VLOOKUP(Tabla4[[#This Row],[SERVICIO 2025]],$J$2:$V$14,3,0)*Tabla4[[#This Row],[TOTAL COBERTURA]]) -> 2690100 | AZ20: =(VLOOKUP(Tabla4[[#This Row],[SERVICIO 2025]],$J$2:$V$14,3,0)*Tabla4[[#This Row],[TOTAL COBERTURA]]) -> 2690100 | BA20: =(VLOOKUP(Tabla4[[#This Row],[SERVICIO 2025]],$J$2:$V$14,3,0)*Tabla4[[#This Row],[TOTAL COBERTURA]])+Tabla4[[#This Row],[VALOR FASE PREPARATORIA DE CIERRE]] -> 3257715 | BB20: =SUM(Tabla4[[#This Row],[DESEMBOLSO 1]:[DESEMBOLSO 8]]) -> 22789575 | BD20: CONTRATACIÓN ALIMENTOS - DPI | BE20: =EXACT(Tabla4[[#This Row],[VALOR ATENCIÓN (8 MESES)]],Tabla4[[#This Row],[VALOR TOTAL]]) -> TRUE | BF20: =Tabla4[[#This Row],[VALOR ATENCIÓN (8 MESES)]]-Tabla4[[#This Row],[VALOR TOTAL]] -> 0 | BG20: =EXACT(Tabla4[[#This Row],[TOTAL DESEMBOLSOS]],Tabla4[[#This Row],[VALOR ATENCIÓN (8 MESES)]]) -> TRUE | BH20: =Tabla4[[#This Row],[TOTAL DESEMBOLSOS]]-Tabla4[[#This Row],[VALOR ATENCIÓN (8 MESES)]] -> 0 | BI20: RADICADAS
A21: 1887 | B21: 05005422025 | C21: LOTE 2 | D21: CZ ABURRA NORTE | E21: COPACABANA | F21: EDUCACIÓN INICIAL EN EL HOGAR A SIN RACION - FAMILIAR Y COMUNITARIA | G21: PRESTAR LOS SERVICIOS DE EDUCACIÓN INICIAL EN EL MARCO DE LA ATENCIÓN INTEGRAL A LA PRIMERA INFANCIA DE CONFORMIDAD CON LOS MANUALES TÉCNICOS, GUÍAS OPERATIVAS PARA LA ATENCIÓN A LA PRIMERA INFANCIA Y LOS LINEAMIENTOS ESTABLECIDOS POR EL ICBF, EN ARMONÍA CON LA POLÍTICA DE ESTADO PARA EL DESARROLLO INTEGRAL DE LA PRIMERA INFANCIA DE “CERO A SIEMPRE | H21: VEREDA ALVARADO | I21: 52121136513 | J21: CER VEREDA ALVARADO | K21: 1 | L21: 20 | N21: 1887 | O21: ARTÍCULO 34 CONTRATACIÓN CON EL REGISTRO ÚNICO DE OFERENTES | R21: C-4602-1500-9-704020-4602020-02-161 | S21: 10 | T21: 900194362 | U21: CORPORACION ARCA | V21: =VLOOKUP(Tabla4[[#This Row],[ZONA DEFINITIVO]],Hoja1!$A$1:$D$121,3,0) -> 228985 | W21: =VLOOKUP(Tabla4[[#This Row],[ZONA DEFINITIVO]],Hoja1!$A$1:$D$121,2,0) -> 15146 | X21: =VLOOKUP(Tabla4[[#This Row],[ZONA DEFINITIVO]],Hoja1!$A$1:$D$121,4,0) -> 90725 | Y21: =+IF(Tabla4[[#This Row],[AGRUPACIONES]]=1,SUMIFS(Tabla4[UDS],Tabla4[ZONA DEFINITIVO],Tabla4[[#This Row],[ZONA DEFINITIVO]])," ") | Z21: =+IF(Tabla4[[#This Row],[AGRUPACIONES]]=1,SUMIFS(Tabla4[TOTAL COBERTURA],Tabla4[ZONA DEFINITIVO],Tabla4[[#This Row],[ZONA DEFINITIVO]])," ") | AB21: 30386100 | AC21: 0.02 | AD21: =AB21*AC21 -> 607722 | AF21: =COUNTIF($A$20:A21,A21) -> 2 | AG21: 30386100 | AH21: =Tabla4[[#This Row],[VALOR CONTRAPARTIDA]]+Tabla4[[#This Row],[TOTAL APORTES ICBF]] -> 30993822 | AM21: =VLOOKUP(Tabla4[[#This Row],[SERVICIO 2025]],$J$2:$V$14,5,0)*Tabla4[[#This Row],[TOTAL COBERTURA]] -> 934880 | AN21: =VLOOKUP(Tabla4[[#This Row],[SERVICIO 2025]],$J$2:$V$14,6,0)*Tabla4[[#This Row],[TOTAL COBERTURA]] -> 756820 | AO21: =VLOOKUP(Tabla4[[#This Row],[SERVICIO 2025]],$J$2:$V$14,8,0)*Tabla4[[#This Row],[TOTAL COBERTURA]] -> 0 | AP21: =VLOOKUP(Tabla4[[#This Row],[SERVICIO 2025]],$J$2:$V$14,3,0)*Tabla4[[#This Row],[TOTAL COBERTURA]]*8 -> 28694400 | AR21: =Tabla4[[#This Row],[VALOR FASE PREPARATORIA DE ALISTAMIENTO]]+Tabla4[[#This Row],[VALOR FASE PREPARATORIA DE CIERRE]]+Tabla4[[#This Row],[DOTACIÓN ÚNICA]]+Tabla4[[#This Row],[VALOR ATENCIÓN]]+Tabla4[[#This Row],[VALOR RACION PREPARADA]] -> 30386100 | AS21: =+IF(Tabla4[[#This Row],[AGRUPACIONES]]=1,SUMIFS(Tabla4[VALOR TOTAL],Tabla4[ZONA DEFINITIVO],Tabla4[[#This Row],[ZONA DEFINITIVO]])," ") | AT21: =(VLOOKUP(Tabla4[[#This Row],[SERVICIO 2025]],$J$2:$V$14,3,0)*Tabla4[[#This Row],[TOTAL COBERTURA]])+Tabla4[[#This Row],[VALOR FASE PREPARATORIA DE ALISTAMIENTO]]+Tabla4[[#This Row],[DOTACIÓN ÚNICA]] -> 4521680 | AU21: =(VLOOKUP(Tabla4[[#This Row],[SERVICIO 2025]],$J$2:$V$14,3,0)*Tabla4[[#This Row],[TOTAL COBERTURA]]) -> 3586800 | AV21: =(VLOOKUP(Tabla4[[#This Row],[SERVICIO 2025]],$J$2:$V$14,3,0)*Tabla4[[#This Row],[TOTAL COBERTURA]]) -> 3586800 | AW21: =(VLOOKUP(Tabla4[[#This Row],[SERVICIO 2025]],$J$2:$V$14,3,0)*Tabla4[[#This Row],[TOTAL COBERTURA]]) -> 3586800 | AX21: =(VLOOKUP(Tabla4[[#This Row],[SERVICIO 2025]],$J$2:$V$14,3,0)*Tabla4[[#This Row],[TOTAL COBERTURA]]) -> 3586800 | AY21: =(VLOOKUP(Tabla4[[#This Row],[SERVICIO 2025]],$J$2:$V$14,3,0)*Tabla4[[#This Row],[TOTAL COBERTURA]]) -> 3586800 | AZ21: =(VLOOKUP(Tabla4[[#This Row],[SERVICIO 2025]],$J$2:$V$14,3,0)*Tabla4[[#This Row],[TOTAL COBERTURA]]) -> 3586800 | BA21: =(VLOOKUP(Tabla4[[#This Row],[SERVICIO 2025]],$J$2:$V$14,3,0)*Tabla4[[#This Row],[TOTAL COBERTURA]])+Tabla4[[#This Row],[VALOR FASE PREPARATORIA DE CIERRE]] -> 4343620 | BB21: =SUM(Tabla4[[#This Row],[DESEMBOLSO 1]:[DESEMBOLSO 8]]) -> 30386100 | BD21: CONTRATACIÓN ALIMENTOS - DPI | BE21: =EXACT(Tabla4[[#This Row],[VALOR ATENCIÓN (8 MESES)]],Tabla4[[#This Row],[VALOR TOTAL]]) -> TRUE | BF21: =Tabla4[[#This Row],[VALOR ATENCIÓN (8 MESES)]]-Tabla4[[#This Row],[VALOR TOTAL]] -> 0 | BG21: =EXACT(Tabla4[[#This Row],[TOTAL DESEMBOLSOS]],Tabla4[[#This Row],[VALOR ATENCIÓN (8 MESES)]]) -> TRUE | BH21: =Tabla4[[#This Row],[TOTAL DESEMBOLSOS]]-Tabla4[[#This Row],[VALOR ATENCIÓN (8 MESES)]] -> 0 | BI21: RADICADAS
A22: 1887 | B22: 05005422025 | C22: LOTE 2 | D22: CZ ABURRA NORTE | E22: COPACABANA | F22: EDUCACIÓN INICIAL EN EL HOGAR A SIN RACION - FAMILIAR Y COMUNITARIA | G22: PRESTAR LOS SERVICIOS DE EDUCACIÓN INICIAL EN EL MARCO DE LA ATENCIÓN INTEGRAL A LA PRIMERA INFANCIA DE CONFORMIDAD CON LOS MANUALES TÉCNICOS, GUÍAS OPERATIVAS PARA LA ATENCIÓN A LA PRIMERA INFANCIA Y LOS LINEAMIENTOS ESTABLECIDOS POR EL ICBF, EN ARMONÍA CON LA POLÍTICA DE ESTADO PARA EL DESARROLLO INTEGRAL DE LA PRIMERA INFANCIA DE “CERO A SIEMPRE | H22: ESCUELA RURAL QUEBRADA ARRIBA | I22: 52121136534 | J22: CER QUEBRADA ARRIBA | K22: 1 | L22: 15 | N22: 1887 | O22: ARTÍCULO 34 CONTRATACIÓN CON EL REGISTRO ÚNICO DE OFERENTES | R22: C-4602-1500-9-704020-4602020-02-161 | S22: 10 | T22: 900194362 | U22: CORPORACION ARCA | V22: =VLOOKUP(Tabla4[[#This Row],[ZONA DEFINITIVO]],Hoja1!$A$1:$D$121,3,0) -> 228985 | W22: =VLOOKUP(Tabla4[[#This Row],[ZONA DEFINITIVO]],Hoja1!$A$1:$D$121,2,0) -> 15146 | X22: =VLOOKUP(Tabla4[[#This Row],[ZONA DEFINITIVO]],Hoja1!$A$1:$D$121,4,0) -> 90725 | Y22: =+IF(Tabla4[[#This Row],[AGRUPACIONES]]=1,SUMIFS(Tabla4[UDS],Tabla4[ZONA DEFINITIVO],Tabla4[[#This Row],[ZONA DEFINITIVO]])," ") | Z22: =+IF(Tabla4[[#This Row],[AGRUPACIONES]]=1,SUMIFS(Tabla4[TOTAL COBERTURA],Tabla4[ZONA DEFINITIVO],Tabla4[[#This Row],[ZONA DEFINITIVO]])," ") | AB22: 22789575 | AC22: 0.02 | AD22: =AB22*AC22 -> 455791.5 | AF22: =COUNTIF($A$20:A22,A22) -> 3 | AG22: 22789575 | AH22: =Tabla4[[#This Row],[VALOR CONTRAPARTIDA]]+Tabla4[[#This Row],[TOTAL APORTES ICBF]] -> 23245366 | AM22: =VLOOKUP(Tabla4[[#This Row],[SERVICIO 2025]],$J$2:$V$14,5,0)*Tabla4[[#This Row],[TOTAL COBERTURA]] -> 701160 | AN22: =VLOOKUP(Tabla4[[#This Row],[SERVICIO 2025]],$J$2:$V$14,6,0)*Tabla4[[#This Row],[TOTAL COBERTURA]] -> 567615 | AO22: =VLOOKUP(Tabla4[[#This Row],[SERVICIO 2025]],$J$2:$V$14,8,0)*Tabla4[[#This Row],[TOTAL COBERTURA]] -> 0 | AP22: =VLOOKUP(Tabla4[[#This Row],[SERVICIO 2025]],$J$2:$V$14,3,0)*Tabla4[[#This Row],[TOTAL COBERTURA]]*8 -> 21520800 | AR22: =Tabla4[[#This Row],[VALOR FASE PREPARATORIA DE ALISTAMIENTO]]+Tabla4[[#This Row],[VALOR FASE PREPARATORIA DE CIERRE]]+Tabla4[[#This Row],[DOTACIÓN ÚNICA]]+Tabla4[[#This Row],[VALOR ATENCIÓN]]+Tabla4[[#This Row],[VALOR RACION PREPARADA]] -> 22789575 | AS22: =+IF(Tabla4[[#This Row],[AGRUPACIONES]]=1,SUMIFS(Tabla4[VALOR TOTAL],Tabla4[ZONA DEFINITIVO],Tabla4[[#This Row],[ZONA DEFINITIVO]])," ") | AT22: =(VLOOKUP(Tabla4[[#This Row],[SERVICIO 2025]],$J$2:$V$14,3,0)*Tabla4[[#This Row],[TOTAL COBERTURA]])+Tabla4[[#This Row],[VALOR FASE PREPARATORIA DE ALISTAMIENTO]]+Tabla4[[#This Row],[DOTACIÓN ÚNICA]] -> 3391260 | AU22: =(VLOOKUP(Tabla4[[#This Row],[SERVICIO 2025]],$J$2:$V$14,3,0)*Tabla4[[#This Row],[TOTAL COBERTURA]]) -> 2690100 | AV22: =(VLOOKUP(Tabla4[[#This Row],[SERVICIO 2025]],$J$2:$V$14,3,0)*Tabla4[[#This Row],[TOTAL COBERTURA]]) -> 2690100 | AW22: =(VLOOKUP(Tabla4[[#This Row],[SERVICIO 2025]],$J$2:$V$14,3,0)*Tabla4[[#This Row],[TOTAL COBERTURA]]) -> 2690100 | AX22: =(VLOOKUP(Tabla4[[#This Row],[SERVICIO 2025]],$J$2:$V$14,3,0)*Tabla4[[#This Row],[TOTAL COBERTURA]]) -> 2690100 | AY22: =(VLOOKUP(Tabla4[[#This Row],[SERVICIO 2025]],$J$2:$V$14,3,0)*Tabla4[[#This Row],[TOTAL COBERTURA]]) -> 2690100 | AZ22: =(VLOOKUP(Tabla4[[#This Row],[SERVICIO 2025]],$J$2:$V$14,3,0)*Tabla4[[#This Row],[TOTAL COBERTURA]]) -> 2690100 | BA22: =(VLOOKUP(Tabla4[[#This Row],[SERVICIO 2025]],$J$2:$V$14,3,0)*Tabla4[[#This Row],[TOTAL COBERTURA]])+Tabla4[[#This Row],[VALOR FASE PREPARATORIA DE CIERRE]] -> 3257715 | BB22: =SUM(Tabla4[[#This Row],[DESEMBOLSO 1]:[DESEMBOLSO 8]]) -> 22789575 | BD22: CONTRATACIÓN ALIMENTOS - DPI | BE22: =EXACT(Tabla4[[#This Row],[VALOR ATENCIÓN (8 MESES)]],Tabla4[[#This Row],[VALOR TOTAL]]) -> TRUE | BF22: =Tabla4[[#This Row],[VALOR ATENCIÓN (8 MESES)]]-Tabla4[[#This Row],[VALOR TOTAL]] -> 0 | BG22: =EXACT(Tabla4[[#This Row],[TOTAL DESEMBOLSOS]],Tabla4[[#This Row],[VALOR ATENCIÓN (8 MESES)]]) -> TRUE | BH22: =Tabla4[[#This Row],[TOTAL DESEMBOLSOS]]-Tabla4[[#This Row],[VALOR ATENCIÓN (8 MESES)]] -> 0 | BI22: RADICADAS
A23: 1887 | B23: 05005422025 | C23: LOTE 2 | D23: CZ ABURRA NORTE | E23: COPACABANA | F23: EDUCACIÓN INICIAL EN EL HOGAR A SIN RACION - FAMILIAR Y COMUNITARIA | G23: PRESTAR LOS SERVICIOS DE EDUCACIÓN INICIAL EN EL MARCO DE LA ATENCIÓN INTEGRAL A LA PRIMERA INFANCIA DE CONFORMIDAD CON LOS MANUALES TÉCNICOS, GUÍAS OPERATIVAS PARA LA ATENCIÓN A LA PRIMERA INFANCIA Y LOS LINEAMIENTOS ESTABLECIDOS POR EL ICBF, EN ARMONÍA CON LA POLÍTICA DE ESTADO PARA EL DESARROLLO INTEGRAL DE LA PRIMERA INFANCIA DE “CERO A SIEMPRE | H23: ESCUELA RURAL CARLOS MESA | I23: 52121144547 | J23: CER CARLOS MESA AGUADA | K23: 1 | L23: 20 | N23: 1887 | O23: ARTÍCULO 34 CONTRATACIÓN CON EL REGISTRO ÚNICO DE OFERENTES | R23: C-4602-1500-9-704020-4602020-02-161 | S23: 10 | T23: 900194362 | U23: CORPORACION ARCA | V23: =VLOOKUP(Tabla4[[#This Row],[ZONA DEFINITIVO]],Hoja1!$A$1:$D$121,3,0) -> 228985 | W23: =VLOOKUP(Tabla4[[#This Row],[ZONA DEFINITIVO]],Hoja1!$A$1:$D$121,2,0) -> 15146 | X23: =VLOOKUP(Tabla4[[#This Row],[ZONA DEFINITIVO]],Hoja1!$A$1:$D$121,4,0) -> 90725 | Y23: =+IF(Tabla4[[#This Row],[AGRUPACIONES]]=1,SUMIFS(Tabla4[UDS],Tabla4[ZONA DEFINITIVO],Tabla4[[#This Row],[ZONA DEFINITIVO]])," ") | Z23: =+IF(Tabla4[[#This Row],[AGRUPACIONES]]=1,SUMIFS(Tabla4[TOTAL COBERTURA],Tabla4[ZONA DEFINITIVO],Tabla4[[#This Row],[ZONA DEFINITIVO]])," ") | AB23: 30386100 | AC23: 0.02 | AD23: =AB23*AC23 -> 607722 | AF23: =COUNTIF($A$20:A23,A23) -> 4 | AG23: 30386100 | AH23: =Tabla4[[#This Row],[VALOR CONTRAPARTIDA]]+Tabla4[[#This Row],[TOTAL APORTES ICBF]] -> 30993822 | AM23: =VLOOKUP(Tabla4[[#This Row],[SERVICIO 2025]],$J$2:$V$14,5,0)*Tabla4[[#This Row],[TOTAL COBERTURA]] -> 934880 | AN23: =VLOOKUP(Tabla4[[#This Row],[SERVICIO 2025]],$J$2:$V$14,6,0)*Tabla4[[#This Row],[TOTAL COBERTURA]] -> 756820 | AO23: =VLOOKUP(Tabla4[[#This Row],[SERVICIO 2025]],$J$2:$V$14,8,0)*Tabla4[[#This Row],[TOTAL COBERTURA]] -> 0 | AP23: =VLOOKUP(Tabla4[[#This Row],[SERVICIO 2025]],$J$2:$V$14,3,0)*Tabla4[[#This Row],[TOTAL COBERTURA]]*8 -> 28694400 | AR23: =Tabla4[[#This Row],[VALOR FASE PREPARATORIA DE ALISTAMIENTO]]+Tabla4[[#This Row],[VALOR FASE PREPARATORIA DE CIERRE]]+Tabla4[[#This Row],[DOTACIÓN ÚNICA]]+Tabla4[[#This Row],[VALOR ATENCIÓN]]+Tabla4[[#This Row],[VALOR RACION PREPARADA]] -> 30386100 | AS23: =+IF(Tabla4[[#This Row],[AGRUPACIONES]]=1,SUMIFS(Tabla4[VALOR TOTAL],Tabla4[ZONA DEFINITIVO],Tabla4[[#This Row],[ZONA DEFINITIVO]])," ") | AT23: =(VLOOKUP(Tabla4[[#This Row],[SERVICIO 2025]],$J$2:$V$14,3,0)*Tabla4[[#This Row],[TOTAL COBERTURA]])+Tabla4[[#This Row],[VALOR FASE PREPARATORIA DE ALISTAMIENTO]]+Tabla4[[#This Row],[DOTACIÓN ÚNICA]] -> 4521680 | AU23: =(VLOOKUP(Tabla4[[#This Row],[SERVICIO 2025]],$J$2:$V$14,3,0)*Tabla4[[#This Row],[TOTAL COBERTURA]]) -> 3586800 | AV23: =(VLOOKUP(Tabla4[[#This Row],[SERVICIO 2025]],$J$2:$V$14,3,0)*Tabla4[[#This Row],[TOTAL COBERTURA]]) -> 3586800 | AW23: =(VLOOKUP(Tabla4[[#This Row],[SERVICIO 2025]],$J$2:$V$14,3,0)*Tabla4[[#This Row],[TOTAL COBERTURA]]) -> 3586800 | AX23: =(VLOOKUP(Tabla4[[#This Row],[SERVICIO 2025]],$J$2:$V$14,3,0)*Tabla4[[#This Row],[TOTAL COBERTURA]]) -> 3586800 | AY23: =(VLOOKUP(Tabla4[[#This Row],[SERVICIO 2025]],$J$2:$V$14,3,0)*Tabla4[[#This Row],[TOTAL COBERTURA]]) -> 3586800 | AZ23: =(VLOOKUP(Tabla4[[#This Row],[SERVICIO 2025]],$J$2:$V$14,3,0)*Tabla4[[#This Row],[TOTAL COBERTURA]]) -> 3586800 | BA23: =(VLOOKUP(Tabla4[[#This Row],[SERVICIO 2025]],$J$2:$V$14,3,0)*Tabla4[[#This Row],[TOTAL COBERTURA]])+Tabla4[[#This Row],[VALOR FASE PREPARATORIA DE CIERRE]] -> 4343620 | BB23: =SUM(Tabla4[[#This Row],[DESEMBOLSO 1]:[DESEMBOLSO 8]]) -> 30386100 | BD23: CONTRATACIÓN ALIMENTOS - DPI | BE23: =EXACT(Tabla4[[#This Row],[VALOR ATENCIÓN (8 MESES)]],Tabla4[[#This Row],[VALOR TOTAL]]) -> TRUE | BF23: =Tabla4[[#This Row],[VALOR ATENCIÓN (8 MESES)]]-Tabla4[[#This Row],[VALOR TOTAL]] -> 0 | BG23: =EXACT(Tabla4[[#This Row],[TOTAL DESEMBOLSOS]],Tabla4[[#This Row],[VALOR ATENCIÓN (8 MESES)]]) -> TRUE | BH23: =Tabla4[[#This Row],[TOTAL DESEMBOLSOS]]-Tabla4[[#This Row],[VALOR ATENCIÓN (8 MESES)]] -> 0 | BI23: RADICADAS
A24: 1887 | B24: 05005422025 | C24: LOTE 2 | D24: CZ ABURRA NORTE | E24: COPACABANA | F24: EDUCACIÓN INICIAL EN EL HOGAR A SIN RACION - FAMILIAR Y COMUNITARIA | G24: PRESTAR LOS SERVICIOS DE EDUCACIÓN INICIAL EN EL MARCO DE LA ATENCIÓN INTEGRAL A LA PRIMERA INFANCIA DE CONFORMIDAD CON LOS MANUALES TÉCNICOS, GUÍAS OPERATIVAS PARA LA ATENCIÓN A LA PRIMERA INFANCIA Y LOS LINEAMIENTOS ESTABLECIDOS POR EL ICBF, EN ARMONÍA CON LA POLÍTICA DE ESTADO PARA EL DESARROLLO INTEGRAL DE LA PRIMERA INFANCIA DE “CERO A SIEMPRE | H24: CASETA COMUNAL ZARZAL CURAZAO | I24: 52121144553 | J24: C COMUNAL ZARZAL CURAZAO | K24: 1 | L24: 20 | N24: 1887 | O24: ARTÍCULO 34 CONTRATACIÓN CON EL REGISTRO ÚNICO DE OFERENTES | R24: C-4602-1500-9-704020-4602020-02-161 | S24: 10 | T24: 900194362 | U24: CORPORACION ARCA | V24: =VLOOKUP(Tabla4[[#This Row],[ZONA DEFINITIVO]],Hoja1!$A$1:$D$121,3,0) -> 228985 | W24: =VLOOKUP(Tabla4[[#This Row],[ZONA DEFINITIVO]],Hoja1!$A$1:$D$121,2,0) -> 15146 | X24: =VLOOKUP(Tabla4[[#This Row],[ZONA DEFINITIVO]],Hoja1!$A$1:$D$121,4,0) -> 90725 | Y24: =+IF(Tabla4[[#This Row],[AGRUPACIONES]]=1,SUMIFS(Tabla4[UDS],Tabla4[ZONA DEFINITIVO],Tabla4[[#This Row],[ZONA DEFINITIVO]])," ") | Z24: =+IF(Tabla4[[#This Row],[AGRUPACIONES]]=1,SUMIFS(Tabla4[TOTAL COBERTURA],Tabla4[ZONA DEFINITIVO],Tabla4[[#This Row],[ZONA DEFINITIVO]])," ") | AB24: 30386100 | AC24: 0.02 | AD24: =AB24*AC24 -> 607722 | AF24: =COUNTIF($A$20:A24,A24) -> 5 | AG24: 30386100 | AH24: =Tabla4[[#This Row],[VALOR CONTRAPARTIDA]]+Tabla4[[#This Row],[TOTAL APORTES ICBF]] -> 30993822 | AM24: =VLOOKUP(Tabla4[[#This Row],[SERVICIO 2025]],$J$2:$V$14,5,0)*Tabla4[[#This Row],[TOTAL COBERTURA]] -> 934880 | AN24: =VLOOKUP(Tabla4[[#This Row],[SERVICIO 2025]],$J$2:$V$14,6,0)*Tabla4[[#This Row],[TOTAL COBERTURA]] -> 756820 | AO24: =VLOOKUP(Tabla4[[#This Row],[SERVICIO 2025]],$J$2:$V$14,8,0)*Tabla4[[#This Row],[TOTAL COBERTURA]] -> 0 | AP24: =VLOOKUP(Tabla4[[#This Row],[SERVICIO 2025]],$J$2:$V$14,3,0)*Tabla4[[#This Row],[TOTAL COBERTURA]]*8 -> 28694400 | AR24: =Tabla4[[#This Row],[VALOR FASE PREPARATORIA DE ALISTAMIENTO]]+Tabla4[[#This Row],[VALOR FASE PREPARATORIA DE CIERRE]]+Tabla4[[#This Row],[DOTACIÓN ÚNICA]]+Tabla4[[#This Row],[VALOR ATENCIÓN]]+Tabla4[[#This Row],[VALOR RACION PREPARADA]] -> 30386100 | AS24: =+IF(Tabla4[[#This Row],[AGRUPACIONES]]=1,SUMIFS(Tabla4[VALOR TOTAL],Tabla4[ZONA DEFINITIVO],Tabla4[[#This Row],[ZONA DEFINITIVO]])," ") | AT24: =(VLOOKUP(Tabla4[[#This Row],[SERVICIO 2025]],$J$2:$V$14,3,0)*Tabla4[[#This Row],[TOTAL COBERTURA]])+Tabla4[[#This Row],[VALOR FASE PREPARATORIA DE ALISTAMIENTO]]+Tabla4[[#This Row],[DOTACIÓN ÚNICA]] -> 4521680 | AU24: =(VLOOKUP(Tabla4[[#This Row],[SERVICIO 2025]],$J$2:$V$14,3,0)*Tabla4[[#This Row],[TOTAL COBERTURA]]) -> 3586800 | AV24: =(VLOOKUP(Tabla4[[#This Row],[SERVICIO 2025]],$J$2:$V$14,3,0)*Tabla4[[#This Row],[TOTAL COBERTURA]]) -> 3586800 | AW24: =(VLOOKUP(Tabla4[[#This Row],[SERVICIO 2025]],$J$2:$V$14,3,0)*Tabla4[[#This Row],[TOTAL COBERTURA]]) -> 3586800 | AX24: =(VLOOKUP(Tabla4[[#This Row],[SERVICIO 2025]],$J$2:$V$14,3,0)*Tabla4[[#This Row],[TOTAL COBERTURA]]) -> 3586800 | AY24: =(VLOOKUP(Tabla4[[#This Row],[SERVICIO 2025]],$J$2:$V$14,3,0)*Tabla4[[#This Row],[TOTAL COBERTURA]]) -> 3586800 | AZ24: =(VLOOKUP(Tabla4[[#This Row],[SERVICIO 2025]],$J$2:$V$14,3,0)*Tabla4[[#This Row],[TOTAL COBERTURA]]) -> 3586800 | BA24: =(VLOOKUP(Tabla4[[#This Row],[SERVICIO 2025]],$J$2:$V$14,3,0)*Tabla4[[#This Row],[TOTAL COBERTURA]])+Tabla4[[#This Row],[VALOR FASE PREPARATORIA DE CIERRE]] -> 4343620 | BB24: =SUM(Tabla4[[#This Row],[DESEMBOLSO 1]:[DESEMBOLSO 8]]) -> 30386100 | BD24: CONTRATACIÓN ALIMENTOS - DPI | BE24: =EXACT(Tabla4[[#This Row],[VALOR ATENCIÓN (8 MESES)]],Tabla4[[#This Row],[VALOR TOTAL]]) -> TRUE | BF24: =Tabla4[[#This Row],[VALOR ATENCIÓN (8 MESES)]]-Tabla4[[#This Row],[VALOR TOTAL]] -> 0 | BG24: =EXACT(Tabla4[[#This Row],[TOTAL DESEMBOLSOS]],Tabla4[[#This Row],[VALOR ATENCIÓN (8 MESES)]]) -> TRUE | BH24: =Tabla4[[#This Row],[TOTAL DESEMBOLSOS]]-Tabla4[[#This Row],[VALOR ATENCIÓN (8 MESES)]] -> 0 | BI24: RADICADAS
A25: 1887 | B25: 05005422025 | C25: LOTE 2 | D25: CZ ABURRA NORTE | E25: COPACABANA | F25: EDUCACIÓN INICIAL EN EL HOGAR A SIN RACION - FAMILIAR Y COMUNITARIA | G25: PRESTAR LOS SERVICIOS DE EDUCACIÓN INICIAL EN EL MARCO DE LA ATENCIÓN INTEGRAL A LA PRIMERA INFANCIA DE CONFORMIDAD CON LOS MANUALES TÉCNICOS, GUÍAS OPERATIVAS PARA LA ATENCIÓN A LA PRIMERA INFANCIA Y LOS LINEAMIENTOS ESTABLECIDOS POR EL ICBF, EN ARMONÍA CON LA POLÍTICA DE ESTADO PARA EL DESARROLLO INTEGRAL DE LA PRIMERA INFANCIA DE “CERO A SIEMPRE | H25: CASETA COMUNAL LA MARIA | I25: 52121144566 | J25: C COMUNAL LA MARIA_COPACABANA | K25: 1 | L25: 15 | N25: 1887 | O25: ARTÍCULO 34 CONTRATACIÓN CON EL REGISTRO ÚNICO DE OFERENTES | R25: C-4602-1500-9-704020-4602020-02-161 | S25: 10 | T25: 900194362 | U25: CORPORACION ARCA | V25: =VLOOKUP(Tabla4[[#This Row],[ZONA DEFINITIVO]],Hoja1!$A$1:$D$121,3,0) -> 228985 | W25: =VLOOKUP(Tabla4[[#This Row],[ZONA DEFINITIVO]],Hoja1!$A$1:$D$121,2,0) -> 15146 | X25: =VLOOKUP(Tabla4[[#This Row],[ZONA DEFINITIVO]],Hoja1!$A$1:$D$121,4,0) -> 90725 | Y25: =+IF(Tabla4[[#This Row],[AGRUPACIONES]]=1,SUMIFS(Tabla4[UDS],Tabla4[ZONA DEFINITIVO],Tabla4[[#This Row],[ZONA DEFINITIVO]])," ") | Z25: =+IF(Tabla4[[#This Row],[AGRUPACIONES]]=1,SUMIFS(Tabla4[TOTAL COBERTURA],Tabla4[ZONA DEFINITIVO],Tabla4[[#This Row],[ZONA DEFINITIVO]])," ") | AB25: 22789575 | AC25: 0.02 | AD25: =AB25*AC25 -> 455791.5 | AF25: =COUNTIF($A$20:A25,A25) -> 6 | AG25: 22789575 | AH25: =Tabla4[[#This Row],[VALOR CONTRAPARTIDA]]+Tabla4[[#This Row],[TOTAL APORTES ICBF]] -> 23245366 | AM25: =VLOOKUP(Tabla4[[#This Row],[SERVICIO 2025]],$J$2:$V$14,5,0)*Tabla4[[#This Row],[TOTAL COBERTURA]] -> 701160 | AN25: =VLOOKUP(Tabla4[[#This Row],[SERVICIO 2025]],$J$2:$V$14,6,0)*Tabla4[[#This Row],[TOTAL COBERTURA]] -> 567615 | AO25: =VLOOKUP(Tabla4[[#This Row],[SERVICIO 2025]],$J$2:$V$14,8,0)*Tabla4[[#This Row],[TOTAL COBERTURA]] -> 0 | AP25: =VLOOKUP(Tabla4[[#This Row],[SERVICIO 2025]],$J$2:$V$14,3,0)*Tabla4[[#This Row],[TOTAL COBERTURA]]*8 -> 21520800 | AR25: =Tabla4[[#This Row],[VALOR FASE PREPARATORIA DE ALISTAMIENTO]]+Tabla4[[#This Row],[VALOR FASE PREPARATORIA DE CIERRE]]+Tabla4[[#This Row],[DOTACIÓN ÚNICA]]+Tabla4[[#This Row],[VALOR ATENCIÓN]]+Tabla4[[#This Row],[VALOR RACION PREPARADA]] -> 22789575 | AS25: =+IF(Tabla4[[#This Row],[AGRUPACIONES]]=1,SUMIFS(Tabla4[VALOR TOTAL],Tabla4[ZONA DEFINITIVO],Tabla4[[#This Row],[ZONA DEFINITIVO]])," ") | AT25: =(VLOOKUP(Tabla4[[#This Row],[SERVICIO 2025]],$J$2:$V$14,3,0)*Tabla4[[#This Row],[TOTAL COBERTURA]])+Tabla4[[#This Row],[VALOR FASE PREPARATORIA DE ALISTAMIENTO]]+Tabla4[[#This Row],[DOTACIÓN ÚNICA]] -> 3391260 | AU25: =(VLOOKUP(Tabla4[[#This Row],[SERVICIO 2025]],$J$2:$V$14,3,0)*Tabla4[[#This Row],[TOTAL COBERTURA]]) -> 2690100 | AV25: =(VLOOKUP(Tabla4[[#This Row],[SERVICIO 2025]],$J$2:$V$14,3,0)*Tabla4[[#This Row],[TOTAL COBERTURA]]) -> 2690100 | AW25: =(VLOOKUP(Tabla4[[#This Row],[SERVICIO 2025]],$J$2:$V$14,3,0)*Tabla4[[#This Row],[TOTAL COBERTURA]]) -> 2690100 | AX25: =(VLOOKUP(Tabla4[[#This Row],[SERVICIO 2025]],$J$2:$V$14,3,0)*Tabla4[[#This Row],[TOTAL COBERTURA]]) -> 2690100 | AY25: =(VLOOKUP(Tabla4[[#This Row],[SERVICIO 2025]],$J$2:$V$14,3,0)*Tabla4[[#This Row],[TOTAL COBERTURA]]) -> 2690100 | AZ25: =(VLOOKUP(Tabla4[[#This Row],[SERVICIO 2025]],$J$2:$V$14,3,0)*Tabla4[[#This Row],[TOTAL COBERTURA]]) -> 2690100 | BA25: =(VLOOKUP(Tabla4[[#This Row],[SERVICIO 2025]],$J$2:$V$14,3,0)*Tabla4[[#This Row],[TOTAL COBERTURA]])+Tabla4[[#This Row],[VALOR FASE PREPARATORIA DE CIERRE]] -> 3257715 | BB25: =SUM(Tabla4[[#This Row],[DESEMBOLSO 1]:[DESEMBOLSO 8]]) -> 22789575 | BD25: CONTRATACIÓN ALIMENTOS - DPI | BE25: =EXACT(Tabla4[[#This Row],[VALOR ATENCIÓN (8 MESES)]],Tabla4[[#This Row],[VALOR TOTAL]]) -> TRUE | BF25: =Tabla4[[#This Row],[VALOR ATENCIÓN (8 MESES)]]-Tabla4[[#This Row],[VALOR TOTAL]] -> 0 | BG25: =EXACT(Tabla4[[#This Row],[TOTAL DESEMBOLSOS]],Tabla4[[#This Row],[VALOR ATENCIÓN (8 MESES)]]) -> TRUE | BH25: =Tabla4[[#This Row],[TOTAL DESEMBOLSOS]]-Tabla4[[#This Row],[VALOR ATENCIÓN (8 MESES)]] -> 0 | BI25: RADICADAS
A26: 1887 | B26: 05005422025 | C26: LOTE 2 | D26: CZ ABURRA NORTE | E26: COPACABANA | F26: EDUCACIÓN INICIAL EN EL HOGAR A SIN RACION - FAMILIAR Y COMUNITARIA | G26: PRESTAR LOS SERVICIOS DE EDUCACIÓN INICIAL EN EL MARCO DE LA ATENCIÓN INTEGRAL A LA PRIMERA INFANCIA DE CONFORMIDAD CON LOS MANUALES TÉCNICOS, GUÍAS OPERATIVAS PARA LA ATENCIÓN A LA PRIMERA INFANCIA Y LOS LINEAMIENTOS ESTABLECIDOS POR EL ICBF, EN ARMONÍA CON LA POLÍTICA DE ESTADO PARA EL DESARROLLO INTEGRAL DE LA PRIMERA INFANCIA DE “CERO A SIEMPRE | H26: ESCUELA RURAL JOAQUIN JIMENEZ EL LLANO | I26: 52121144569 | J26: CER JOAQUIN JIMENEZ EL LLANO | K26: 1 | L26: 15 | N26: 1887 | O26: ARTÍCULO 34 CONTRATACIÓN CON EL REGISTRO ÚNICO DE OFERENTES | R26: C-4602-1500-9-704020-4602020-02-161 | S26: 10 | T26: 900194362 | U26: CORPORACION ARCA | V26: =VLOOKUP(Tabla4[[#This Row],[ZONA DEFINITIVO]],Hoja1!$A$1:$D$121,3,0) -> 228985 | W26: =VLOOKUP(Tabla4[[#This Row],[ZONA DEFINITIVO]],Hoja1!$A$1:$D$121,2,0) -> 15146 | X26: =VLOOKUP(Tabla4[[#This Row],[ZONA DEFINITIVO]],Hoja1!$A$1:$D$121,4,0) -> 90725 | Y26: =+IF(Tabla4[[#This Row],[AGRUPACIONES]]=1,SUMIFS(Tabla4[UDS],Tabla4[ZONA DEFINITIVO],Tabla4[[#This Row],[ZONA DEFINITIVO]])," ") | Z26: =+IF(Tabla4[[#This Row],[AGRUPACIONES]]=1,SUMIFS(Tabla4[TOTAL COBERTURA],Tabla4[ZONA DEFINITIVO],Tabla4[[#This Row],[ZONA DEFINITIVO]])," ") | AB26: 22789575 | AC26: 0.02 | AD26: =AB26*AC26 -> 455791.5 | AF26: =COUNTIF($A$20:A26,A26) -> 7 | AG26: 22789575 | AH26: =Tabla4[[#This Row],[VALOR CONTRAPARTIDA]]+Tabla4[[#This Row],[TOTAL APORTES ICBF]] -> 23245366 | AM26: =VLOOKUP(Tabla4[[#This Row],[SERVICIO 2025]],$J$2:$V$14,5,0)*Tabla4[[#This Row],[TOTAL COBERTURA]] -> 701160 | AN26: =VLOOKUP(Tabla4[[#This Row],[SERVICIO 2025]],$J$2:$V$14,6,0)*Tabla4[[#This Row],[TOTAL COBERTURA]] -> 567615 | AO26: =VLOOKUP(Tabla4[[#This Row],[SERVICIO 2025]],$J$2:$V$14,8,0)*Tabla4[[#This Row],[TOTAL COBERTURA]] -> 0 | AP26: =VLOOKUP(Tabla4[[#This Row],[SERVICIO 2025]],$J$2:$V$14,3,0)*Tabla4[[#This Row],[TOTAL COBERTURA]]*8 -> 21520800 | AR26: =Tabla4[[#This Row],[VALOR FASE PREPARATORIA DE ALISTAMIENTO]]+Tabla4[[#This Row],[VALOR FASE PREPARATORIA DE CIERRE]]+Tabla4[[#This Row],[DOTACIÓN ÚNICA]]+Tabla4[[#This Row],[VALOR ATENCIÓN]]+Tabla4[[#This Row],[VALOR RACION PREPARADA]] -> 22789575 | AS26: =+IF(Tabla4[[#This Row],[AGRUPACIONES]]=1,SUMIFS(Tabla4[VALOR TOTAL],Tabla4[ZONA DEFINITIVO],Tabla4[[#This Row],[ZONA DEFINITIVO]])," ") | AT26: =(VLOOKUP(Tabla4[[#This Row],[SERVICIO 2025]],$J$2:$V$14,3,0)*Tabla4[[#This Row],[TOTAL COBERTURA]])+Tabla4[[#This Row],[VALOR FASE PREPARATORIA DE ALISTAMIENTO]]+Tabla4[[#This Row],[DOTACIÓN ÚNICA]] -> 3391260 | AU26: =(VLOOKUP(Tabla4[[#This Row],[SERVICIO 2025]],$J$2:$V$14,3,0)*Tabla4[[#This Row],[TOTAL COBERTURA]]) -> 2690100 | AV26: =(VLOOKUP(Tabla4[[#This Row],[SERVICIO 2025]],$J$2:$V$14,3,0)*Tabla4[[#This Row],[TOTAL COBERTURA]]) -> 2690100 | AW26: =(VLOOKUP(Tabla4[[#This Row],[SERVICIO 2025]],$J$2:$V$14,3,0)*Tabla4[[#This Row],[TOTAL COBERTURA]]) -> 2690100 | AX26: =(VLOOKUP(Tabla4[[#This Row],[SERVICIO 2025]],$J$2:$V$14,3,0)*Tabla4[[#This Row],[TOTAL COBERTURA]]) -> 2690100 | AY26: =(VLOOKUP(Tabla4[[#This Row],[SERVICIO 2025]],$J$2:$V$14,3,0)*Tabla4[[#This Row],[TOTAL COBERTURA]]) -> 2690100 | AZ26: =(VLOOKUP(Tabla4[[#This Row],[SERVICIO 2025]],$J$2:$V$14,3,0)*Tabla4[[#This Row],[TOTAL COBERTURA]]) -> 2690100 | BA26: =(VLOOKUP(Tabla4[[#This Row],[SERVICIO 2025]],$J$2:$V$14,3,0)*Tabla4[[#This Row],[TOTAL COBERTURA]])+Tabla4[[#This Row],[VALOR FASE PREPARATORIA DE CIERRE]] -> 3257715 | BB26: =SUM(Tabla4[[#This Row],[DESEMBOLSO 1]:[DESEMBOLSO 8]]) -> 22789575 | BD26: CONTRATACIÓN ALIMENTOS - DPI | BE26: =EXACT(Tabla4[[#This Row],[VALOR ATENCIÓN (8 MESES)]],Tabla4[[#This Row],[VALOR TOTAL]]) -> TRUE | BF26: =Tabla4[[#This Row],[VALOR ATENCIÓN (8 MESES)]]-Tabla4[[#This Row],[VALOR TOTAL]] -> 0 | BG26: =EXACT(Tabla4[[#This Row],[TOTAL DESEMBOLSOS]],Tabla4[[#This Row],[VALOR ATENCIÓN (8 MESES)]]) -> TRUE | BH26: =Tabla4[[#This Row],[TOTAL DESEMBOLSOS]]-Tabla4[[#This Row],[VALOR ATENCIÓN (8 MESES)]] -> 0 | BI26: RADICADAS
A27: 1887 | B27: 05005422025 | C27: LOTE 2 | D27: CZ ABURRA NORTE | E27: COPACABANA | F27: EDUCACIÓN INICIAL EN EL HOGAR A SIN RACION - FAMILIAR Y COMUNITARIA | G27: PRESTAR LOS SERVICIOS DE EDUCACIÓN INICIAL EN EL MARCO DE LA ATENCIÓN INTEGRAL A LA PRIMERA INFANCIA DE CONFORMIDAD CON LOS MANUALES TÉCNICOS, GUÍAS OPERATIVAS PARA LA ATENCIÓN A LA PRIMERA INFANCIA Y LOS LINEAMIENTOS ESTABLECIDOS POR EL ICBF, EN ARMONÍA CON LA POLÍTICA DE ESTADO PARA EL DESARROLLO INTEGRAL DE LA PRIMERA INFANCIA DE “CERO A SIEMPRE | H27: VEREDA EL NORAL | I27: 52121148719 | J27: TIENDA LA SUBIDITA EL NORAL | K27: 1 | L27: 20 | N27: 1887 | O27: ARTÍCULO 34 CONTRATACIÓN CON EL REGISTRO ÚNICO DE OFERENTES | R27: C-4602-1500-9-704020-4602020-02-161 | S27: 10 | T27: 900194362 | U27: CORPORACION ARCA | V27: =VLOOKUP(Tabla4[[#This Row],[ZONA DEFINITIVO]],Hoja1!$A$1:$D$121,3,0) -> 228985 | W27: =VLOOKUP(Tabla4[[#This Row],[ZONA DEFINITIVO]],Hoja1!$A$1:$D$121,2,0) -> 15146 | X27: =VLOOKUP(Tabla4[[#This Row],[ZONA DEFINITIVO]],Hoja1!$A$1:$D$121,4,0) -> 90725 | Y27: =+IF(Tabla4[[#This Row],[AGRUPACIONES]]=1,SUMIFS(Tabla4[UDS],Tabla4[ZONA DEFINITIVO],Tabla4[[#This Row],[ZONA DEFINITIVO]])," ") | Z27: =+IF(Tabla4[[#This Row],[AGRUPACIONES]]=1,SUMIFS(Tabla4[TOTAL COBERTURA],Tabla4[ZONA DEFINITIVO],Tabla4[[#This Row],[ZONA DEFINITIVO]])," ") | AB27: 30386100 | AC27: 0.02 | AD27: =AB27*AC27 -> 607722 | AF27: =COUNTIF($A$20:A27,A27) -> 8 | AG27: 30386100 | AH27: =Tabla4[[#This Row],[VALOR CONTRAPARTIDA]]+Tabla4[[#This Row],[TOTAL APORTES ICBF]] -> 30993822 | AM27: =VLOOKUP(Tabla4[[#This Row],[SERVICIO 2025]],$J$2:$V$14,5,0)*Tabla4[[#This Row],[TOTAL COBERTURA]] -> 934880 | AN27: =VLOOKUP(Tabla4[[#This Row],[SERVICIO 2025]],$J$2:$V$14,6,0)*Tabla4[[#This Row],[TOTAL COBERTURA]] -> 756820 | AO27: =VLOOKUP(Tabla4[[#This Row],[SERVICIO 2025]],$J$2:$V$14,8,0)*Tabla4[[#This Row],[TOTAL COBERTURA]] -> 0 | AP27: =VLOOKUP(Tabla4[[#This Row],[SERVICIO 2025]],$J$2:$V$14,3,0)*Tabla4[[#This Row],[TOTAL COBERTURA]]*8 -> 28694400 | AR27: =Tabla4[[#This Row],[VALOR FASE PREPARATORIA DE ALISTAMIENTO]]+Tabla4[[#This Row],[VALOR FASE PREPARATORIA DE CIERRE]]+Tabla4[[#This Row],[DOTACIÓN ÚNICA]]+Tabla4[[#This Row],[VALOR ATENCIÓN]]+Tabla4[[#This Row],[VALOR RACION PREPARADA]] -> 30386100 | AS27: =+IF(Tabla4[[#This Row],[AGRUPACIONES]]=1,SUMIFS(Tabla4[VALOR TOTAL],Tabla4[ZONA DEFINITIVO],Tabla4[[#This Row],[ZONA DEFINITIVO]])," ") | AT27: =(VLOOKUP(Tabla4[[#This Row],[SERVICIO 2025]],$J$2:$V$14,3,0)*Tabla4[[#This Row],[TOTAL COBERTURA]])+Tabla4[[#This Row],[VALOR FASE PREPARATORIA DE ALISTAMIENTO]]+Tabla4[[#This Row],[DOTACIÓN ÚNICA]] -> 4521680 | AU27: =(VLOOKUP(Tabla4[[#This Row],[SERVICIO 2025]],$J$2:$V$14,3,0)*Tabla4[[#This Row],[TOTAL COBERTURA]]) -> 3586800 | AV27: =(VLOOKUP(Tabla4[[#This Row],[SERVICIO 2025]],$J$2:$V$14,3,0)*Tabla4[[#This Row],[TOTAL COBERTURA]]) -> 3586800 | AW27: =(VLOOKUP(Tabla4[[#This Row],[SERVICIO 2025]],$J$2:$V$14,3,0)*Tabla4[[#This Row],[TOTAL COBERTURA]]) -> 3586800 | AX27: =(VLOOKUP(Tabla4[[#This Row],[SERVICIO 2025]],$J$2:$V$14,3,0)*Tabla4[[#This Row],[TOTAL COBERTURA]]) -> 3586800 | AY27: =(VLOOKUP(Tabla4[[#This Row],[SERVICIO 2025]],$J$2:$V$14,3,0)*Tabla4[[#This Row],[TOTAL COBERTURA]]) -> 3586800 | AZ27: =(VLOOKUP(Tabla4[[#This Row],[SERVICIO 2025]],$J$2:$V$14,3,0)*Tabla4[[#This Row],[TOTAL COBERTURA]]) -> 3586800 | BA27: =(VLOOKUP(Tabla4[[#This Row],[SERVICIO 2025]],$J$2:$V$14,3,0)*Tabla4[[#This Row],[TOTAL COBERTURA]])+Tabla4[[#This Row],[VALOR FASE PREPARATORIA DE CIERRE]] -> 4343620 | BB27: =SUM(Tabla4[[#This Row],[DESEMBOLSO 1]:[DESEMBOLSO 8]]) -> 30386100 | BD27: CONTRATACIÓN ALIMENTOS - DPI | BE27: =EXACT(Tabla4[[#This Row],[VALOR ATENCIÓN (8 MESES)]],Tabla4[[#This Row],[VALOR TOTAL]]) -> TRUE | BF27: =Tabla4[[#This Row],[VALOR ATENCIÓN (8 MESES)]]-Tabla4[[#This Row],[VALOR TOTAL]] -> 0 | BG27: =EXACT(Tabla4[[#This Row],[TOTAL DESEMBOLSOS]],Tabla4[[#This Row],[VALOR ATENCIÓN (8 MESES)]]) -> TRUE | BH27: =Tabla4[[#This Row],[TOTAL DESEMBOLSOS]]-Tabla4[[#This Row],[VALOR ATENCIÓN (8 MESES)]] -> 0 | BI27: RADICADAS
A28: 1887 | B28: 05005422025 | C28: LOTE 2 | D28: CZ ABURRA NORTE | E28: COPACABANA | F28: EDUCACIÓN INICIAL EN EL HOGAR A SIN RACION - FAMILIAR Y COMUNITARIA | G28: PRESTAR LOS SERVICIOS DE EDUCACIÓN INICIAL EN EL MARCO DE LA ATENCIÓN INTEGRAL A LA PRIMERA INFANCIA DE CONFORMIDAD CON LOS MANUALES TÉCNICOS, GUÍAS OPERATIVAS PARA LA ATENCIÓN A LA PRIMERA INFANCIA Y LOS LINEAMIENTOS ESTABLECIDOS POR EL ICBF, EN ARMONÍA CON LA POLÍTICA DE ESTADO PARA EL DESARROLLO INTEGRAL DE LA PRIMERA INFANCIA DE “CERO A SIEMPRE | H28: CL 49 N 26 130 | I28: 52121148724 | J28: JAC CASA AMBIENTAL COMUNITARIA Y SOCIAL | K28: 1 | L28: 16 | N28: 1887 | O28: ARTÍCULO 34 CONTRATACIÓN CON EL REGISTRO ÚNICO DE OFERENTES | R28: C-4602-1500-9-704020-4602020-02-161 | S28: 10 | T28: 900194362 | U28: CORPORACION ARCA | V28: =VLOOKUP(Tabla4[[#This Row],[ZONA DEFINITIVO]],Hoja1!$A$1:$D$121,3,0) -> 228985 | W28: =VLOOKUP(Tabla4[[#This Row],[ZONA DEFINITIVO]],Hoja1!$A$1:$D$121,2,0) -> 15146 | X28: =VLOOKUP(Tabla4[[#This Row],[ZONA DEFINITIVO]],Hoja1!$A$1:$D$121,4,0) -> 90725 | Y28: =+IF(Tabla4[[#This Row],[AGRUPACIONES]]=1,SUMIFS(Tabla4[UDS],Tabla4[ZONA DEFINITIVO],Tabla4[[#This Row],[ZONA DEFINITIVO]])," ") | Z28: =+IF(Tabla4[[#This Row],[AGRUPACIONES]]=1,SUMIFS(Tabla4[TOTAL COBERTURA],Tabla4[ZONA DEFINITIVO],Tabla4[[#This Row],[ZONA DEFINITIVO]])," ") | AB28: 24308880 | AC28: 0.02 | AD28: =AB28*AC28 -> 486177.6 | AF28: =COUNTIF($A$20:A28,A28) -> 9 | AG28: 24308880 | AH28: =Tabla4[[#This Row],[VALOR CONTRAPARTIDA]]+Tabla4[[#This Row],[TOTAL APORTES ICBF]] -> 24795058 | AM28: =VLOOKUP(Tabla4[[#This Row],[SERVICIO 2025]],$J$2:$V$14,5,0)*Tabla4[[#This Row],[TOTAL COBERTURA]] -> 747904 | AN28: =VLOOKUP(Tabla4[[#This Row],[SERVICIO 2025]],$J$2:$V$14,6,0)*Tabla4[[#This Row],[TOTAL COBERTURA]] -> 605456 | AO28: =VLOOKUP(Tabla4[[#This Row],[SERVICIO 2025]],$J$2:$V$14,8,0)*Tabla4[[#This Row],[TOTAL COBERTURA]] -> 0 | AP28: =VLOOKUP(Tabla4[[#This Row],[SERVICIO 2025]],$J$2:$V$14,3,0)*Tabla4[[#This Row],[TOTAL COBERTURA]]*8 -> 22955520 | AR28: =Tabla4[[#This Row],[VALOR FASE PREPARATORIA DE ALISTAMIENTO]]+Tabla4[[#This Row],[VALOR FASE PREPARATORIA DE CIERRE]]+Tabla4[[#This Row],[DOTACIÓN ÚNICA]]+Tabla4[[#This Row],[VALOR ATENCIÓN]]+Tabla4[[#This Row],[VALOR RACION PREPARADA]] -> 24308880 | AS28: =+IF(Tabla4[[#This Row],[AGRUPACIONES]]=1,SUMIFS(Tabla4[VALOR TOTAL],Tabla4[ZONA DEFINITIVO],Tabla4[[#This Row],[ZONA DEFINITIVO]])," ") | AT28: =(VLOOKUP(Tabla4[[#This Row],[SERVICIO 2025]],$J$2:$V$14,3,0)*Tabla4[[#This Row],[TOTAL COBERTURA]])+Tabla4[[#This Row],[VALOR FASE PREPARATORIA DE ALISTAMIENTO]]+Tabla4[[#This Row],[DOTACIÓN ÚNICA]] -> 3617344 | AU28: =(VLOOKUP(Tabla4[[#This Row],[SERVICIO 2025]],$J$2:$V$14,3,0)*Tabla4[[#This Row],[TOTAL COBERTURA]]) -> 2869440 | AV28: =(VLOOKUP(Tabla4[[#This Row],[SERVICIO 2025]],$J$2:$V$14,3,0)*Tabla4[[#This Row],[TOTAL COBERTURA]]) -> 2869440 | AW28: =(VLOOKUP(Tabla4[[#This Row],[SERVICIO 2025]],$J$2:$V$14,3,0)*Tabla4[[#This Row],[TOTAL COBERTURA]]) -> 2869440 | AX28: =(VLOOKUP(Tabla4[[#This Row],[SERVICIO 2025]],$J$2:$V$14,3,0)*Tabla4[[#This Row],[TOTAL COBERTURA]]) -> 2869440 | AY28: =(VLOOKUP(Tabla4[[#This Row],[SERVICIO 2025]],$J$2:$V$14,3,0)*Tabla4[[#This Row],[TOTAL COBERTURA]]) -> 2869440 | AZ28: =(VLOOKUP(Tabla4[[#This Row],[SERVICIO 2025]],$J$2:$V$14,3,0)*Tabla4[[#This Row],[TOTAL COBERTURA]]) -> 2869440 | BA28: =(VLOOKUP(Tabla4[[#This Row],[SERVICIO 2025]],$J$2:$V$14,3,0)*Tabla4[[#This Row],[TOTAL COBERTURA]])+Tabla4[[#This Row],[VALOR FASE PREPARATORIA DE CIERRE]] -> 3474896 | BB28: =SUM(Tabla4[[#This Row],[DESEMBOLSO 1]:[DESEMBOLSO 8]]) -> 24308880 | BD28: CONTRATACIÓN ALIMENTOS - DPI | BE28: =EXACT(Tabla4[[#This Row],[VALOR ATENCIÓN (8 MESES)]],Tabla4[[#This Row],[VALOR TOTAL]]) -> TRUE | BF28: =Tabla4[[#This Row],[VALOR ATENCIÓN (8 MESES)]]-Tabla4[[#This Row],[VALOR TOTAL]] -> 0 | BG28: =EXACT(Tabla4[[#This Row],[TOTAL DESEMBOLSOS]],Tabla4[[#This Row],[VALOR ATENCIÓN (8 MESES)]]) -> TRUE | BH28: =Tabla4[[#This Row],[TOTAL DESEMBOLSOS]]-Tabla4[[#This Row],[VALOR ATENCIÓN (8 MESES)]] -> 0 | BI28: RADICADAS
A29: 1887 | B29: 05005422025 | C29: LOTE 2 | D29: CZ ABURRA NORTE | E29: COPACABANA | F29: EDUCACIÓN INICIAL EN EL HOGAR A SIN RACION - FAMILIAR Y COMUNITARIA | G29: PRESTAR LOS SERVICIOS DE EDUCACIÓN INICIAL EN EL MARCO DE LA ATENCIÓN INTEGRAL A LA PRIMERA INFANCIA DE CONFORMIDAD CON LOS MANUALES TÉCNICOS, GUÍAS OPERATIVAS PARA LA ATENCIÓN A LA PRIMERA INFANCIA Y LOS LINEAMIENTOS ESTABLECIDOS POR EL ICBF, EN ARMONÍA CON LA POLÍTICA DE ESTADO PARA EL DESARROLLO INTEGRAL DE LA PRIMERA INFANCIA DE “CERO A SIEMPRE | H29: KR 57 47 26 HORIZONTES | I29: 52121152081 | J29: JAC HORIZONTES | K29: 1 | L29: 113 | N29: 1887 | O29: ARTÍCULO 34 CONTRATACIÓN CON EL REGISTRO ÚNICO DE OFERENTES | R29: C-4602-1500-9-704020-4602020-02-161 | S29: 10 | T29: 900194362 | U29: CORPORACION ARCA | V29: =VLOOKUP(Tabla4[[#This Row],[ZONA DEFINITIVO]],Hoja1!$A$1:$D$121,3,0) -> 228985 | W29: =VLOOKUP(Tabla4[[#This Row],[ZONA DEFINITIVO]],Hoja1!$A$1:$D$121,2,0) -> 15146 | X29: =VLOOKUP(Tabla4[[#This Row],[ZONA DEFINITIVO]],Hoja1!$A$1:$D$121,4,0) -> 90725 | Y29: =+IF(Tabla4[[#This Row],[AGRUPACIONES]]=1,SUMIFS(Tabla4[UDS],Tabla4[ZONA DEFINITIVO],Tabla4[[#This Row],[ZONA DEFINITIVO]])," ") | Z29: =+IF(Tabla4[[#This Row],[AGRUPACIONES]]=1,SUMIFS(Tabla4[TOTAL COBERTURA],Tabla4[ZONA DEFINITIVO],Tabla4[[#This Row],[ZONA DEFINITIVO]])," ") | AB29: 171681465 | AC29: 0.02 | AD29: =AB29*AC29 -> 3433629.3 | AF29: =COUNTIF($A$20:A29,A29) -> 10 | AG29: 171681465 | AH29: =Tabla4[[#This Row],[VALOR CONTRAPARTIDA]]+Tabla4[[#This Row],[TOTAL APORTES ICBF]] -> 1.7511509e+08 | AM29: =VLOOKUP(Tabla4[[#This Row],[SERVICIO 2025]],$J$2:$V$14,5,0)*Tabla4[[#This Row],[TOTAL COBERTURA]] -> 5282072 | AN29: =VLOOKUP(Tabla4[[#This Row],[SERVICIO 2025]],$J$2:$V$14,6,0)*Tabla4[[#This Row],[TOTAL COBERTURA]] -> 4276033 | AO29: =VLOOKUP(Tabla4[[#This Row],[SERVICIO 2025]],$J$2:$V$14,8,0)*Tabla4[[#This Row],[TOTAL COBERTURA]] -> 0 | AP29: =VLOOKUP(Tabla4[[#This Row],[SERVICIO 2025]],$J$2:$V$14,3,0)*Tabla4[[#This Row],[TOTAL COBERTURA]]*8 -> 162123360 | AR29: =Tabla4[[#This Row],[VALOR FASE PREPARATORIA DE ALISTAMIENTO]]+Tabla4[[#This Row],[VALOR FASE PREPARATORIA DE CIERRE]]+Tabla4[[#This Row],[DOTACIÓN ÚNICA]]+Tabla4[[#This Row],[VALOR ATENCIÓN]]+Tabla4[[#This Row],[VALOR RACION PREPARADA]] -> 171681465 | AS29: =+IF(Tabla4[[#This Row],[AGRUPACIONES]]=1,SUMIFS(Tabla4[VALOR TOTAL],Tabla4[ZONA DEFINITIVO],Tabla4[[#This Row],[ZONA DEFINITIVO]])," ") | AT29: =(VLOOKUP(Tabla4[[#This Row],[SERVICIO 2025]],$J$2:$V$14,3,0)*Tabla4[[#This Row],[TOTAL COBERTURA]])+Tabla4[[#This Row],[VALOR FASE PREPARATORIA DE ALISTAMIENTO]]+Tabla4[[#This Row],[DOTACIÓN ÚNICA]] -> 25547492 | AU29: =(VLOOKUP(Tabla4[[#This Row],[SERVICIO 2025]],$J$2:$V$14,3,0)*Tabla4[[#This Row],[TOTAL COBERTURA]]) -> 20265420 | AV29: =(VLOOKUP(Tabla4[[#This Row],[SERVICIO 2025]],$J$2:$V$14,3,0)*Tabla4[[#This Row],[TOTAL COBERTURA]]) -> 20265420 | AW29: =(VLOOKUP(Tabla4[[#This Row],[SERVICIO 2025]],$J$2:$V$14,3,0)*Tabla4[[#This Row],[TOTAL COBERTURA]]) -> 20265420 | AX29: =(VLOOKUP(Tabla4[[#This Row],[SERVICIO 2025]],$J$2:$V$14,3,0)*Tabla4[[#This Row],[TOTAL COBERTURA]]) -> 20265420 | AY29: =(VLOOKUP(Tabla4[[#This Row],[SERVICIO 2025]],$J$2:$V$14,3,0)*Tabla4[[#This Row],[TOTAL COBERTURA]]) -> 20265420 | AZ29: =(VLOOKUP(Tabla4[[#This Row],[SERVICIO 2025]],$J$2:$V$14,3,0)*Tabla4[[#This Row],[TOTAL COBERTURA]]) -> 20265420 | BA29: =(VLOOKUP(Tabla4[[#This Row],[SERVICIO 2025]],$J$2:$V$14,3,0)*Tabla4[[#This Row],[TOTAL COBERTURA]])+Tabla4[[#This Row],[VALOR FASE PREPARATORIA DE CIERRE]] -> 24541453 | BB29: =SUM(Tabla4[[#This Row],[DESEMBOLSO 1]:[DESEMBOLSO 8]]) -> 171681465 | BD29: CONTRATACIÓN ALIMENTOS - DPI | BE29: =EXACT(Tabla4[[#This Row],[VALOR ATENCIÓN (8 MESES)]],Tabla4[[#This Row],[VALOR TOTAL]]) -> TRUE | BF29: =Tabla4[[#This Row],[VALOR ATENCIÓN (8 MESES)]]-Tabla4[[#This Row],[VALOR TOTAL]] -> 0 | BG29: =EXACT(Tabla4[[#This Row],[TOTAL DESEMBOLSOS]],Tabla4[[#This Row],[VALOR ATENCIÓN (8 MESES)]]) -> TRUE | BH29: =Tabla4[[#This Row],[TOTAL DESEMBOLSOS]]-Tabla4[[#This Row],[VALOR ATENCIÓN (8 MESES)]] -> 0 | BI29: RADICADAS
A30: 1887 | B30: 05005422025 | C30: LOTE 2 | D30: CZ ABURRA NORTE | E30: COPACABANA | F30: EDUCACIÓN INICIAL EN EL HOGAR A SIN RACION - FAMILIAR Y COMUNITARIA | G30: PRESTAR LOS SERVICIOS DE EDUCACIÓN INICIAL EN EL MARCO DE LA ATENCIÓN INTEGRAL A LA PRIMERA INFANCIA DE CONFORMIDAD CON LOS MANUALES TÉCNICOS, GUÍAS OPERATIVAS PARA LA ATENCIÓN A LA PRIMERA INFANCIA Y LOS LINEAMIENTOS ESTABLECIDOS POR EL ICBF, EN ARMONÍA CON LA POLÍTICA DE ESTADO PARA EL DESARROLLO INTEGRAL DE LA PRIMERA INFANCIA DE “CERO A SIEMPRE | H30: A MANO DERECHA DE LA CHOZCA | I30: 52121152146 | J30: JAC ZARZAL LA LUZ | K30: 1 | L30: 14 | N30: 1887 | O30: ARTÍCULO 34 CONTRATACIÓN CON EL REGISTRO ÚNICO DE OFERENTES | R30: C-4602-1500-9-704020-4602020-02-161 | S30: 10 | T30: 900194362 | U30: CORPORACION ARCA | V30: =VLOOKUP(Tabla4[[#This Row],[ZONA DEFINITIVO]],Hoja1!$A$1:$D$121,3,0) -> 228985 | W30: =VLOOKUP(Tabla4[[#This Row],[ZONA DEFINITIVO]],Hoja1!$A$1:$D$121,2,0) -> 15146 | X30: =VLOOKUP(Tabla4[[#This Row],[ZONA DEFINITIVO]],Hoja1!$A$1:$D$121,4,0) -> 90725 | Y30: =+IF(Tabla4[[#This Row],[AGRUPACIONES]]=1,SUMIFS(Tabla4[UDS],Tabla4[ZONA DEFINITIVO],Tabla4[[#This Row],[ZONA DEFINITIVO]])," ") | Z30: =+IF(Tabla4[[#This Row],[AGRUPACIONES]]=1,SUMIFS(Tabla4[TOTAL COBERTURA],Tabla4[ZONA DEFINITIVO],Tabla4[[#This Row],[ZONA DEFINITIVO]])," ") | AB30: 21270270 | AC30: 0.02 | AD30: =AB30*AC30 -> 425405.4 | AF30: =COUNTIF($A$20:A30,A30) -> 11 | AG30: 21270270 | AH30: =Tabla4[[#This Row],[VALOR CONTRAPARTIDA]]+Tabla4[[#This Row],[TOTAL APORTES ICBF]] -> 21695675 | AM30: =VLOOKUP(Tabla4[[#This Row],[SERVICIO 2025]],$J$2:$V$14,5,0)*Tabla4[[#This Row],[TOTAL COBERTURA]] -> 654416 | AN30: =VLOOKUP(Tabla4[[#This Row],[SERVICIO 2025]],$J$2:$V$14,6,0)*Tabla4[[#This Row],[TOTAL COBERTURA]] -> 529774 | AO30: =VLOOKUP(Tabla4[[#This Row],[SERVICIO 2025]],$J$2:$V$14,8,0)*Tabla4[[#This Row],[TOTAL COBERTURA]] -> 0 | AP30: =VLOOKUP(Tabla4[[#This Row],[SERVICIO 2025]],$J$2:$V$14,3,0)*Tabla4[[#This Row],[TOTAL COBERTURA]]*8 -> 20086080 | AR30: =Tabla4[[#This Row],[VALOR FASE PREPARATORIA DE ALISTAMIENTO]]+Tabla4[[#This Row],[VALOR FASE PREPARATORIA DE CIERRE]]+Tabla4[[#This Row],[DOTACIÓN ÚNICA]]+Tabla4[[#This Row],[VALOR ATENCIÓN]]+Tabla4[[#This Row],[VALOR RACION PREPARADA]] -> 21270270 | AS30: =+IF(Tabla4[[#This Row],[AGRUPACIONES]]=1,SUMIFS(Tabla4[VALOR TOTAL],Tabla4[ZONA DEFINITIVO],Tabla4[[#This Row],[ZONA DEFINITIVO]])," ") | AT30: =(VLOOKUP(Tabla4[[#This Row],[SERVICIO 2025]],$J$2:$V$14,3,0)*Tabla4[[#This Row],[TOTAL COBERTURA]])+Tabla4[[#This Row],[VALOR FASE PREPARATORIA DE ALISTAMIENTO]]+Tabla4[[#This Row],[DOTACIÓN ÚNICA]] -> 3165176 | AU30: =(VLOOKUP(Tabla4[[#This Row],[SERVICIO 2025]],$J$2:$V$14,3,0)*Tabla4[[#This Row],[TOTAL COBERTURA]]) -> 2510760 | AV30: =(VLOOKUP(Tabla4[[#This Row],[SERVICIO 2025]],$J$2:$V$14,3,0)*Tabla4[[#This Row],[TOTAL COBERTURA]]) -> 2510760 | AW30: =(VLOOKUP(Tabla4[[#This Row],[SERVICIO 2025]],$J$2:$V$14,3,0)*Tabla4[[#This Row],[TOTAL COBERTURA]]) -> 2510760 | AX30: =(VLOOKUP(Tabla4[[#This Row],[SERVICIO 2025]],$J$2:$V$14,3,0)*Tabla4[[#This Row],[TOTAL COBERTURA]]) -> 2510760 | AY30: =(VLOOKUP(Tabla4[[#This Row],[SERVICIO 2025]],$J$2:$V$14,3,0)*Tabla4[[#This Row],[TOTAL COBERTURA]]) -> 2510760 | AZ30: =(VLOOKUP(Tabla4[[#This Row],[SERVICIO 2025]],$J$2:$V$14,3,0)*Tabla4[[#This Row],[TOTAL COBERTURA]]) -> 2510760 | BA30: =(VLOOKUP(Tabla4[[#This Row],[SERVICIO 2025]],$J$2:$V$14,3,0)*Tabla4[[#This Row],[TOTAL COBERTURA]])+Tabla4[[#This Row],[VALOR FASE PREPARATORIA DE CIERRE]] -> 3040534 | BB30: =SUM(Tabla4[[#This Row],[DESEMBOLSO 1]:[DESEMBOLSO 8]]) -> 21270270 | BD30: CONTRATACIÓN ALIMENTOS - DPI | BE30: =EXACT(Tabla4[[#This Row],[VALOR ATENCIÓN (8 MESES)]],Tabla4[[#This Row],[VALOR TOTAL]]) -> TRUE | BF30: =Tabla4[[#This Row],[VALOR ATENCIÓN (8 MESES)]]-Tabla4[[#This Row],[VALOR TOTAL]] -> 0 | BG30: =EXACT(Tabla4[[#This Row],[TOTAL DESEMBOLSOS]],Tabla4[[#This Row],[VALOR ATENCIÓN (8 MESES)]]) -> TRUE | BH30: =Tabla4[[#This Row],[TOTAL DESEMBOLSOS]]-Tabla4[[#This Row],[VALOR ATENCIÓN (8 MESES)]] -> 0 | BI30: RADICADAS
A31: 1887 | B31: 05005422025 | C31: LOTE 2 | D31: CZ ABURRA NORTE | E31: COPACABANA | F31: EDUCACIÓN INICIAL EN EL HOGAR A SIN RACION - FAMILIAR Y COMUNITARIA | G31: PRESTAR LOS SERVICIOS DE EDUCACIÓN INICIAL EN EL MARCO DE LA ATENCIÓN INTEGRAL A LA PRIMERA INFANCIA DE CONFORMIDAD CON LOS MANUALES TÉCNICOS, GUÍAS OPERATIVAS PARA LA ATENCIÓN A LA PRIMERA INFANCIA Y LOS LINEAMIENTOS ESTABLECIDOS POR EL ICBF, EN ARMONÍA CON LA POLÍTICA DE ESTADO PARA EL DESARROLLO INTEGRAL DE LA PRIMERA INFANCIA DE “CERO A SIEMPRE | H31: VEREDA LA VETA | I31: 52121152813 | J31: CAPILLA LA VETA | K31: 1 | L31: 10 | N31: 1887 | O31: ARTÍCULO 34 CONTRATACIÓN CON EL REGISTRO ÚNICO DE OFERENTES | R31: C-4602-1500-9-704020-4602020-02-161 | S31: 10 | T31: 900194362 | U31: CORPORACION ARCA | V31: =VLOOKUP(Tabla4[[#This Row],[ZONA DEFINITIVO]],Hoja1!$A$1:$D$121,3,0) -> 228985 | W31: =VLOOKUP(Tabla4[[#This Row],[ZONA DEFINITIVO]],Hoja1!$A$1:$D$121,2,0) -> 15146 | X31: =VLOOKUP(Tabla4[[#This Row],[ZONA DEFINITIVO]],Hoja1!$A$1:$D$121,4,0) -> 90725 | Y31: =+IF(Tabla4[[#This Row],[AGRUPACIONES]]=1,SUMIFS(Tabla4[UDS],Tabla4[ZONA DEFINITIVO],Tabla4[[#This Row],[ZONA DEFINITIVO]])," ") | Z31: =+IF(Tabla4[[#This Row],[AGRUPACIONES]]=1,SUMIFS(Tabla4[TOTAL COBERTURA],Tabla4[ZONA DEFINITIVO],Tabla4[[#This Row],[ZONA DEFINITIVO]])," ") | AB31: 15193050 | AC31: 0.02 | AD31: =AB31*AC31 -> 303861 | AF31: =COUNTIF($A$20:A31,A31) -> 12 | AG31: 15193050 | AH31: =Tabla4[[#This Row],[VALOR CONTRAPARTIDA]]+Tabla4[[#This Row],[TOTAL APORTES ICBF]] -> 15496911 | AM31: =VLOOKUP(Tabla4[[#This Row],[SERVICIO 2025]],$J$2:$V$14,5,0)*Tabla4[[#This Row],[TOTAL COBERTURA]] -> 467440 | AN31: =VLOOKUP(Tabla4[[#This Row],[SERVICIO 2025]],$J$2:$V$14,6,0)*Tabla4[[#This Row],[TOTAL COBERTURA]] -> 378410 | AO31: =VLOOKUP(Tabla4[[#This Row],[SERVICIO 2025]],$J$2:$V$14,8,0)*Tabla4[[#This Row],[TOTAL COBERTURA]] -> 0 | AP31: =VLOOKUP(Tabla4[[#This Row],[SERVICIO 2025]],$J$2:$V$14,3,0)*Tabla4[[#This Row],[TOTAL COBERTURA]]*8 -> 14347200 | AR31: =Tabla4[[#This Row],[VALOR FASE PREPARATORIA DE ALISTAMIENTO]]+Tabla4[[#This Row],[VALOR FASE PREPARATORIA DE CIERRE]]+Tabla4[[#This Row],[DOTACIÓN ÚNICA]]+Tabla4[[#This Row],[VALOR ATENCIÓN]]+Tabla4[[#This Row],[VALOR RACION PREPARADA]] -> 15193050 | AS31: =+IF(Tabla4[[#This Row],[AGRUPACIONES]]=1,SUMIFS(Tabla4[VALOR TOTAL],Tabla4[ZONA DEFINITIVO],Tabla4[[#This Row],[ZONA DEFINITIVO]])," ") | AT31: =(VLOOKUP(Tabla4[[#This Row],[SERVICIO 2025]],$J$2:$V$14,3,0)*Tabla4[[#This Row],[TOTAL COBERTURA]])+Tabla4[[#This Row],[VALOR FASE PREPARATORIA DE ALISTAMIENTO]]+Tabla4[[#This Row],[DOTACIÓN ÚNICA]] -> 2260840 | AU31: =(VLOOKUP(Tabla4[[#This Row],[SERVICIO 2025]],$J$2:$V$14,3,0)*Tabla4[[#This Row],[TOTAL COBERTURA]]) -> 1793400 | AV31: =(VLOOKUP(Tabla4[[#This Row],[SERVICIO 2025]],$J$2:$V$14,3,0)*Tabla4[[#This Row],[TOTAL COBERTURA]]) -> 1793400 | AW31: =(VLOOKUP(Tabla4[[#This Row],[SERVICIO 2025]],$J$2:$V$14,3,0)*Tabla4[[#This Row],[TOTAL COBERTURA]]) -> 1793400 | AX31: =(VLOOKUP(Tabla4[[#This Row],[SERVICIO 2025]],$J$2:$V$14,3,0)*Tabla4[[#This Row],[TOTAL COBERTURA]]) -> 1793400 | AY31: =(VLOOKUP(Tabla4[[#This Row],[SERVICIO 2025]],$J$2:$V$14,3,0)*Tabla4[[#This Row],[TOTAL COBERTURA]]) -> 1793400 | AZ31: =(VLOOKUP(Tabla4[[#This Row],[SERVICIO 2025]],$J$2:$V$14,3,0)*Tabla4[[#This Row],[TOTAL COBERTURA]]) -> 1793400 | BA31: =(VLOOKUP(Tabla4[[#This Row],[SERVICIO 2025]],$J$2:$V$14,3,0)*Tabla4[[#This Row],[TOTAL COBERTURA]])+Tabla4[[#This Row],[VALOR FASE PREPARATORIA DE CIERRE]] -> 2171810 | BB31: =SUM(Tabla4[[#This Row],[DESEMBOLSO 1]:[DESEMBOLSO 8]]) -> 15193050 | BD31: CONTRATACIÓN ALIMENTOS - DPI | BE31: =EXACT(Tabla4[[#This Row],[VALOR ATENCIÓN (8 MESES)]],Tabla4[[#This Row],[VALOR TOTAL]]) -> TRUE | BF31: =Tabla4[[#This Row],[VALOR ATENCIÓN (8 MESES)]]-Tabla4[[#This Row],[VALOR TOTAL]] -> 0 | BG31: =EXACT(Tabla4[[#This Row],[TOTAL DESEMBOLSOS]],Tabla4[[#This Row],[VALOR ATENCIÓN (8 MESES)]]) -> TRUE | BH31: =Tabla4[[#This Row],[TOTAL DESEMBOLSOS]]-Tabla4[[#This Row],[VALOR ATENCIÓN (8 MESES)]] -> 0 | BI31: RADICADAS
A32: 1887 | B32: 05005422025 | C32: LOTE 2 | D32: CZ ABURRA NORTE | E32: COPACABANA | F32: EDUCACIÓN INICIAL EN EL HOGAR A SIN RACION - FAMILIAR Y COMUNITARIA | G32: PRESTAR LOS SERVICIOS DE EDUCACIÓN INICIAL EN EL MARCO DE LA ATENCIÓN INTEGRAL A LA PRIMERA INFANCIA DE CONFORMIDAD CON LOS MANUALES TÉCNICOS, GUÍAS OPERATIVAS PARA LA ATENCIÓN A LA PRIMERA INFANCIA Y LOS LINEAMIENTOS ESTABLECIDOS POR EL ICBF, EN ARMONÍA CON LA POLÍTICA DE ESTADO PARA EL DESARROLLO INTEGRAL DE LA PRIMERA INFANCIA DE “CERO A SIEMPRE | H32: VEREDA EL SALADO | I32: 52121155788 | J32: LAZOS DE AMOR | K32: 1 | L32: 46 | N32: 1887 | O32: ARTÍCULO 34 CONTRATACIÓN CON EL REGISTRO ÚNICO DE OFERENTES | R32: C-4602-1500-9-704020-4602020-02-161 | S32: 10 | T32: 900194362 | U32: CORPORACION ARCA | V32: =VLOOKUP(Tabla4[[#This Row],[ZONA DEFINITIVO]],Hoja1!$A$1:$D$121,3,0) -> 228985 | W32: =VLOOKUP(Tabla4[[#This Row],[ZONA DEFINITIVO]],Hoja1!$A$1:$D$121,2,0) -> 15146 | X32: =VLOOKUP(Tabla4[[#This Row],[ZONA DEFINITIVO]],Hoja1!$A$1:$D$121,4,0) -> 90725 | Y32: =+IF(Tabla4[[#This Row],[AGRUPACIONES]]=1,SUMIFS(Tabla4[UDS],Tabla4[ZONA DEFINITIVO],Tabla4[[#This Row],[ZONA DEFINITIVO]])," ") | Z32: =+IF(Tabla4[[#This Row],[AGRUPACIONES]]=1,SUMIFS(Tabla4[TOTAL COBERTURA],Tabla4[ZONA DEFINITIVO],Tabla4[[#This Row],[ZONA DEFINITIVO]])," ") | AB32: 69888030 | AC32: 0.02 | AD32: =AB32*AC32 -> 1397760.6 | AF32: =COUNTIF($A$20:A32,A32) -> 13 | AG32: 69888030 | AH32: =Tabla4[[#This Row],[VALOR CONTRAPARTIDA]]+Tabla4[[#This Row],[TOTAL APORTES ICBF]] -> 71285791 | AM32: =VLOOKUP(Tabla4[[#This Row],[SERVICIO 2025]],$J$2:$V$14,5,0)*Tabla4[[#This Row],[TOTAL COBERTURA]] -> 2150224 | AN32: =VLOOKUP(Tabla4[[#This Row],[SERVICIO 2025]],$J$2:$V$14,6,0)*Tabla4[[#This Row],[TOTAL COBERTURA]] -> 1740686 | AO32: =VLOOKUP(Tabla4[[#This Row],[SERVICIO 2025]],$J$2:$V$14,8,0)*Tabla4[[#This Row],[TOTAL COBERTURA]] -> 0 | AP32: =VLOOKUP(Tabla4[[#This Row],[SERVICIO 2025]],$J$2:$V$14,3,0)*Tabla4[[#This Row],[TOTAL COBERTURA]]*8 -> 65997120 | AR32: =Tabla4[[#This Row],[VALOR FASE PREPARATORIA DE ALISTAMIENTO]]+Tabla4[[#This Row],[VALOR FASE PREPARATORIA DE CIERRE]]+Tabla4[[#This Row],[DOTACIÓN ÚNICA]]+Tabla4[[#This Row],[VALOR ATENCIÓN]]+Tabla4[[#This Row],[VALOR RACION PREPARADA]] -> 69888030 | AS32: =+IF(Tabla4[[#This Row],[AGRUPACIONES]]=1,SUMIFS(Tabla4[VALOR TOTAL],Tabla4[ZONA DEFINITIVO],Tabla4[[#This Row],[ZONA DEFINITIVO]])," ") | AT32: =(VLOOKUP(Tabla4[[#This Row],[SERVICIO 2025]],$J$2:$V$14,3,0)*Tabla4[[#This Row],[TOTAL COBERTURA]])+Tabla4[[#This Row],[VALOR FASE PREPARATORIA DE ALISTAMIENTO]]+Tabla4[[#This Row],[DOTACIÓN ÚNICA]] -> 10399864 | AU32: =(VLOOKUP(Tabla4[[#This Row],[SERVICIO 2025]],$J$2:$V$14,3,0)*Tabla4[[#This Row],[TOTAL COBERTURA]]) -> 8249640 | AV32: =(VLOOKUP(Tabla4[[#This Row],[SERVICIO 2025]],$J$2:$V$14,3,0)*Tabla4[[#This Row],[TOTAL COBERTURA]]) -> 8249640 | AW32: =(VLOOKUP(Tabla4[[#This Row],[SERVICIO 2025]],$J$2:$V$14,3,0)*Tabla4[[#This Row],[TOTAL COBERTURA]]) -> 8249640 | AX32: =(VLOOKUP(Tabla4[[#This Row],[SERVICIO 2025]],$J$2:$V$14,3,0)*Tabla4[[#This Row],[TOTAL COBERTURA]]) -> 8249640 | AY32: =(VLOOKUP(Tabla4[[#This Row],[SERVICIO 2025]],$J$2:$V$14,3,0)*Tabla4[[#This Row],[TOTAL COBERTURA]]) -> 8249640 | AZ32: =(VLOOKUP(Tabla4[[#This Row],[SERVICIO 2025]],$J$2:$V$14,3,0)*Tabla4[[#This Row],[TOTAL COBERTURA]]) -> 8249640 | BA32: =(VLOOKUP(Tabla4[[#This Row],[SERVICIO 2025]],$J$2:$V$14,3,0)*Tabla4[[#This Row],[TOTAL COBERTURA]])+Tabla4[[#This Row],[VALOR FASE PREPARATORIA DE CIERRE]] -> 9990326 | BB32: =SUM(Tabla4[[#This Row],[DESEMBOLSO 1]:[DESEMBOLSO 8]]) -> 69888030 | BD32: CONTRATACIÓN ALIMENTOS - DPI | BE32: =EXACT(Tabla4[[#This Row],[VALOR ATENCIÓN (8 MESES)]],Tabla4[[#This Row],[VALOR TOTAL]]) -> TRUE | BF32: =Tabla4[[#This Row],[VALOR ATENCIÓN (8 MESES)]]-Tabla4[[#This Row],[VALOR TOTAL]] -> 0 | BG32: =EXACT(Tabla4[[#This Row],[TOTAL DESEMBOLSOS]],Tabla4[[#This Row],[VALOR ATENCIÓN (8 MESES)]]) -> TRUE | BH32: =Tabla4[[#This Row],[TOTAL DESEMBOLSOS]]-Tabla4[[#This Row],[VALOR ATENCIÓN (8 MESES)]] -> 0 | BI32: RADICADAS
A33: 1887 | B33: 05005422025 | C33: LOTE 2 | D33: CZ ABURRA NORTE | E33: COPACABANA | F33: EDUCACIÓN INICIAL EN EL HOGAR A SIN RACION - FAMILIAR Y COMUNITARIA | G33: PRESTAR LOS SERVICIOS DE EDUCACIÓN INICIAL EN EL MARCO DE LA ATENCIÓN INTEGRAL A LA PRIMERA INFANCIA DE CONFORMIDAD CON LOS MANUALES TÉCNICOS, GUÍAS OPERATIVAS PARA LA ATENCIÓN A LA PRIMERA INFANCIA Y LOS LINEAMIENTOS ESTABLECIDOS POR EL ICBF, EN ARMONÍA CON LA POLÍTICA DE ESTADO PARA EL DESARROLLO INTEGRAL DE LA PRIMERA INFANCIA DE “CERO A SIEMPRE | H33: VEREDA LA CRUZ | I33: 52121155789 | J33: MUNDO MAGICO | K33: 1 | L33: 37 | N33: 1887 | O33: ARTÍCULO 34 CONTRATACIÓN CON EL REGISTRO ÚNICO DE OFERENTES | R33: C-4602-1500-9-704020-4602020-02-161 | S33: 10 | T33: 900194362 | U33: CORPORACION ARCA | V33: =VLOOKUP(Tabla4[[#This Row],[ZONA DEFINITIVO]],Hoja1!$A$1:$D$121,3,0) -> 228985 | W33: =VLOOKUP(Tabla4[[#This Row],[ZONA DEFINITIVO]],Hoja1!$A$1:$D$121,2,0) -> 15146 | X33: =VLOOKUP(Tabla4[[#This Row],[ZONA DEFINITIVO]],Hoja1!$A$1:$D$121,4,0) -> 90725 | Y33: =+IF(Tabla4[[#This Row],[AGRUPACIONES]]=1,SUMIFS(Tabla4[UDS],Tabla4[ZONA DEFINITIVO],Tabla4[[#This Row],[ZONA DEFINITIVO]])," ") | Z33: =+IF(Tabla4[[#This Row],[AGRUPACIONES]]=1,SUMIFS(Tabla4[TOTAL COBERTURA],Tabla4[ZONA DEFINITIVO],Tabla4[[#This Row],[ZONA DEFINITIVO]])," ") | AB33: 56214285 | AC33: 0.02 | AD33: =AB33*AC33 -> 1124285.7 | AF33: =COUNTIF($A$20:A33,A33) -> 14 | AG33: 56214285 | AH33: =Tabla4[[#This Row],[VALOR CONTRAPARTIDA]]+Tabla4[[#This Row],[TOTAL APORTES ICBF]] -> 57338571 | AM33: =VLOOKUP(Tabla4[[#This Row],[SERVICIO 2025]],$J$2:$V$14,5,0)*Tabla4[[#This Row],[TOTAL COBERTURA]] -> 1729528 | AN33: =VLOOKUP(Tabla4[[#This Row],[SERVICIO 2025]],$J$2:$V$14,6,0)*Tabla4[[#This Row],[TOTAL COBERTURA]] -> 1400117 | AO33: =VLOOKUP(Tabla4[[#This Row],[SERVICIO 2025]],$J$2:$V$14,8,0)*Tabla4[[#This Row],[TOTAL COBERTURA]] -> 0 | AP33: =VLOOKUP(Tabla4[[#This Row],[SERVICIO 2025]],$J$2:$V$14,3,0)*Tabla4[[#This Row],[TOTAL COBERTURA]]*8 -> 53084640 | AR33: =Tabla4[[#This Row],[VALOR FASE PREPARATORIA DE ALISTAMIENTO]]+Tabla4[[#This Row],[VALOR FASE PREPARATORIA DE CIERRE]]+Tabla4[[#This Row],[DOTACIÓN ÚNICA]]+Tabla4[[#This Row],[VALOR ATENCIÓN]]+Tabla4[[#This Row],[VALOR RACION PREPARADA]] -> 56214285 | AS33: =+IF(Tabla4[[#This Row],[AGRUPACIONES]]=1,SUMIFS(Tabla4[VALOR TOTAL],Tabla4[ZONA DEFINITIVO],Tabla4[[#This Row],[ZONA DEFINITIVO]])," ") | AT33: =(VLOOKUP(Tabla4[[#This Row],[SERVICIO 2025]],$J$2:$V$14,3,0)*Tabla4[[#This Row],[TOTAL COBERTURA]])+Tabla4[[#This Row],[VALOR FASE PREPARATORIA DE ALISTAMIENTO]]+Tabla4[[#This Row],[DOTACIÓN ÚNICA]] -> 8365108 | AU33: =(VLOOKUP(Tabla4[[#This Row],[SERVICIO 2025]],$J$2:$V$14,3,0)*Tabla4[[#This Row],[TOTAL COBERTURA]]) -> 6635580 | AV33: =(VLOOKUP(Tabla4[[#This Row],[SERVICIO 2025]],$J$2:$V$14,3,0)*Tabla4[[#This Row],[TOTAL COBERTURA]]) -> 6635580 | AW33: =(VLOOKUP(Tabla4[[#This Row],[SERVICIO 2025]],$J$2:$V$14,3,0)*Tabla4[[#This Row],[TOTAL COBERTURA]]) -> 6635580 | AX33: =(VLOOKUP(Tabla4[[#This Row],[SERVICIO 2025]],$J$2:$V$14,3,0)*Tabla4[[#This Row],[TOTAL COBERTURA]]) -> 6635580 | AY33: =(VLOOKUP(Tabla4[[#This Row],[SERVICIO 2025]],$J$2:$V$14,3,0)*Tabla4[[#This Row],[TOTAL COBERTURA]]) -> 6635580 | AZ33: =(VLOOKUP(Tabla4[[#This Row],[SERVICIO 2025]],$J$2:$V$14,3,0)*Tabla4[[#This Row],[TOTAL COBERTURA]]) -> 6635580 | BA33: =(VLOOKUP(Tabla4[[#This Row],[SERVICIO 2025]],$J$2:$V$14,3,0)*Tabla4[[#This Row],[TOTAL COBERTURA]])+Tabla4[[#This Row],[VALOR FASE PREPARATORIA DE CIERRE]] -> 8035697 | BB33: =SUM(Tabla4[[#This Row],[DESEMBOLSO 1]:[DESEMBOLSO 8]]) -> 56214285 | BD33: CONTRATACIÓN ALIMENTOS - DPI | BE33: =EXACT(Tabla4[[#This Row],[VALOR ATENCIÓN (8 MESES)]],Tabla4[[#This Row],[VALOR TOTAL]]) -> TRUE | BF33: =Tabla4[[#This Row],[VALOR ATENCIÓN (8 MESES)]]-Tabla4[[#This Row],[VALOR TOTAL]] -> 0 | BG33: =EXACT(Tabla4[[#This Row],[TOTAL DESEMBOLSOS]],Tabla4[[#This Row],[VALOR ATENCIÓN (8 MESES)]]) -> TRUE | BH33: =Tabla4[[#This Row],[TOTAL DESEMBOLSOS]]-Tabla4[[#This Row],[VALOR ATENCIÓN (8 MESES)]] -> 0 | BI33: RADICADAS
A34: 1887 | B34: 05005422025 | C34: LOTE 2 | D34: CZ ABURRA NORTE | E34: COPACABANA | F34: CENTRO DE DESARROLLO INFANTIL A - INSTITUCIONAL | G34: PRESTAR LOS SERVICIOS DE EDUCACIÓN INICIAL EN EL MARCO DE LA ATENCIÓN INTEGRAL A LA PRIMERA INFANCIA DE CONFORMIDAD CON LOS MANUALES TÉCNICOS, GUÍAS OPERATIVAS PARA LA ATENCIÓN A LA PRIMERA INFANCIA Y LOS LINEAMIENTOS ESTABLECIDOS POR EL ICBF, EN ARMONÍA CON LA POLÍTICA DE ESTADO PARA EL DESARROLLO INTEGRAL DE LA PRIMERA INFANCIA DE “CERO A SIEMPRE | H34: KR 50 A 47 A 33 ESCUELA CAMILO TORRES | I34: 521200024120 | J34: SUEÑOS DE COPACABANA | K34: 1 | L34: 185 | N34: 1887 | O34: ARTÍCULO 34 CONTRATACIÓN CON EL REGISTRO ÚNICO DE OFERENTES | R34: C-4602-1500-9-704020-4602020-02-161 | S34: 10 | T34: 900194362 | U34: CORPORACION ARCA | V34: =VLOOKUP(Tabla4[[#This Row],[ZONA DEFINITIVO]],Hoja1!$A$1:$D$121,3,0) -> 228985 | W34: =VLOOKUP(Tabla4[[#This Row],[ZONA DEFINITIVO]],Hoja1!$A$1:$D$121,2,0) -> 15146 | X34: =VLOOKUP(Tabla4[[#This Row],[ZONA DEFINITIVO]],Hoja1!$A$1:$D$121,4,0) -> 90725 | Y34: =+IF(Tabla4[[#This Row],[AGRUPACIONES]]=1,SUMIFS(Tabla4[UDS],Tabla4[ZONA DEFINITIVO],Tabla4[[#This Row],[ZONA DEFINITIVO]])," ") | Z34: =+IF(Tabla4[[#This Row],[AGRUPACIONES]]=1,SUMIFS(Tabla4[TOTAL COBERTURA],Tabla4[ZONA DEFINITIVO],Tabla4[[#This Row],[ZONA DEFINITIVO]])," ") | AB34: 774937250 | AC34: 0.02 | AD34: =AB34*AC34 -> 15498745 | AF34: =COUNTIF($A$20:A34,A34) -> 15 | AG34: 774937250 | AH34: =Tabla4[[#This Row],[VALOR CONTRAPARTIDA]]+Tabla4[[#This Row],[TOTAL APORTES ICBF]] -> 790435995 | AM34: =VLOOKUP(Tabla4[[#This Row],[SERVICIO 2025]],$J$2:$V$14,5,0)*Tabla4[[#This Row],[TOTAL COBERTURA]] -> 16306455 | AN34: =VLOOKUP(Tabla4[[#This Row],[SERVICIO 2025]],$J$2:$V$14,6,0)*Tabla4[[#This Row],[TOTAL COBERTURA]] -> 13882955 | AO34: =VLOOKUP(Tabla4[[#This Row],[SERVICIO 2025]],$J$2:$V$14,8,0)*Tabla4[[#This Row],[TOTAL COBERTURA]] -> 0 | AP34: =VLOOKUP(Tabla4[[#This Row],[SERVICIO 2025]],$J$2:$V$14,3,0)*Tabla4[[#This Row],[TOTAL COBERTURA]]*8 -> 744747840 | AR34: =Tabla4[[#This Row],[VALOR FASE PREPARATORIA DE ALISTAMIENTO]]+Tabla4[[#This Row],[VALOR FASE PREPARATORIA DE CIERRE]]+Tabla4[[#This Row],[DOTACIÓN ÚNICA]]+Tabla4[[#This Row],[VALOR ATENCIÓN]]+Tabla4[[#This Row],[VALOR RACION PREPARADA]] -> 774937250 | AS34: =+IF(Tabla4[[#This Row],[AGRUPACIONES]]=1,SUMIFS(Tabla4[VALOR TOTAL],Tabla4[ZONA DEFINITIVO],Tabla4[[#This Row],[ZONA DEFINITIVO]])," ") | AT34: =(VLOOKUP(Tabla4[[#This Row],[SERVICIO 2025]],$J$2:$V$14,3,0)*Tabla4[[#This Row],[TOTAL COBERTURA]])+Tabla4[[#This Row],[VALOR FASE PREPARATORIA DE ALISTAMIENTO]]+Tabla4[[#This Row],[DOTACIÓN ÚNICA]] -> 109399935 | AU34: =(VLOOKUP(Tabla4[[#This Row],[SERVICIO 2025]],$J$2:$V$14,3,0)*Tabla4[[#This Row],[TOTAL COBERTURA]]) -> 93093480 | AV34: =(VLOOKUP(Tabla4[[#This Row],[SERVICIO 2025]],$J$2:$V$14,3,0)*Tabla4[[#This Row],[TOTAL COBERTURA]]) -> 93093480 | AW34: =(VLOOKUP(Tabla4[[#This Row],[SERVICIO 2025]],$J$2:$V$14,3,0)*Tabla4[[#This Row],[TOTAL COBERTURA]]) -> 93093480 | AX34: =(VLOOKUP(Tabla4[[#This Row],[SERVICIO 2025]],$J$2:$V$14,3,0)*Tabla4[[#This Row],[TOTAL COBERTURA]]) -> 93093480 | AY34: =(VLOOKUP(Tabla4[[#This Row],[SERVICIO 2025]],$J$2:$V$14,3,0)*Tabla4[[#This Row],[TOTAL COBERTURA]]) -> 93093480 | AZ34: =(VLOOKUP(Tabla4[[#This Row],[SERVICIO 2025]],$J$2:$V$14,3,0)*Tabla4[[#This Row],[TOTAL COBERTURA]]) -> 93093480 | BA34: =(VLOOKUP(Tabla4[[#This Row],[SERVICIO 2025]],$J$2:$V$14,3,0)*Tabla4[[#This Row],[TOTAL COBERTURA]])+Tabla4[[#This Row],[VALOR FASE PREPARATORIA DE CIERRE]] -> 106976435 | BB34: =SUM(Tabla4[[#This Row],[DESEMBOLSO 1]:[DESEMBOLSO 8]]) -> 774937250 | BD34: CONTRATACIÓN ALIMENTOS - DPI | BE34: =EXACT(Tabla4[[#This Row],[VALOR ATENCIÓN (8 MESES)]],Tabla4[[#This Row],[VALOR TOTAL]]) -> TRUE | BF34: =Tabla4[[#This Row],[VALOR ATENCIÓN (8 MESES)]]-Tabla4[[#This Row],[VALOR TOTAL]] -> 0 | BG34: =EXACT(Tabla4[[#This Row],[TOTAL DESEMBOLSOS]],Tabla4[[#This Row],[VALOR ATENCIÓN (8 MESES)]]) -> TRUE | BH34: =Tabla4[[#This Row],[TOTAL DESEMBOLSOS]]-Tabla4[[#This Row],[VALOR ATENCIÓN (8 MESES)]] -> 0 | BI34: RADICADAS
A35: 1887 | B35: 05005422025 | C35: LOTE 2 | D35: CZ ABURRA NORTE | E35: COPACABANA | F35: CENTRO DE DESARROLLO INFANTIL A - INSTITUCIONAL | G35: PRESTAR LOS SERVICIOS DE EDUCACIÓN INICIAL EN EL MARCO DE LA ATENCIÓN INTEGRAL A LA PRIMERA INFANCIA DE CONFORMIDAD CON LOS MANUALES TÉCNICOS, GUÍAS OPERATIVAS PARA LA ATENCIÓN A LA PRIMERA INFANCIA Y LOS LINEAMIENTOS ESTABLECIDOS POR EL ICBF, EN ARMONÍA CON LA POLÍTICA DE ESTADO PARA EL DESARROLLO INTEGRAL DE LA PRIMERA INFANCIA DE “CERO A SIEMPRE | H35: CL 57 A 59 10 VILLA NUEVA | I35: 521200024136 | J35: SOÑADORES | K35: 1 | L35: 59 | N35: 1887 | O35: ARTÍCULO 34 CONTRATACIÓN CON EL REGISTRO ÚNICO DE OFERENTES | R35: C-4602-1500-9-704020-4602020-02-161 | S35: 10 | T35: 900194362 | U35: CORPORACION ARCA | V35: =VLOOKUP(Tabla4[[#This Row],[ZONA DEFINITIVO]],Hoja1!$A$1:$D$121,3,0) -> 228985 | W35: =VLOOKUP(Tabla4[[#This Row],[ZONA DEFINITIVO]],Hoja1!$A$1:$D$121,2,0) -> 15146 | X35: =VLOOKUP(Tabla4[[#This Row],[ZONA DEFINITIVO]],Hoja1!$A$1:$D$121,4,0) -> 90725 | Y35: =+IF(Tabla4[[#This Row],[AGRUPACIONES]]=1,SUMIFS(Tabla4[UDS],Tabla4[ZONA DEFINITIVO],Tabla4[[#This Row],[ZONA DEFINITIVO]])," ") | Z35: =+IF(Tabla4[[#This Row],[AGRUPACIONES]]=1,SUMIFS(Tabla4[TOTAL COBERTURA],Tabla4[ZONA DEFINITIVO],Tabla4[[#This Row],[ZONA DEFINITIVO]])," ") | AB35: 247142150 | AC35: 0.02 | AD35: =AB35*AC35 -> 4942843 | AF35: =COUNTIF($A$20:A35,A35) -> 16 | AG35: 247142150 | AH35: =Tabla4[[#This Row],[VALOR CONTRAPARTIDA]]+Tabla4[[#This Row],[TOTAL APORTES ICBF]] -> 252084993 | AM35: =VLOOKUP(Tabla4[[#This Row],[SERVICIO 2025]],$J$2:$V$14,5,0)*Tabla4[[#This Row],[TOTAL COBERTURA]] -> 5200437 | AN35: =VLOOKUP(Tabla4[[#This Row],[SERVICIO 2025]],$J$2:$V$14,6,0)*Tabla4[[#This Row],[TOTAL COBERTURA]] -> 4427537 | AO35: =VLOOKUP(Tabla4[[#This Row],[SERVICIO 2025]],$J$2:$V$14,8,0)*Tabla4[[#This Row],[TOTAL COBERTURA]] -> 0 | AP35: =VLOOKUP(Tabla4[[#This Row],[SERVICIO 2025]],$J$2:$V$14,3,0)*Tabla4[[#This Row],[TOTAL COBERTURA]]*8 -> 237514176 | AR35: =Tabla4[[#This Row],[VALOR FASE PREPARATORIA DE ALISTAMIENTO]]+Tabla4[[#This Row],[VALOR FASE PREPARATORIA DE CIERRE]]+Tabla4[[#This Row],[DOTACIÓN ÚNICA]]+Tabla4[[#This Row],[VALOR ATENCIÓN]]+Tabla4[[#This Row],[VALOR RACION PREPARADA]] -> 247142150 | AS35: =+IF(Tabla4[[#This Row],[AGRUPACIONES]]=1,SUMIFS(Tabla4[VALOR TOTAL],Tabla4[ZONA DEFINITIVO],Tabla4[[#This Row],[ZONA DEFINITIVO]])," ") | AT35: =(VLOOKUP(Tabla4[[#This Row],[SERVICIO 2025]],$J$2:$V$14,3,0)*Tabla4[[#This Row],[TOTAL COBERTURA]])+Tabla4[[#This Row],[VALOR FASE PREPARATORIA DE ALISTAMIENTO]]+Tabla4[[#This Row],[DOTACIÓN ÚNICA]] -> 34889709 | AU35: =(VLOOKUP(Tabla4[[#This Row],[SERVICIO 2025]],$J$2:$V$14,3,0)*Tabla4[[#This Row],[TOTAL COBERTURA]]) -> 29689272 | AV35: =(VLOOKUP(Tabla4[[#This Row],[SERVICIO 2025]],$J$2:$V$14,3,0)*Tabla4[[#This Row],[TOTAL COBERTURA]]) -> 29689272 | AW35: =(VLOOKUP(Tabla4[[#This Row],[SERVICIO 2025]],$J$2:$V$14,3,0)*Tabla4[[#This Row],[TOTAL COBERTURA]]) -> 29689272 | AX35: =(VLOOKUP(Tabla4[[#This Row],[SERVICIO 2025]],$J$2:$V$14,3,0)*Tabla4[[#This Row],[TOTAL COBERTURA]]) -> 29689272 | AY35: =(VLOOKUP(Tabla4[[#This Row],[SERVICIO 2025]],$J$2:$V$14,3,0)*Tabla4[[#This Row],[TOTAL COBERTURA]]) -> 29689272 | AZ35: =(VLOOKUP(Tabla4[[#This Row],[SERVICIO 2025]],$J$2:$V$14,3,0)*Tabla4[[#This Row],[TOTAL COBERTURA]]) -> 29689272 | BA35: =(VLOOKUP(Tabla4[[#This Row],[SERVICIO 2025]],$J$2:$V$14,3,0)*Tabla4[[#This Row],[TOTAL COBERTURA]])+Tabla4[[#This Row],[VALOR FASE PREPARATORIA DE CIERRE]] -> 34116809 | BB35: =SUM(Tabla4[[#This Row],[DESEMBOLSO 1]:[DESEMBOLSO 8]]) -> 247142150 | BD35: CONTRATACIÓN ALIMENTOS - DPI | BE35: =EXACT(Tabla4[[#This Row],[VALOR ATENCIÓN (8 MESES)]],Tabla4[[#This Row],[VALOR TOTAL]]) -> TRUE | BF35: =Tabla4[[#This Row],[VALOR ATENCIÓN (8 MESES)]]-Tabla4[[#This Row],[VALOR TOTAL]] -> 0 | BG35: =EXACT(Tabla4[[#This Row],[TOTAL DESEMBOLSOS]],Tabla4[[#This Row],[VALOR ATENCIÓN (8 MESES)]]) -> TRUE | BH35: =Tabla4[[#This Row],[TOTAL DESEMBOLSOS]]-Tabla4[[#This Row],[VALOR ATENCIÓN (8 MESES)]] -> 0 | BI35: RADICADAS
A36: 1887 | B36: 05005422025 | C36: LOTE 2 | D36: CZ ABURRA NORTE | E36: COPACABANA | F36: CENTRO DE DESARROLLO INFANTIL A - INSTITUCIONAL | G36: PRESTAR LOS SERVICIOS DE EDUCACIÓN INICIAL EN EL MARCO DE LA ATENCIÓN INTEGRAL A LA PRIMERA INFANCIA DE CONFORMIDAD CON LOS MANUALES TÉCNICOS, GUÍAS OPERATIVAS PARA LA ATENCIÓN A LA PRIMERA INFANCIA Y LOS LINEAMIENTOS ESTABLECIDOS POR EL ICBF, EN ARMONÍA CON LA POLÍTICA DE ESTADO PARA EL DESARROLLO INTEGRAL DE LA PRIMERA INFANCIA DE “CERO A SIEMPRE | H36: CRA 87 39 10 BARRIO MACHADO | I36: 521200024156 | J36: CAMPANITAS | K36: 1 | L36: 60 | N36: 1887 | O36: ARTÍCULO 34 CONTRATACIÓN CON EL REGISTRO ÚNICO DE OFERENTES | R36: C-4602-1500-9-704020-4602020-02-161 | S36: 10 | T36: 900194362 | U36: CORPORACION ARCA | V36: =VLOOKUP(Tabla4[[#This Row],[ZONA DEFINITIVO]],Hoja1!$A$1:$D$121,3,0) -> 228985 | W36: =VLOOKUP(Tabla4[[#This Row],[ZONA DEFINITIVO]],Hoja1!$A$1:$D$121,2,0) -> 15146 | X36: =VLOOKUP(Tabla4[[#This Row],[ZONA DEFINITIVO]],Hoja1!$A$1:$D$121,4,0) -> 90725 | Y36: =+IF(Tabla4[[#This Row],[AGRUPACIONES]]=1,SUMIFS(Tabla4[UDS],Tabla4[ZONA DEFINITIVO],Tabla4[[#This Row],[ZONA DEFINITIVO]])," ") | Z36: =+IF(Tabla4[[#This Row],[AGRUPACIONES]]=1,SUMIFS(Tabla4[TOTAL COBERTURA],Tabla4[ZONA DEFINITIVO],Tabla4[[#This Row],[ZONA DEFINITIVO]])," ") | AB36: 251331000 | AC36: 0.02 | AD36: =AB36*AC36 -> 5026620 | AF36: =COUNTIF($A$20:A36,A36) -> 17 | AG36: 251331000 | AH36: =Tabla4[[#This Row],[VALOR CONTRAPARTIDA]]+Tabla4[[#This Row],[TOTAL APORTES ICBF]] -> 256357620 | AM36: =VLOOKUP(Tabla4[[#This Row],[SERVICIO 2025]],$J$2:$V$14,5,0)*Tabla4[[#This Row],[TOTAL COBERTURA]] -> 5288580 | AN36: =VLOOKUP(Tabla4[[#This Row],[SERVICIO 2025]],$J$2:$V$14,6,0)*Tabla4[[#This Row],[TOTAL COBERTURA]] -> 4502580 | AO36: =VLOOKUP(Tabla4[[#This Row],[SERVICIO 2025]],$J$2:$V$14,8,0)*Tabla4[[#This Row],[TOTAL COBERTURA]] -> 0 | AP36: =VLOOKUP(Tabla4[[#This Row],[SERVICIO 2025]],$J$2:$V$14,3,0)*Tabla4[[#This Row],[TOTAL COBERTURA]]*8 -> 241539840 | AR36: =Tabla4[[#This Row],[VALOR FASE PREPARATORIA DE ALISTAMIENTO]]+Tabla4[[#This Row],[VALOR FASE PREPARATORIA DE CIERRE]]+Tabla4[[#This Row],[DOTACIÓN ÚNICA]]+Tabla4[[#This Row],[VALOR ATENCIÓN]]+Tabla4[[#This Row],[VALOR RACION PREPARADA]] -> 251331000 | AS36: =+IF(Tabla4[[#This Row],[AGRUPACIONES]]=1,SUMIFS(Tabla4[VALOR TOTAL],Tabla4[ZONA DEFINITIVO],Tabla4[[#This Row],[ZONA DEFINITIVO]])," ") | AT36: =(VLOOKUP(Tabla4[[#This Row],[SERVICIO 2025]],$J$2:$V$14,3,0)*Tabla4[[#This Row],[TOTAL COBERTURA]])+Tabla4[[#This Row],[VALOR FASE PREPARATORIA DE ALISTAMIENTO]]+Tabla4[[#This Row],[DOTACIÓN ÚNICA]] -> 35481060 | AU36: =(VLOOKUP(Tabla4[[#This Row],[SERVICIO 2025]],$J$2:$V$14,3,0)*Tabla4[[#This Row],[TOTAL COBERTURA]]) -> 30192480 | AV36: =(VLOOKUP(Tabla4[[#This Row],[SERVICIO 2025]],$J$2:$V$14,3,0)*Tabla4[[#This Row],[TOTAL COBERTURA]]) -> 30192480 | AW36: =(VLOOKUP(Tabla4[[#This Row],[SERVICIO 2025]],$J$2:$V$14,3,0)*Tabla4[[#This Row],[TOTAL COBERTURA]]) -> 30192480 | AX36: =(VLOOKUP(Tabla4[[#This Row],[SERVICIO 2025]],$J$2:$V$14,3,0)*Tabla4[[#This Row],[TOTAL COBERTURA]]) -> 30192480 | AY36: =(VLOOKUP(Tabla4[[#This Row],[SERVICIO 2025]],$J$2:$V$14,3,0)*Tabla4[[#This Row],[TOTAL COBERTURA]]) -> 30192480 | AZ36: =(VLOOKUP(Tabla4[[#This Row],[SERVICIO 2025]],$J$2:$V$14,3,0)*Tabla4[[#This Row],[TOTAL COBERTURA]]) -> 30192480 | BA36: =(VLOOKUP(Tabla4[[#This Row],[SERVICIO 2025]],$J$2:$V$14,3,0)*Tabla4[[#This Row],[TOTAL COBERTURA]])+Tabla4[[#This Row],[VALOR FASE PREPARATORIA DE CIERRE]] -> 34695060 | BB36: =SUM(Tabla4[[#This Row],[DESEMBOLSO 1]:[DESEMBOLSO 8]]) -> 251331000 | BD36: CONTRATACIÓN ALIMENTOS - DPI | BE36: =EXACT(Tabla4[[#This Row],[VALOR ATENCIÓN (8 MESES)]],Tabla4[[#This Row],[VALOR TOTAL]]) -> TRUE | BF36: =Tabla4[[#This Row],[VALOR ATENCIÓN (8 MESES)]]-Tabla4[[#This Row],[VALOR TOTAL]] -> 0 | BG36: =EXACT(Tabla4[[#This Row],[TOTAL DESEMBOLSOS]],Tabla4[[#This Row],[VALOR ATENCIÓN (8 MESES)]]) -> TRUE | BH36: =Tabla4[[#This Row],[TOTAL DESEMBOLSOS]]-Tabla4[[#This Row],[VALOR ATENCIÓN (8 MESES)]] -> 0 | BI36: RADICADAS
A37: 1887 | B37: 05005422025 | C37: LOTE 2 | D37: CZ ABURRA NORTE | E37: COPACABANA | F37: EDUCACIÓN INICIAL EN EL HOGAR A SIN RACION - FAMILIAR Y COMUNITARIA | G37: PRESTAR LOS SERVICIOS DE EDUCACIÓN INICIAL EN EL MARCO DE LA ATENCIÓN INTEGRAL A LA PRIMERA INFANCIA DE CONFORMIDAD CON LOS MANUALES TÉCNICOS, GUÍAS OPERATIVAS PARA LA ATENCIÓN A LA PRIMERA INFANCIA Y LOS LINEAMIENTOS ESTABLECIDOS POR EL ICBF, EN ARMONÍA CON LA POLÍTICA DE ESTADO PARA EL DESARROLLO INTEGRAL DE LA PRIMERA INFANCIA DE “CERO A SIEMPRE | H37: PEÑOLCITO | I37: 521200084963 | J37: CER PEÑOLCITO | K37: 1 | L37: 13 | N37: 1887 | O37: ARTÍCULO 34 CONTRATACIÓN CON EL REGISTRO ÚNICO DE OFERENTES | R37: C-4602-1500-9-704020-4602020-02-161 | S37: 10 | T37: 900194362 | U37: CORPORACION ARCA | V37: =VLOOKUP(Tabla4[[#This Row],[ZONA DEFINITIVO]],Hoja1!$A$1:$D$121,3,0) -> 228985 | W37: =VLOOKUP(Tabla4[[#This Row],[ZONA DEFINITIVO]],Hoja1!$A$1:$D$121,2,0) -> 15146 | X37: =VLOOKUP(Tabla4[[#This Row],[ZONA DEFINITIVO]],Hoja1!$A$1:$D$121,4,0) -> 90725 | Y37: =+IF(Tabla4[[#This Row],[AGRUPACIONES]]=1,SUMIFS(Tabla4[UDS],Tabla4[ZONA DEFINITIVO],Tabla4[[#This Row],[ZONA DEFINITIVO]])," ") | Z37: =+IF(Tabla4[[#This Row],[AGRUPACIONES]]=1,SUMIFS(Tabla4[TOTAL COBERTURA],Tabla4[ZONA DEFINITIVO],Tabla4[[#This Row],[ZONA DEFINITIVO]])," ") | AB37: 19750965 | AC37: 0.02 | AD37: =AB37*AC37 -> 395019.3 | AF37: =COUNTIF($A$20:A37,A37) -> 18 | AG37: 19750965 | AH37: =Tabla4[[#This Row],[VALOR CONTRAPARTIDA]]+Tabla4[[#This Row],[TOTAL APORTES ICBF]] -> 20145984 | AM37: =VLOOKUP(Tabla4[[#This Row],[SERVICIO 2025]],$J$2:$V$14,5,0)*Tabla4[[#This Row],[TOTAL COBERTURA]] -> 607672 | AN37: =VLOOKUP(Tabla4[[#This Row],[SERVICIO 2025]],$J$2:$V$14,6,0)*Tabla4[[#This Row],[TOTAL COBERTURA]] -> 491933 | AO37: =VLOOKUP(Tabla4[[#This Row],[SERVICIO 2025]],$J$2:$V$14,8,0)*Tabla4[[#This Row],[TOTAL COBERTURA]] -> 0 | AP37: =VLOOKUP(Tabla4[[#This Row],[SERVICIO 2025]],$J$2:$V$14,3,0)*Tabla4[[#This Row],[TOTAL COBERTURA]]*8 -> 18651360 | AR37: =Tabla4[[#This Row],[VALOR FASE PREPARATORIA DE ALISTAMIENTO]]+Tabla4[[#This Row],[VALOR FASE PREPARATORIA DE CIERRE]]+Tabla4[[#This Row],[DOTACIÓN ÚNICA]]+Tabla4[[#This Row],[VALOR ATENCIÓN]]+Tabla4[[#This Row],[VALOR RACION PREPARADA]] -> 19750965 | AS37: =+IF(Tabla4[[#This Row],[AGRUPACIONES]]=1,SUMIFS(Tabla4[VALOR TOTAL],Tabla4[ZONA DEFINITIVO],Tabla4[[#This Row],[ZONA DEFINITIVO]])," ") | AT37: =(VLOOKUP(Tabla4[[#This Row],[SERVICIO 2025]],$J$2:$V$14,3,0)*Tabla4[[#This Row],[TOTAL COBERTURA]])+Tabla4[[#This Row],[VALOR FASE PREPARATORIA DE ALISTAMIENTO]]+Tabla4[[#This Row],[DOTACIÓN ÚNICA]] -> 2939092 | AU37: =(VLOOKUP(Tabla4[[#This Row],[SERVICIO 2025]],$J$2:$V$14,3,0)*Tabla4[[#This Row],[TOTAL COBERTURA]]) -> 2331420 | AV37: =(VLOOKUP(Tabla4[[#This Row],[SERVICIO 2025]],$J$2:$V$14,3,0)*Tabla4[[#This Row],[TOTAL COBERTURA]]) -> 2331420 | AW37: =(VLOOKUP(Tabla4[[#This Row],[SERVICIO 2025]],$J$2:$V$14,3,0)*Tabla4[[#This Row],[TOTAL COBERTURA]]) -> 2331420 | AX37: =(VLOOKUP(Tabla4[[#This Row],[SERVICIO 2025]],$J$2:$V$14,3,0)*Tabla4[[#This Row],[TOTAL COBERTURA]]) -> 2331420 | AY37: =(VLOOKUP(Tabla4[[#This Row],[SERVICIO 2025]],$J$2:$V$14,3,0)*Tabla4[[#This Row],[TOTAL COBERTURA]]) -> 2331420 | AZ37: =(VLOOKUP(Tabla4[[#This Row],[SERVICIO 2025]],$J$2:$V$14,3,0)*Tabla4[[#This Row],[TOTAL COBERTURA]]) -> 2331420 | BA37: =(VLOOKUP(Tabla4[[#This Row],[SERVICIO 2025]],$J$2:$V$14,3,0)*Tabla4[[#This Row],[TOTAL COBERTURA]])+Tabla4[[#This Row],[VALOR FASE PREPARATORIA DE CIERRE]] -> 2823353 | BB37: =SUM(Tabla4[[#This Row],[DESEMBOLSO 1]:[DESEMBOLSO 8]]) -> 19750965 | BD37: CONTRATACIÓN ALIMENTOS - DPI | BE37: =EXACT(Tabla4[[#This Row],[VALOR ATENCIÓN (8 MESES)]],Tabla4[[#This Row],[VALOR TOTAL]]) -> TRUE | BF37: =Tabla4[[#This Row],[VALOR ATENCIÓN (8 MESES)]]-Tabla4[[#This Row],[VALOR TOTAL]] -> 0 | BG37: =EXACT(Tabla4[[#This Row],[TOTAL DESEMBOLSOS]],Tabla4[[#This Row],[VALOR ATENCIÓN (8 MESES)]]) -> TRUE | BH37: =Tabla4[[#This Row],[TOTAL DESEMBOLSOS]]-Tabla4[[#This Row],[VALOR ATENCIÓN (8 MESES)]] -> 0 | BI37: RADICADAS
A38: 1888 | B38: 05005732025 | C38: LOTE 2 | D38: CZ INTEGRAL NOROCCIDENTAL | E38: MEDELLIN | F38: HOGAR INFANTIL - INSTITUCIONAL | G38: PRESTAR LOS SERVICIOS DE EDUCACIÓN INICIAL EN EL MARCO DE LA ATENCIÓN INTEGRAL A LA PRIMERA INFANCIA DE CONFORMIDAD CON LOS MANUALES TÉCNICOS, GUÍAS OPERATIVAS PARA LA ATENCIÓN A LA PRIMERA INFANCIA Y LOS LINEAMIENTOS ESTABLECIDOS POR EL ICBF, EN ARMONÍA CON LA POLÍTICA DE ESTADO PARA EL DESARROLLO INTEGRAL DE LA PRIMERA INFANCIA DE “CERO A SIEMPRE | H38: KR 63 C 96 A 362 | I38: 500100020315 | J38: TRICENTENARIO | K38: 1 | L38: 91 | N38: 1888 | O38: ARTÍCULO 34 CONTRATACIÓN CON EL REGISTRO ÚNICO DE OFERENTES | R38: C-4602-1500-9-704020-4602020-02-161 | S38: 10 | T38: 900155293 | U38: CORPORACIÓN COMUNIQUÉMONOS | V38: =VLOOKUP(Tabla4[[#This Row],[ZONA DEFINITIVO]],Hoja1!$A$1:$D$121,3,0) -> 228987 | W38: =VLOOKUP(Tabla4[[#This Row],[ZONA DEFINITIVO]],Hoja1!$A$1:$D$121,2,0) -> 15168 | X38: =VLOOKUP(Tabla4[[#This Row],[ZONA DEFINITIVO]],Hoja1!$A$1:$D$121,4,0) -> 91025 | Y38: =+IF(Tabla4[[#This Row],[AGRUPACIONES]]=1,SUMIFS(Tabla4[UDS],Tabla4[ZONA DEFINITIVO],Tabla4[[#This Row],[ZONA DEFINITIVO]])," ") -> 6 | Z38: =+IF(Tabla4[[#This Row],[AGRUPACIONES]]=1,SUMIFS(Tabla4[TOTAL COBERTURA],Tabla4[ZONA DEFINITIVO],Tabla4[[#This Row],[ZONA DEFINITIVO]])," ") -> 490 | AB38: 381185350 | AC38: 0.02 | AD38: =AB38*AC38 -> 7623707 | AF38: =COUNTIF($A$20:A38,A38) -> 1 | AG38: 381185350 | AH38: =Tabla4[[#This Row],[VALOR CONTRAPARTIDA]]+Tabla4[[#This Row],[TOTAL APORTES ICBF]] -> 388809057 | AI38: =ROUND(+IF(Tabla4[[#This Row],[AGRUPACIONES]]=1,SUMIFS(Tabla4[TOTAL APORTES ICBF],Tabla4[ZONA DEFINITIVO],Tabla4[[#This Row],[ZONA DEFINITIVO]])," "),0) -> 2053520364 | AJ38: =ROUND(+IF(Tabla4[[#This Row],[AGRUPACIONES]]=1,SUMIFS(Tabla4[VALOR CONTRAPARTIDA],Tabla4[ZONA DEFINITIVO],Tabla4[[#This Row],[ZONA DEFINITIVO]])," "),0) -> 41070407 | AK38: =Tabla4[[#This Row],[TOTAL APORTES ICBF AGRUPADO]]+Tabla4[[#This Row],[TOTAL CONTRAPARTIDA AGRUPADO]] -> 2094590771 | AL38: =Tabla4[[#This Row],[TOTAL APORTES ICBF AGRUPADO]]/$AL$18 -> 1442.5854 | AM38: =VLOOKUP(Tabla4[[#This Row],[SERVICIO 2025]],$J$2:$V$14,5,0)*Tabla4[[#This Row],[TOTAL COBERTURA]] -> 8021013 | AN38: =VLOOKUP(Tabla4[[#This Row],[SERVICIO 2025]],$J$2:$V$14,6,0)*Tabla4[[#This Row],[TOTAL COBERTURA]] -> 6828913 | AO38: =VLOOKUP(Tabla4[[#This Row],[SERVICIO 2025]],$J$2:$V$14,8,0)*Tabla4[[#This Row],[TOTAL COBERTURA]] -> 0 | AP38: =VLOOKUP(Tabla4[[#This Row],[SERVICIO 2025]],$J$2:$V$14,3,0)*Tabla4[[#This Row],[TOTAL COBERTURA]]*8 -> 366335424 | AR38: =Tabla4[[#This Row],[VALOR FASE PREPARATORIA DE ALISTAMIENTO]]+Tabla4[[#This Row],[VALOR FASE PREPARATORIA DE CIERRE]]+Tabla4[[#This Row],[DOTACIÓN ÚNICA]]+Tabla4[[#This Row],[VALOR ATENCIÓN]]+Tabla4[[#This Row],[VALOR RACION PREPARADA]] -> 381185350 | AS38: =+IF(Tabla4[[#This Row],[AGRUPACIONES]]=1,SUMIFS(Tabla4[VALOR TOTAL],Tabla4[ZONA DEFINITIVO],Tabla4[[#This Row],[ZONA DEFINITIVO]])," ") -> 2053520364 | AT38: =(VLOOKUP(Tabla4[[#This Row],[SERVICIO 2025]],$J$2:$V$14,3,0)*Tabla4[[#This Row],[TOTAL COBERTURA]])+Tabla4[[#This Row],[VALOR FASE PREPARATORIA DE ALISTAMIENTO]]+Tabla4[[#This Row],[DOTACIÓN ÚNICA]] -> 53812941 | AU38: =(VLOOKUP(Tabla4[[#This Row],[SERVICIO 2025]],$J$2:$V$14,3,0)*Tabla4[[#This Row],[TOTAL COBERTURA]]) -> 45791928 | AV38: =(VLOOKUP(Tabla4[[#This Row],[SERVICIO 2025]],$J$2:$V$14,3,0)*Tabla4[[#This Row],[TOTAL COBERTURA]]) -> 45791928 | AW38: =(VLOOKUP(Tabla4[[#This Row],[SERVICIO 2025]],$J$2:$V$14,3,0)*Tabla4[[#This Row],[TOTAL COBERTURA]]) -> 45791928 | AX38: =(VLOOKUP(Tabla4[[#This Row],[SERVICIO 2025]],$J$2:$V$14,3,0)*Tabla4[[#This Row],[TOTAL COBERTURA]]) -> 45791928 | AY38: =(VLOOKUP(Tabla4[[#This Row],[SERVICIO 2025]],$J$2:$V$14,3,0)*Tabla4[[#This Row],[TOTAL COBERTURA]]) -> 45791928 | AZ38: =(VLOOKUP(Tabla4[[#This Row],[SERVICIO 2025]],$J$2:$V$14,3,0)*Tabla4[[#This Row],[TOTAL COBERTURA]]) -> 45791928 | BA38: =(VLOOKUP(Tabla4[[#This Row],[SERVICIO 2025]],$J$2:$V$14,3,0)*Tabla4[[#This Row],[TOTAL COBERTURA]])+Tabla4[[#This Row],[VALOR FASE PREPARATORIA DE CIERRE]] -> 52620841 | BB38: =SUM(Tabla4[[#This Row],[DESEMBOLSO 1]:[DESEMBOLSO 8]]) -> 381185350 | BC38: =VLOOKUP(Tabla4[[#This Row],[SERVICIO 2025]],$J$2:$V$14,10,0)*Tabla4[[#This Row],[TOTAL COBERTURA]]*$W$3 -> 0 | BD38: CONTRATO COSTEADO CON ALIMENTACION | BE38: =EXACT(Tabla4[[#This Row],[VALOR ATENCIÓN (8 MESES)]],Tabla4[[#This Row],[VALOR TOTAL]]) -> TRUE | BF38: =Tabla4[[#This Row],[VALOR ATENCIÓN (8 MESES)]]-Tabla4[[#This Row],[VALOR TOTAL]] -> 0 | BG38: =EXACT(Tabla4[[#This Row],[TOTAL DESEMBOLSOS]],Tabla4[[#This Row],[VALOR ATENCIÓN (8 MESES)]]) -> TRUE | BH38: =Tabla4[[#This Row],[TOTAL DESEMBOLSOS]]-Tabla4[[#This Row],[VALOR ATENCIÓN (8 MESES)]] -> 0 | BI38: RADICADAS
A39: 1888 | B39: 05005732025 | C39: LOTE 2 | D39: CZ INTEGRAL NOROCCIDENTAL | E39: MEDELLIN | F39: CENTRO DE DESARROLLO INFANTIL CON ARRIENDO - INSTITUCIONAL | G39: PRESTAR LOS SERVICIOS DE EDUCACIÓN INICIAL EN EL MARCO DE LA ATENCIÓN INTEGRAL A LA PRIMERA INFANCIA DE CONFORMIDAD CON LOS MANUALES TÉCNICOS, GUÍAS OPERATIVAS PARA LA ATENCIÓN A LA PRIMERA INFANCIA Y LOS LINEAMIENTOS ESTABLECIDOS POR EL ICBF, EN ARMONÍA CON LA POLÍTICA DE ESTADO PARA EL DESARROLLO INTEGRAL DE LA PRIMERA INFANCIA DE “CERO A SIEMPRE | H39: KR 78 103 07 | I39: 500100067267 | J39: DOCE DE OCTUBRE | K39: 1 | L39: 7 | N39: 1888 | O39: ARTÍCULO 34 CONTRATACIÓN CON EL REGISTRO ÚNICO DE OFERENTES | R39: C-4602-1500-9-704020-4602020-02-161 | S39: 10 | T39: 900155293 | U39: CORPORACIÓN COMUNIQUÉMONOS | V39: =VLOOKUP(Tabla4[[#This Row],[ZONA DEFINITIVO]],Hoja1!$A$1:$D$121,3,0) -> 228987 | W39: =VLOOKUP(Tabla4[[#This Row],[ZONA DEFINITIVO]],Hoja1!$A$1:$D$121,2,0) -> 15168 | X39: =VLOOKUP(Tabla4[[#This Row],[ZONA DEFINITIVO]],Hoja1!$A$1:$D$121,4,0) -> 91025 | Y39: =+IF(Tabla4[[#This Row],[AGRUPACIONES]]=1,SUMIFS(Tabla4[UDS],Tabla4[ZONA DEFINITIVO],Tabla4[[#This Row],[ZONA DEFINITIVO]])," ") | Z39: =+IF(Tabla4[[#This Row],[AGRUPACIONES]]=1,SUMIFS(Tabla4[TOTAL COBERTURA],Tabla4[ZONA DEFINITIVO],Tabla4[[#This Row],[ZONA DEFINITIVO]])," ") | AB39: 30305814 | AC39: 0.02 | AD39: =AB39*AC39 -> 606116.28 | AF39: =COUNTIF($A$20:A39,A39) -> 2 | AG39: 30305814 | AH39: =Tabla4[[#This Row],[VALOR CONTRAPARTIDA]]+Tabla4[[#This Row],[TOTAL APORTES ICBF]] -> 30911930 | AM39: =VLOOKUP(Tabla4[[#This Row],[SERVICIO 2025]],$J$2:$V$14,5,0)*Tabla4[[#This Row],[TOTAL COBERTURA]] -> 617001 | AN39: =VLOOKUP(Tabla4[[#This Row],[SERVICIO 2025]],$J$2:$V$14,6,0)*Tabla4[[#This Row],[TOTAL COBERTURA]] -> 525301 | AO39: =VLOOKUP(Tabla4[[#This Row],[SERVICIO 2025]],$J$2:$V$14,8,0)*Tabla4[[#This Row],[TOTAL COBERTURA]] -> 0 | AP39: =VLOOKUP(Tabla4[[#This Row],[SERVICIO 2025]],$J$2:$V$14,3,0)*Tabla4[[#This Row],[TOTAL COBERTURA]]*8 -> 29163512 | AR39: =Tabla4[[#This Row],[VALOR FASE PREPARATORIA DE ALISTAMIENTO]]+Tabla4[[#This Row],[VALOR FASE PREPARATORIA DE CIERRE]]+Tabla4[[#This Row],[DOTACIÓN ÚNICA]]+Tabla4[[#This Row],[VALOR ATENCIÓN]]+Tabla4[[#This Row],[VALOR RACION PREPARADA]] -> 30305814 | AS39: =+IF(Tabla4[[#This Row],[AGRUPACIONES]]=1,SUMIFS(Tabla4[VALOR TOTAL],Tabla4[ZONA DEFINITIVO],Tabla4[[#This Row],[ZONA DEFINITIVO]])," ") | AT39: =(VLOOKUP(Tabla4[[#This Row],[SERVICIO 2025]],$J$2:$V$14,3,0)*Tabla4[[#This Row],[TOTAL COBERTURA]])+Tabla4[[#This Row],[VALOR FASE PREPARATORIA DE ALISTAMIENTO]]+Tabla4[[#This Row],[DOTACIÓN ÚNICA]] -> 4262440 | AU39: =(VLOOKUP(Tabla4[[#This Row],[SERVICIO 2025]],$J$2:$V$14,3,0)*Tabla4[[#This Row],[TOTAL COBERTURA]]) -> 3645439 | AV39: =(VLOOKUP(Tabla4[[#This Row],[SERVICIO 2025]],$J$2:$V$14,3,0)*Tabla4[[#This Row],[TOTAL COBERTURA]]) -> 3645439 | AW39: =(VLOOKUP(Tabla4[[#This Row],[SERVICIO 2025]],$J$2:$V$14,3,0)*Tabla4[[#This Row],[TOTAL COBERTURA]]) -> 3645439 | AX39: =(VLOOKUP(Tabla4[[#This Row],[SERVICIO 2025]],$J$2:$V$14,3,0)*Tabla4[[#This Row],[TOTAL COBERTURA]]) -> 3645439 | AY39: =(VLOOKUP(Tabla4[[#This Row],[SERVICIO 2025]],$J$2:$V$14,3,0)*Tabla4[[#This Row],[TOTAL COBERTURA]]) -> 3645439 | AZ39: =(VLOOKUP(Tabla4[[#This Row],[SERVICIO 2025]],$J$2:$V$14,3,0)*Tabla4[[#This Row],[TOTAL COBERTURA]]) -> 3645439 | BA39: =(VLOOKUP(Tabla4[[#This Row],[SERVICIO 2025]],$J$2:$V$14,3,0)*Tabla4[[#This Row],[TOTAL COBERTURA]])+Tabla4[[#This Row],[VALOR FASE PREPARATORIA DE CIERRE]] -> 4170740 | BB39: =SUM(Tabla4[[#This Row],[DESEMBOLSO 1]:[DESEMBOLSO 8]]) -> 30305814 | BC39: =VLOOKUP(Tabla4[[#This Row],[SERVICIO 2025]],$J$2:$V$14,10,0)*Tabla4[[#This Row],[TOTAL COBERTURA]]*$W$3 -> 0 | BD39: CONTRATO COSTEADO CON ALIMENTACION | BE39: =EXACT(Tabla4[[#This Row],[VALOR ATENCIÓN (8 MESES)]],Tabla4[[#This Row],[VALOR TOTAL]]) -> TRUE | BF39: =Tabla4[[#This Row],[VALOR ATENCIÓN (8 MESES)]]-Tabla4[[#This Row],[VALOR TOTAL]] -> 0 | BG39: =EXACT(Tabla4[[#This Row],[TOTAL DESEMBOLSOS]],Tabla4[[#This Row],[VALOR ATENCIÓN (8 MESES)]]) -> TRUE | BH39: =Tabla4[[#This Row],[TOTAL DESEMBOLSOS]]-Tabla4[[#This Row],[VALOR ATENCIÓN (8 MESES)]] -> 0 | BI39: RADICADAS
A40: 1888 | B40: 05005732025 | C40: LOTE 2 | D40: CZ INTEGRAL NOROCCIDENTAL | E40: MEDELLIN | F40: HOGAR INFANTIL - INSTITUCIONAL | G40: PRESTAR LOS SERVICIOS DE EDUCACIÓN INICIAL EN EL MARCO DE LA ATENCIÓN INTEGRAL A LA PRIMERA INFANCIA DE CONFORMIDAD CON LOS MANUALES TÉCNICOS, GUÍAS OPERATIVAS PARA LA ATENCIÓN A LA PRIMERA INFANCIA Y LOS LINEAMIENTOS ESTABLECIDOS POR EL ICBF, EN ARMONÍA CON LA POLÍTICA DE ESTADO PARA EL DESARROLLO INTEGRAL DE LA PRIMERA INFANCIA DE “CERO A SIEMPRE | H40: CL 77 C 88 21 VILLA DE LA CANDELARIA | I40: 500100075073 | J40: HOGAR INFANTIL VILLA DE LA CANDELARIA | K40: 1 | L40: 210 | N40: 1888 | O40: ARTÍCULO 34 CONTRATACIÓN CON EL REGISTRO ÚNICO DE OFERENTES | R40: C-4602-1500-9-704020-4602020-02-161 | S40: 10 | T40: 900155293 | U40: CORPORACIÓN COMUNIQUÉMONOS | V40: =VLOOKUP(Tabla4[[#This Row],[ZONA DEFINITIVO]],Hoja1!$A$1:$D$121,3,0) -> 228987 | W40: =VLOOKUP(Tabla4[[#This Row],[ZONA DEFINITIVO]],Hoja1!$A$1:$D$121,2,0) -> 15168 | X40: =VLOOKUP(Tabla4[[#This Row],[ZONA DEFINITIVO]],Hoja1!$A$1:$D$121,4,0) -> 91025 | Y40: =+IF(Tabla4[[#This Row],[AGRUPACIONES]]=1,SUMIFS(Tabla4[UDS],Tabla4[ZONA DEFINITIVO],Tabla4[[#This Row],[ZONA DEFINITIVO]])," ") | Z40: =+IF(Tabla4[[#This Row],[AGRUPACIONES]]=1,SUMIFS(Tabla4[TOTAL COBERTURA],Tabla4[ZONA DEFINITIVO],Tabla4[[#This Row],[ZONA DEFINITIVO]])," ") | AB40: 879658500 | AC40: 0.02 | AD40: =AB40*AC40 -> 17593170 | AF40: =COUNTIF($A$20:A40,A40) -> 3 | AG40: 879658500 | AH40: =Tabla4[[#This Row],[VALOR CONTRAPARTIDA]]+Tabla4[[#This Row],[TOTAL APORTES ICBF]] -> 897251670 | AM40: =VLOOKUP(Tabla4[[#This Row],[SERVICIO 2025]],$J$2:$V$14,5,0)*Tabla4[[#This Row],[TOTAL COBERTURA]] -> 18510030 | AN40: =VLOOKUP(Tabla4[[#This Row],[SERVICIO 2025]],$J$2:$V$14,6,0)*Tabla4[[#This Row],[TOTAL COBERTURA]] -> 15759030 | AO40: =VLOOKUP(Tabla4[[#This Row],[SERVICIO 2025]],$J$2:$V$14,8,0)*Tabla4[[#This Row],[TOTAL COBERTURA]] -> 0 | AP40: =VLOOKUP(Tabla4[[#This Row],[SERVICIO 2025]],$J$2:$V$14,3,0)*Tabla4[[#This Row],[TOTAL COBERTURA]]*8 -> 845389440 | AR40: =Tabla4[[#This Row],[VALOR FASE PREPARATORIA DE ALISTAMIENTO]]+Tabla4[[#This Row],[VALOR FASE PREPARATORIA DE CIERRE]]+Tabla4[[#This Row],[DOTACIÓN ÚNICA]]+Tabla4[[#This Row],[VALOR ATENCIÓN]]+Tabla4[[#This Row],[VALOR RACION PREPARADA]] -> 879658500 | AS40: =+IF(Tabla4[[#This Row],[AGRUPACIONES]]=1,SUMIFS(Tabla4[VALOR TOTAL],Tabla4[ZONA DEFINITIVO],Tabla4[[#This Row],[ZONA DEFINITIVO]])," ") | AT40: =(VLOOKUP(Tabla4[[#This Row],[SERVICIO 2025]],$J$2:$V$14,3,0)*Tabla4[[#This Row],[TOTAL COBERTURA]])+Tabla4[[#This Row],[VALOR FASE PREPARATORIA DE ALISTAMIENTO]]+Tabla4[[#This Row],[DOTACIÓN ÚNICA]] -> 124183710 | AU40: =(VLOOKUP(Tabla4[[#This Row],[SERVICIO 2025]],$J$2:$V$14,3,0)*Tabla4[[#This Row],[TOTAL COBERTURA]]) -> 105673680 | AV40: =(VLOOKUP(Tabla4[[#This Row],[SERVICIO 2025]],$J$2:$V$14,3,0)*Tabla4[[#This Row],[TOTAL COBERTURA]]) -> 105673680 | AW40: =(VLOOKUP(Tabla4[[#This Row],[SERVICIO 2025]],$J$2:$V$14,3,0)*Tabla4[[#This Row],[TOTAL COBERTURA]]) -> 105673680 | AX40: =(VLOOKUP(Tabla4[[#This Row],[SERVICIO 2025]],$J$2:$V$14,3,0)*Tabla4[[#This Row],[TOTAL COBERTURA]]) -> 105673680 | AY40: =(VLOOKUP(Tabla4[[#This Row],[SERVICIO 2025]],$J$2:$V$14,3,0)*Tabla4[[#This Row],[TOTAL COBERTURA]]) -> 105673680 | AZ40: =(VLOOKUP(Tabla4[[#This Row],[SERVICIO 2025]],$J$2:$V$14,3,0)*Tabla4[[#This Row],[TOTAL COBERTURA]]) -> 105673680 | BA40: =(VLOOKUP(Tabla4[[#This Row],[SERVICIO 2025]],$J$2:$V$14,3,0)*Tabla4[[#This Row],[TOTAL COBERTURA]])+Tabla4[[#This Row],[VALOR FASE PREPARATORIA DE CIERRE]] -> 121432710 | BB40: =SUM(Tabla4[[#This Row],[DESEMBOLSO 1]:[DESEMBOLSO 8]]) -> 879658500 | BC40: =VLOOKUP(Tabla4[[#This Row],[SERVICIO 2025]],$J$2:$V$14,10,0)*Tabla4[[#This Row],[TOTAL COBERTURA]]*$W$3 -> 0 | BD40: CONTRATO COSTEADO CON ALIMENTACION | BE40: =EXACT(Tabla4[[#This Row],[VALOR ATENCIÓN (8 MESES)]],Tabla4[[#This Row],[VALOR TOTAL]]) -> TRUE | BF40: =Tabla4[[#This Row],[VALOR ATENCIÓN (8 MESES)]]-Tabla4[[#This Row],[VALOR TOTAL]] -> 0 | BG40: =EXACT(Tabla4[[#This Row],[TOTAL DESEMBOLSOS]],Tabla4[[#This Row],[VALOR ATENCIÓN (8 MESES)]]) -> TRUE | BH40: =Tabla4[[#This Row],[TOTAL DESEMBOLSOS]]-Tabla4[[#This Row],[VALOR ATENCIÓN (8 MESES)]] -> 0 | BI40: RADICADAS
A41: 1888 | B41: 05005732025 | C41: LOTE 2 | D41: CZ INTEGRAL NOROCCIDENTAL | E41: MEDELLIN | F41: HOGAR INFANTIL - INSTITUCIONAL | G41: PRESTAR LOS SERVICIOS DE EDUCACIÓN INICIAL EN EL MARCO DE LA ATENCIÓN INTEGRAL A LA PRIMERA INFANCIA DE CONFORMIDAD CON LOS MANUALES TÉCNICOS, GUÍAS OPERATIVAS PARA LA ATENCIÓN A LA PRIMERA INFANCIA Y LOS LINEAMIENTOS ESTABLECIDOS POR EL ICBF, EN ARMONÍA CON LA POLÍTICA DE ESTADO PARA EL DESARROLLO INTEGRAL DE LA PRIMERA INFANCIA DE “CERO A SIEMPRE | H41: CL 105 A 71 A 83 | I41: 500100080101 | J41: HOGAR INFANTIL JUAN MATACHIN | K41: 1 | L41: 87 | N41: 1888 | O41: ARTÍCULO 34 CONTRATACIÓN CON EL REGISTRO ÚNICO DE OFERENTES | R41: C-4602-1500-9-704020-4602020-02-161 | S41: 10 | T41: 900155293 | U41: CORPORACIÓN COMUNIQUÉMONOS | V41: =VLOOKUP(Tabla4[[#This Row],[ZONA DEFINITIVO]],Hoja1!$A$1:$D$121,3,0) -> 228987 | W41: =VLOOKUP(Tabla4[[#This Row],[ZONA DEFINITIVO]],Hoja1!$A$1:$D$121,2,0) -> 15168 | X41: =VLOOKUP(Tabla4[[#This Row],[ZONA DEFINITIVO]],Hoja1!$A$1:$D$121,4,0) -> 91025 | Y41: =+IF(Tabla4[[#This Row],[AGRUPACIONES]]=1,SUMIFS(Tabla4[UDS],Tabla4[ZONA DEFINITIVO],Tabla4[[#This Row],[ZONA DEFINITIVO]])," ") | Z41: =+IF(Tabla4[[#This Row],[AGRUPACIONES]]=1,SUMIFS(Tabla4[TOTAL COBERTURA],Tabla4[ZONA DEFINITIVO],Tabla4[[#This Row],[ZONA DEFINITIVO]])," ") | AB41: 364429950 | AC41: 0.02 | AD41: =AB41*AC41 -> 7288599 | AF41: =COUNTIF($A$20:A41,A41) -> 4 | AG41: 364429950 | AH41: =Tabla4[[#This Row],[VALOR CONTRAPARTIDA]]+Tabla4[[#This Row],[TOTAL APORTES ICBF]] -> 371718549 | AM41: =VLOOKUP(Tabla4[[#This Row],[SERVICIO 2025]],$J$2:$V$14,5,0)*Tabla4[[#This Row],[TOTAL COBERTURA]] -> 7668441 | AN41: =VLOOKUP(Tabla4[[#This Row],[SERVICIO 2025]],$J$2:$V$14,6,0)*Tabla4[[#This Row],[TOTAL COBERTURA]] -> 6528741 | AO41: =VLOOKUP(Tabla4[[#This Row],[SERVICIO 2025]],$J$2:$V$14,8,0)*Tabla4[[#This Row],[TOTAL COBERTURA]] -> 0 | AP41: =VLOOKUP(Tabla4[[#This Row],[SERVICIO 2025]],$J$2:$V$14,3,0)*Tabla4[[#This Row],[TOTAL COBERTURA]]*8 -> 350232768 | AR41: =Tabla4[[#This Row],[VALOR FASE PREPARATORIA DE ALISTAMIENTO]]+Tabla4[[#This Row],[VALOR FASE PREPARATORIA DE CIERRE]]+Tabla4[[#This Row],[DOTACIÓN ÚNICA]]+Tabla4[[#This Row],[VALOR ATENCIÓN]]+Tabla4[[#This Row],[VALOR RACION PREPARADA]] -> 364429950 | AS41: =+IF(Tabla4[[#This Row],[AGRUPACIONES]]=1,SUMIFS(Tabla4[VALOR TOTAL],Tabla4[ZONA DEFINITIVO],Tabla4[[#This Row],[ZONA DEFINITIVO]])," ") | AT41: =(VLOOKUP(Tabla4[[#This Row],[SERVICIO 2025]],$J$2:$V$14,3,0)*Tabla4[[#This Row],[TOTAL COBERTURA]])+Tabla4[[#This Row],[VALOR FASE PREPARATORIA DE ALISTAMIENTO]]+Tabla4[[#This Row],[DOTACIÓN ÚNICA]] -> 51447537 | AU41: =(VLOOKUP(Tabla4[[#This Row],[SERVICIO 2025]],$J$2:$V$14,3,0)*Tabla4[[#This Row],[TOTAL COBERTURA]]) -> 43779096 | AV41: =(VLOOKUP(Tabla4[[#This Row],[SERVICIO 2025]],$J$2:$V$14,3,0)*Tabla4[[#This Row],[TOTAL COBERTURA]]) -> 43779096 | AW41: =(VLOOKUP(Tabla4[[#This Row],[SERVICIO 2025]],$J$2:$V$14,3,0)*Tabla4[[#This Row],[TOTAL COBERTURA]]) -> 43779096 | AX41: =(VLOOKUP(Tabla4[[#This Row],[SERVICIO 2025]],$J$2:$V$14,3,0)*Tabla4[[#This Row],[TOTAL COBERTURA]]) -> 43779096 | AY41: =(VLOOKUP(Tabla4[[#This Row],[SERVICIO 2025]],$J$2:$V$14,3,0)*Tabla4[[#This Row],[TOTAL COBERTURA]]) -> 43779096 | AZ41: =(VLOOKUP(Tabla4[[#This Row],[SERVICIO 2025]],$J$2:$V$14,3,0)*Tabla4[[#This Row],[TOTAL COBERTURA]]) -> 43779096 | BA41: =(VLOOKUP(Tabla4[[#This Row],[SERVICIO 2025]],$J$2:$V$14,3,0)*Tabla4[[#This Row],[TOTAL COBERTURA]])+Tabla4[[#This Row],[VALOR FASE PREPARATORIA DE CIERRE]] -> 50307837 | BB41: =SUM(Tabla4[[#This Row],[DESEMBOLSO 1]:[DESEMBOLSO 8]]) -> 364429950 | BC41: =VLOOKUP(Tabla4[[#This Row],[SERVICIO 2025]],$J$2:$V$14,10,0)*Tabla4[[#This Row],[TOTAL COBERTURA]]*$W$3 -> 0 | BD41: CONTRATO COSTEADO CON ALIMENTACION | BE41: =EXACT(Tabla4[[#This Row],[VALOR ATENCIÓN (8 MESES)]],Tabla4[[#This Row],[VALOR TOTAL]]) -> TRUE | BF41: =Tabla4[[#This Row],[VALOR ATENCIÓN (8 MESES)]]-Tabla4[[#This Row],[VALOR TOTAL]] -> 0 | BG41: =EXACT(Tabla4[[#This Row],[TOTAL DESEMBOLSOS]],Tabla4[[#This Row],[VALOR ATENCIÓN (8 MESES)]]) -> TRUE | BH41: =Tabla4[[#This Row],[TOTAL DESEMBOLSOS]]-Tabla4[[#This Row],[VALOR ATENCIÓN (8 MESES)]] -> 0 | BI41: RADICADAS
A42: 1888 | B42: 05005732025 | C42: LOTE 2 | D42: CZ INTEGRAL NOROCCIDENTAL | E42: MEDELLIN | F42: HOGAR INFANTIL - INSTITUCIONAL | G42: PRESTAR LOS SERVICIOS DE EDUCACIÓN INICIAL EN EL MARCO DE LA ATENCIÓN INTEGRAL A LA PRIMERA INFANCIA DE CONFORMIDAD CON LOS MANUALES TÉCNICOS, GUÍAS OPERATIVAS PARA LA ATENCIÓN A LA PRIMERA INFANCIA Y LOS LINEAMIENTOS ESTABLECIDOS POR EL ICBF, EN ARMONÍA CON LA POLÍTICA DE ESTADO PARA EL DESARROLLO INTEGRAL DE LA PRIMERA INFANCIA DE “CERO A SIEMPRE | H42: KR 83 AA 94 A 5 | I42: 500100080502 | J42: HOGAR INFANTIL GIRASOLES | K42: 1 | L42: 28 | N42: 1888 | O42: ARTÍCULO 34 CONTRATACIÓN CON EL REGISTRO ÚNICO DE OFERENTES | R42: C-4602-1500-9-704020-4602020-02-161 | S42: 10 | T42: 900155293 | U42: CORPORACIÓN COMUNIQUÉMONOS | V42: =VLOOKUP(Tabla4[[#This Row],[ZONA DEFINITIVO]],Hoja1!$A$1:$D$121,3,0) -> 228987 | W42: =VLOOKUP(Tabla4[[#This Row],[ZONA DEFINITIVO]],Hoja1!$A$1:$D$121,2,0) -> 15168 | X42: =VLOOKUP(Tabla4[[#This Row],[ZONA DEFINITIVO]],Hoja1!$A$1:$D$121,4,0) -> 91025 | Y42: =+IF(Tabla4[[#This Row],[AGRUPACIONES]]=1,SUMIFS(Tabla4[UDS],Tabla4[ZONA DEFINITIVO],Tabla4[[#This Row],[ZONA DEFINITIVO]])," ") | Z42: =+IF(Tabla4[[#This Row],[AGRUPACIONES]]=1,SUMIFS(Tabla4[TOTAL COBERTURA],Tabla4[ZONA DEFINITIVO],Tabla4[[#This Row],[ZONA DEFINITIVO]])," ") | AB42: 117287800 | AC42: 0.02 | AD42: =AB42*AC42 -> 2345756 | AF42: =COUNTIF($A$20:A42,A42) -> 5 | AG42: 117287800 | AH42: =Tabla4[[#This Row],[VALOR CONTRAPARTIDA]]+Tabla4[[#This Row],[TOTAL APORTES ICBF]] -> 119633556 | AM42: =VLOOKUP(Tabla4[[#This Row],[SERVICIO 2025]],$J$2:$V$14,5,0)*Tabla4[[#This Row],[TOTAL COBERTURA]] -> 2468004 | AN42: =VLOOKUP(Tabla4[[#This Row],[SERVICIO 2025]],$J$2:$V$14,6,0)*Tabla4[[#This Row],[TOTAL COBERTURA]] -> 2101204 | AO42: =VLOOKUP(Tabla4[[#This Row],[SERVICIO 2025]],$J$2:$V$14,8,0)*Tabla4[[#This Row],[TOTAL COBERTURA]] -> 0 | AP42: =VLOOKUP(Tabla4[[#This Row],[SERVICIO 2025]],$J$2:$V$14,3,0)*Tabla4[[#This Row],[TOTAL COBERTURA]]*8 -> 112718592 | AR42: =Tabla4[[#This Row],[VALOR FASE PREPARATORIA DE ALISTAMIENTO]]+Tabla4[[#This Row],[VALOR FASE PREPARATORIA DE CIERRE]]+Tabla4[[#This Row],[DOTACIÓN ÚNICA]]+Tabla4[[#This Row],[VALOR ATENCIÓN]]+Tabla4[[#This Row],[VALOR RACION PREPARADA]] -> 117287800 | AS42: =+IF(Tabla4[[#This Row],[AGRUPACIONES]]=1,SUMIFS(Tabla4[VALOR TOTAL],Tabla4[ZONA DEFINITIVO],Tabla4[[#This Row],[ZONA DEFINITIVO]])," ") | AT42: =(VLOOKUP(Tabla4[[#This Row],[SERVICIO 2025]],$J$2:$V$14,3,0)*Tabla4[[#This Row],[TOTAL COBERTURA]])+Tabla4[[#This Row],[VALOR FASE PREPARATORIA DE ALISTAMIENTO]]+Tabla4[[#This Row],[DOTACIÓN ÚNICA]] -> 16557828 | AU42: =(VLOOKUP(Tabla4[[#This Row],[SERVICIO 2025]],$J$2:$V$14,3,0)*Tabla4[[#This Row],[TOTAL COBERTURA]]) -> 14089824 | AV42: =(VLOOKUP(Tabla4[[#This Row],[SERVICIO 2025]],$J$2:$V$14,3,0)*Tabla4[[#This Row],[TOTAL COBERTURA]]) -> 14089824 | AW42: =(VLOOKUP(Tabla4[[#This Row],[SERVICIO 2025]],$J$2:$V$14,3,0)*Tabla4[[#This Row],[TOTAL COBERTURA]]) -> 14089824 | AX42: =(VLOOKUP(Tabla4[[#This Row],[SERVICIO 2025]],$J$2:$V$14,3,0)*Tabla4[[#This Row],[TOTAL COBERTURA]]) -> 14089824 | AY42: =(VLOOKUP(Tabla4[[#This Row],[SERVICIO 2025]],$J$2:$V$14,3,0)*Tabla4[[#This Row],[TOTAL COBERTURA]]) -> 14089824 | AZ42: =(VLOOKUP(Tabla4[[#This Row],[SERVICIO 2025]],$J$2:$V$14,3,0)*Tabla4[[#This Row],[TOTAL COBERTURA]]) -> 14089824 | BA42: =(VLOOKUP(Tabla4[[#This Row],[SERVICIO 2025]],$J$2:$V$14,3,0)*Tabla4[[#This Row],[TOTAL COBERTURA]])+Tabla4[[#This Row],[VALOR FASE PREPARATORIA DE CIERRE]] -> 16191028 | BB42: =SUM(Tabla4[[#This Row],[DESEMBOLSO 1]:[DESEMBOLSO 8]]) -> 117287800 | BC42: =VLOOKUP(Tabla4[[#This Row],[SERVICIO 2025]],$J$2:$V$14,10,0)*Tabla4[[#This Row],[TOTAL COBERTURA]]*$W$3 -> 0 | BD42: CONTRATO COSTEADO CON ALIMENTACION | BE42: =EXACT(Tabla4[[#This Row],[VALOR ATENCIÓN (8 MESES)]],Tabla4[[#This Row],[VALOR TOTAL]]) -> TRUE | BF42: =Tabla4[[#This Row],[VALOR ATENCIÓN (8 MESES)]]-Tabla4[[#This Row],[VALOR TOTAL]] -> 0 | BG42: =EXACT(Tabla4[[#This Row],[TOTAL DESEMBOLSOS]],Tabla4[[#This Row],[VALOR ATENCIÓN (8 MESES)]]) -> TRUE | BH42: =Tabla4[[#This Row],[TOTAL DESEMBOLSOS]]-Tabla4[[#This Row],[VALOR ATENCIÓN (8 MESES)]] -> 0 | BI42: RADICADAS
A43: 1888 | B43: 05005732025 | C43: LOTE 2 | D43: CZ INTEGRAL NOROCCIDENTAL | E43: MEDELLIN | F43: HOGAR INFANTIL - INSTITUCIONAL | G43: PRESTAR LOS SERVICIOS DE EDUCACIÓN INICIAL EN EL MARCO DE LA ATENCIÓN INTEGRAL A LA PRIMERA INFANCIA DE CONFORMIDAD CON LOS MANUALES TÉCNICOS, GUÍAS OPERATIVAS PARA LA ATENCIÓN A LA PRIMERA INFANCIA Y LOS LINEAMIENTOS ESTABLECIDOS POR EL ICBF, EN ARMONÍA CON LA POLÍTICA DE ESTADO PARA EL DESARROLLO INTEGRAL DE LA PRIMERA INFANCIA DE “CERO A SIEMPRE | H43: CL 94 AA 82 A 45 | I43: 500100082829 | J43: HOGAR INFANTIL PAN PRINCIPIANTES | K43: 1 | L43: 67 | N43: 1888 | O43: ARTÍCULO 34 CONTRATACIÓN CON EL REGISTRO ÚNICO DE OFERENTES | R43: C-4602-1500-9-704020-4602020-02-161 | S43: 10 | T43: 900155293 | U43: CORPORACIÓN COMUNIQUÉMONOS | V43: =VLOOKUP(Tabla4[[#This Row],[ZONA DEFINITIVO]],Hoja1!$A$1:$D$121,3,0) -> 228987 | W43: =VLOOKUP(Tabla4[[#This Row],[ZONA DEFINITIVO]],Hoja1!$A$1:$D$121,2,0) -> 15168 | X43: =VLOOKUP(Tabla4[[#This Row],[ZONA DEFINITIVO]],Hoja1!$A$1:$D$121,4,0) -> 91025 | Y43: =+IF(Tabla4[[#This Row],[AGRUPACIONES]]=1,SUMIFS(Tabla4[UDS],Tabla4[ZONA DEFINITIVO],Tabla4[[#This Row],[ZONA DEFINITIVO]])," ") | Z43: =+IF(Tabla4[[#This Row],[AGRUPACIONES]]=1,SUMIFS(Tabla4[TOTAL COBERTURA],Tabla4[ZONA DEFINITIVO],Tabla4[[#This Row],[ZONA DEFINITIVO]])," ") | AB43: 280652950 | AC43: 0.02 | AD43: =AB43*AC43 -> 5613059 | AF43: =COUNTIF($A$20:A43,A43) -> 6 | AG43: 280652950 | AH43: =Tabla4[[#This Row],[VALOR CONTRAPARTIDA]]+Tabla4[[#This Row],[TOTAL APORTES ICBF]] -> 286266009 | AM43: =VLOOKUP(Tabla4[[#This Row],[SERVICIO 2025]],$J$2:$V$14,5,0)*Tabla4[[#This Row],[TOTAL COBERTURA]] -> 5905581 | AN43: =VLOOKUP(Tabla4[[#This Row],[SERVICIO 2025]],$J$2:$V$14,6,0)*Tabla4[[#This Row],[TOTAL COBERTURA]] -> 5027881 | AO43: =VLOOKUP(Tabla4[[#This Row],[SERVICIO 2025]],$J$2:$V$14,8,0)*Tabla4[[#This Row],[TOTAL COBERTURA]] -> 0 | AP43: =VLOOKUP(Tabla4[[#This Row],[SERVICIO 2025]],$J$2:$V$14,3,0)*Tabla4[[#This Row],[TOTAL COBERTURA]]*8 -> 269719488 | AR43: =Tabla4[[#This Row],[VALOR FASE PREPARATORIA DE ALISTAMIENTO]]+Tabla4[[#This Row],[VALOR FASE PREPARATORIA DE CIERRE]]+Tabla4[[#This Row],[DOTACIÓN ÚNICA]]+Tabla4[[#This Row],[VALOR ATENCIÓN]]+Tabla4[[#This Row],[VALOR RACION PREPARADA]] -> 280652950 | AS43: =+IF(Tabla4[[#This Row],[AGRUPACIONES]]=1,SUMIFS(Tabla4[VALOR TOTAL],Tabla4[ZONA DEFINITIVO],Tabla4[[#This Row],[ZONA DEFINITIVO]])," ") | AT43: =(VLOOKUP(Tabla4[[#This Row],[SERVICIO 2025]],$J$2:$V$14,3,0)*Tabla4[[#This Row],[TOTAL COBERTURA]])+Tabla4[[#This Row],[VALOR FASE PREPARATORIA DE ALISTAMIENTO]]+Tabla4[[#This Row],[DOTACIÓN ÚNICA]] -> 39620517 | AU43: =(VLOOKUP(Tabla4[[#This Row],[SERVICIO 2025]],$J$2:$V$14,3,0)*Tabla4[[#This Row],[TOTAL COBERTURA]]) -> 33714936 | AV43: =(VLOOKUP(Tabla4[[#This Row],[SERVICIO 2025]],$J$2:$V$14,3,0)*Tabla4[[#This Row],[TOTAL COBERTURA]]) -> 33714936 | AW43: =(VLOOKUP(Tabla4[[#This Row],[SERVICIO 2025]],$J$2:$V$14,3,0)*Tabla4[[#This Row],[TOTAL COBERTURA]]) -> 33714936 | AX43: =(VLOOKUP(Tabla4[[#This Row],[SERVICIO 2025]],$J$2:$V$14,3,0)*Tabla4[[#This Row],[TOTAL COBERTURA]]) -> 33714936 | AY43: =(VLOOKUP(Tabla4[[#This Row],[SERVICIO 2025]],$J$2:$V$14,3,0)*Tabla4[[#This Row],[TOTAL COBERTURA]]) -> 33714936 | AZ43: =(VLOOKUP(Tabla4[[#This Row],[SERVICIO 2025]],$J$2:$V$14,3,0)*Tabla4[[#This Row],[TOTAL COBERTURA]]) -> 33714936 | BA43: =(VLOOKUP(Tabla4[[#This Row],[SERVICIO 2025]],$J$2:$V$14,3,0)*Tabla4[[#This Row],[TOTAL COBERTURA]])+Tabla4[[#This Row],[VALOR FASE PREPARATORIA DE CIERRE]] -> 38742817 | BB43: =SUM(Tabla4[[#This Row],[DESEMBOLSO 1]:[DESEMBOLSO 8]]) -> 280652950 | BC43: =VLOOKUP(Tabla4[[#This Row],[SERVICIO 2025]],$J$2:$V$14,10,0)*Tabla4[[#This Row],[TOTAL COBERTURA]]*$W$3 -> 0 | BD43: CONTRATO COSTEADO CON ALIMENTACION | BE43: =EXACT(Tabla4[[#This Row],[VALOR ATENCIÓN (8 MESES)]],Tabla4[[#This Row],[VALOR TOTAL]]) -> TRUE | BF43: =Tabla4[[#This Row],[VALOR ATENCIÓN (8 MESES)]]-Tabla4[[#This Row],[VALOR TOTAL]] -> 0 | BG43: =EXACT(Tabla4[[#This Row],[TOTAL DESEMBOLSOS]],Tabla4[[#This Row],[VALOR ATENCIÓN (8 MESES)]]) -> TRUE | BH43: =Tabla4[[#This Row],[TOTAL DESEMBOLSOS]]-Tabla4[[#This Row],[VALOR ATENCIÓN (8 MESES)]] -> 0 | BI43: RADICADAS
A44: 1889 | B44: 05005432025 | C44: LOTE 2 | D44: CZ INTEGRAL NORORIENTAL | E44: MEDELLIN | F44: CENTRO DE DESARROLLO INFANTIL CON ARRIENDO - INSTITUCIONAL | G44: PRESTAR LOS SERVICIOS DE EDUCACIÓN INICIAL EN EL MARCO DE LA ATENCIÓN INTEGRAL A LA PRIMERA INFANCIA DE CONFORMIDAD CON LOS MANUALES TÉCNICOS, GUÍAS OPERATIVAS PARA LA ATENCIÓN A LA PRIMERA INFANCIA Y LOS LINEAMIENTOS ESTABLECIDOS POR EL ICBF, EN ARMONÍA CON LA POLÍTICA DE ESTADO PARA EL DESARROLLO INTEGRAL DE LA PRIMERA INFANCIA DE “CERO A SIEMPRE | H44: CL 78 48 A 38 | I44: 500100018291 | J44: SOLINA GALLEGO | K44: 1 | L44: 22 | N44: 1889 | O44: ARTÍCULO 34 CONTRATACIÓN CON EL REGISTRO ÚNICO DE OFERENTES | R44: C-4602-1500-9-704020-4602020-02-161 | S44: 10 | T44: 900325081 | U44: CORPORACIÓN COLOMBIA AVANZA | V44: =VLOOKUP(Tabla4[[#This Row],[ZONA DEFINITIVO]],Hoja1!$A$1:$D$121,3,0) -> 228989 | W44: =VLOOKUP(Tabla4[[#This Row],[ZONA DEFINITIVO]],Hoja1!$A$1:$D$121,2,0) -> 15178 | X44: =VLOOKUP(Tabla4[[#This Row],[ZONA DEFINITIVO]],Hoja1!$A$1:$D$121,4,0) -> 82025 | Y44: =+IF(Tabla4[[#This Row],[AGRUPACIONES]]=1,SUMIFS(Tabla4[UDS],Tabla4[ZONA DEFINITIVO],Tabla4[[#This Row],[ZONA DEFINITIVO]])," ") -> 13 | Z44: =+IF(Tabla4[[#This Row],[AGRUPACIONES]]=1,SUMIFS(Tabla4[TOTAL COBERTURA],Tabla4[ZONA DEFINITIVO],Tabla4[[#This Row],[ZONA DEFINITIVO]])," ") -> 682 | AB44: 95246844 | AC44: 0.02 | AD44: =AB44*AC44 -> 1904936.9 | AF44: =COUNTIF($A$20:A44,A44) -> 1 | AG44: 95246844 | AH44: =Tabla4[[#This Row],[VALOR CONTRAPARTIDA]]+Tabla4[[#This Row],[TOTAL APORTES ICBF]] -> 97151781 | AI44: =ROUND(+IF(Tabla4[[#This Row],[AGRUPACIONES]]=1,SUMIFS(Tabla4[TOTAL APORTES ICBF],Tabla4[ZONA DEFINITIVO],Tabla4[[#This Row],[ZONA DEFINITIVO]])," "),0) -> 2908237732 | AJ44: =ROUND(+IF(Tabla4[[#This Row],[AGRUPACIONES]]=1,SUMIFS(Tabla4[VALOR CONTRAPARTIDA],Tabla4[ZONA DEFINITIVO],Tabla4[[#This Row],[ZONA DEFINITIVO]])," "),0) -> 58164755 | AK44: =Tabla4[[#This Row],[TOTAL APORTES ICBF AGRUPADO]]+Tabla4[[#This Row],[TOTAL CONTRAPARTIDA AGRUPADO]] -> 2966402487 | AL44: =Tabla4[[#This Row],[TOTAL APORTES ICBF AGRUPADO]]/$AL$18 -> 2043.0191 | AM44: =VLOOKUP(Tabla4[[#This Row],[SERVICIO 2025]],$J$2:$V$14,5,0)*Tabla4[[#This Row],[TOTAL COBERTURA]] -> 1939146 | AN44: =VLOOKUP(Tabla4[[#This Row],[SERVICIO 2025]],$J$2:$V$14,6,0)*Tabla4[[#This Row],[TOTAL COBERTURA]] -> 1650946 | AO44: =VLOOKUP(Tabla4[[#This Row],[SERVICIO 2025]],$J$2:$V$14,8,0)*Tabla4[[#This Row],[TOTAL COBERTURA]] -> 0 | AP44: =VLOOKUP(Tabla4[[#This Row],[SERVICIO 2025]],$J$2:$V$14,3,0)*Tabla4[[#This Row],[TOTAL COBERTURA]]*8 -> 91656752 | AR44: =Tabla4[[#This Row],[VALOR FASE PREPARATORIA DE ALISTAMIENTO]]+Tabla4[[#This Row],[VALOR FASE PREPARATORIA DE CIERRE]]+Tabla4[[#This Row],[DOTACIÓN ÚNICA]]+Tabla4[[#This Row],[VALOR ATENCIÓN]]+Tabla4[[#This Row],[VALOR RACION PREPARADA]] -> 95246844 | AS44: =+IF(Tabla4[[#This Row],[AGRUPACIONES]]=1,SUMIFS(Tabla4[VALOR TOTAL],Tabla4[ZONA DEFINITIVO],Tabla4[[#This Row],[ZONA DEFINITIVO]])," ") -> 2908237732 | AT44: =(VLOOKUP(Tabla4[[#This Row],[SERVICIO 2025]],$J$2:$V$14,3,0)*Tabla4[[#This Row],[TOTAL COBERTURA]])+Tabla4[[#This Row],[VALOR FASE PREPARATORIA DE ALISTAMIENTO]]+Tabla4[[#This Row],[DOTACIÓN ÚNICA]] -> 13396240 | AU44: =(VLOOKUP(Tabla4[[#This Row],[SERVICIO 2025]],$J$2:$V$14,3,0)*Tabla4[[#This Row],[TOTAL COBERTURA]]) -> 11457094 | AV44: =(VLOOKUP(Tabla4[[#This Row],[SERVICIO 2025]],$J$2:$V$14,3,0)*Tabla4[[#This Row],[TOTAL COBERTURA]]) -> 11457094 | AW44: =(VLOOKUP(Tabla4[[#This Row],[SERVICIO 2025]],$J$2:$V$14,3,0)*Tabla4[[#This Row],[TOTAL COBERTURA]]) -> 11457094 | AX44: =(VLOOKUP(Tabla4[[#This Row],[SERVICIO 2025]],$J$2:$V$14,3,0)*Tabla4[[#This Row],[TOTAL COBERTURA]]) -> 11457094 | AY44: =(VLOOKUP(Tabla4[[#This Row],[SERVICIO 2025]],$J$2:$V$14,3,0)*Tabla4[[#This Row],[TOTAL COBERTURA]]) -> 11457094 | AZ44: =(VLOOKUP(Tabla4[[#This Row],[SERVICIO 2025]],$J$2:$V$14,3,0)*Tabla4[[#This Row],[TOTAL COBERTURA]]) -> 11457094 | BA44: =(VLOOKUP(Tabla4[[#This Row],[SERVICIO 2025]],$J$2:$V$14,3,0)*Tabla4[[#This Row],[TOTAL COBERTURA]])+Tabla4[[#This Row],[VALOR FASE PREPARATORIA DE CIERRE]] -> 13108040 | BB44: =SUM(Tabla4[[#This Row],[DESEMBOLSO 1]:[DESEMBOLSO 8]]) -> 95246844 | BC44: =VLOOKUP(Tabla4[[#This Row],[SERVICIO 2025]],$J$2:$V$14,10,0)*Tabla4[[#This Row],[TOTAL COBERTURA]]*$W$3 -> 0 | BD44: CONTRATO COSTEADO CON ALIMENTACION | BE44: =EXACT(Tabla4[[#This Row],[VALOR ATENCIÓN (8 MESES)]],Tabla4[[#This Row],[VALOR TOTAL]]) -> TRUE | BF44: =Tabla4[[#This Row],[VALOR ATENCIÓN (8 MESES)]]-Tabla4[[#This Row],[VALOR TOTAL]] -> 0 | BG44: =EXACT(Tabla4[[#This Row],[TOTAL DESEMBOLSOS]],Tabla4[[#This Row],[VALOR ATENCIÓN (8 MESES)]]) -> TRUE | BH44: =Tabla4[[#This Row],[TOTAL DESEMBOLSOS]]-Tabla4[[#This Row],[VALOR ATENCIÓN (8 MESES)]] -> 0 | BI44: RADICADAS
A45: 1889 | B45: 05005432025 | C45: LOTE 2 | D45: CZ INTEGRAL NORORIENTAL | E45: MEDELLIN | F45: CENTRO DE DESARROLLO INFANTIL A - INSTITUCIONAL | G45: PRESTAR LOS SERVICIOS DE EDUCACIÓN INICIAL EN EL MARCO DE LA ATENCIÓN INTEGRAL A LA PRIMERA INFANCIA DE CONFORMIDAD CON LOS MANUALES TÉCNICOS, GUÍAS OPERATIVAS PARA LA ATENCIÓN A LA PRIMERA INFANCIA Y LOS LINEAMIENTOS ESTABLECIDOS POR EL ICBF, EN ARMONÍA CON LA POLÍTICA DE ESTADO PARA EL DESARROLLO INTEGRAL DE LA PRIMERA INFANCIA DE “CERO A SIEMPRE | H45: KR 43 85 152 | I45: 500100019984 | J45: MAMBRU | K45: 1 | L45: 170 | N45: 1889 | O45: ARTÍCULO 34 CONTRATACIÓN CON EL REGISTRO ÚNICO DE OFERENTES | R45: C-4602-1500-9-704020-4602020-02-161 | S45: 10 | T45: 900325081 | U45: CORPORACIÓN COLOMBIA AVANZA | V45: =VLOOKUP(Tabla4[[#This Row],[ZONA DEFINITIVO]],Hoja1!$A$1:$D$121,3,0) -> 228989 | W45: =VLOOKUP(Tabla4[[#This Row],[ZONA DEFINITIVO]],Hoja1!$A$1:$D$121,2,0) -> 15178 | X45: =VLOOKUP(Tabla4[[#This Row],[ZONA DEFINITIVO]],Hoja1!$A$1:$D$121,4,0) -> 82025 | Y45: =+IF(Tabla4[[#This Row],[AGRUPACIONES]]=1,SUMIFS(Tabla4[UDS],Tabla4[ZONA DEFINITIVO],Tabla4[[#This Row],[ZONA DEFINITIVO]])," ") | Z45: =+IF(Tabla4[[#This Row],[AGRUPACIONES]]=1,SUMIFS(Tabla4[TOTAL COBERTURA],Tabla4[ZONA DEFINITIVO],Tabla4[[#This Row],[ZONA DEFINITIVO]])," ") | AB45: 712104500 | AC45: 0.02 | AD45: =AB45*AC45 -> 14242090 | AF45: =COUNTIF($A$20:A45,A45) -> 2 | AG45: 712104500 | AH45: =Tabla4[[#This Row],[VALOR CONTRAPARTIDA]]+Tabla4[[#This Row],[TOTAL APORTES ICBF]] -> 726346590 | AM45: =VLOOKUP(Tabla4[[#This Row],[SERVICIO 2025]],$J$2:$V$14,5,0)*Tabla4[[#This Row],[TOTAL COBERTURA]] -> 14984310 | AN45: =VLOOKUP(Tabla4[[#This Row],[SERVICIO 2025]],$J$2:$V$14,6,0)*Tabla4[[#This Row],[TOTAL COBERTURA]] -> 12757310 | AO45: =VLOOKUP(Tabla4[[#This Row],[SERVICIO 2025]],$J$2:$V$14,8,0)*Tabla4[[#This Row],[TOTAL COBERTURA]] -> 0 | AP45: =VLOOKUP(Tabla4[[#This Row],[SERVICIO 2025]],$J$2:$V$14,3,0)*Tabla4[[#This Row],[TOTAL COBERTURA]]*8 -> 684362880 | AR45: =Tabla4[[#This Row],[VALOR FASE PREPARATORIA DE ALISTAMIENTO]]+Tabla4[[#This Row],[VALOR FASE PREPARATORIA DE CIERRE]]+Tabla4[[#This Row],[DOTACIÓN ÚNICA]]+Tabla4[[#This Row],[VALOR ATENCIÓN]]+Tabla4[[#This Row],[VALOR RACION PREPARADA]] -> 712104500 | AS45: =+IF(Tabla4[[#This Row],[AGRUPACIONES]]=1,SUMIFS(Tabla4[VALOR TOTAL],Tabla4[ZONA DEFINITIVO],Tabla4[[#This Row],[ZONA DEFINITIVO]])," ") | AT45: =(VLOOKUP(Tabla4[[#This Row],[SERVICIO 2025]],$J$2:$V$14,3,0)*Tabla4[[#This Row],[TOTAL COBERTURA]])+Tabla4[[#This Row],[VALOR FASE PREPARATORIA DE ALISTAMIENTO]]+Tabla4[[#This Row],[DOTACIÓN ÚNICA]] -> 100529670 | AU45: =(VLOOKUP(Tabla4[[#This Row],[SERVICIO 2025]],$J$2:$V$14,3,0)*Tabla4[[#This Row],[TOTAL COBERTURA]]) -> 85545360 | AV45: =(VLOOKUP(Tabla4[[#This Row],[SERVICIO 2025]],$J$2:$V$14,3,0)*Tabla4[[#This Row],[TOTAL COBERTURA]]) -> 85545360 | AW45: =(VLOOKUP(Tabla4[[#This Row],[SERVICIO 2025]],$J$2:$V$14,3,0)*Tabla4[[#This Row],[TOTAL COBERTURA]]) -> 85545360 | AX45: =(VLOOKUP(Tabla4[[#This Row],[SERVICIO 2025]],$J$2:$V$14,3,0)*Tabla4[[#This Row],[TOTAL COBERTURA]]) -> 85545360 | AY45: =(VLOOKUP(Tabla4[[#This Row],[SERVICIO 2025]],$J$2:$V$14,3,0)*Tabla4[[#This Row],[TOTAL COBERTURA]]) -> 85545360 | AZ45: =(VLOOKUP(Tabla4[[#This Row],[SERVICIO 2025]],$J$2:$V$14,3,0)*Tabla4[[#This Row],[TOTAL COBERTURA]]) -> 85545360 | BA45: =(VLOOKUP(Tabla4[[#This Row],[SERVICIO 2025]],$J$2:$V$14,3,0)*Tabla4[[#This Row],[TOTAL COBERTURA]])+Tabla4[[#This Row],[VALOR FASE PREPARATORIA DE CIERRE]] -> 98302670 | BB45: =SUM(Tabla4[[#This Row],[DESEMBOLSO 1]:[DESEMBOLSO 8]]) -> 712104500 | BC45: =VLOOKUP(Tabla4[[#This Row],[SERVICIO 2025]],$J$2:$V$14,10,0)*Tabla4[[#This Row],[TOTAL COBERTURA]]*$W$3 -> 0 | BD45: CONTRATO COSTEADO CON ALIMENTACION | BE45: =EXACT(Tabla4[[#This Row],[VALOR ATENCIÓN (8 MESES)]],Tabla4[[#This Row],[VALOR TOTAL]]) -> TRUE | BF45: =Tabla4[[#This Row],[VALOR ATENCIÓN (8 MESES)]]-Tabla4[[#This Row],[VALOR TOTAL]] -> 0 | BG45: =EXACT(Tabla4[[#This Row],[TOTAL DESEMBOLSOS]],Tabla4[[#This Row],[VALOR ATENCIÓN (8 MESES)]]) -> TRUE | BH45: =Tabla4[[#This Row],[TOTAL DESEMBOLSOS]]-Tabla4[[#This Row],[VALOR ATENCIÓN (8 MESES)]] -> 0 | BI45: RADICADAS
A46: 1889 | B46: 05005432025 | C46: LOTE 2 | D46: CZ INTEGRAL NORORIENTAL | E46: MEDELLIN | F46: CENTRO DE DESARROLLO INFANTIL CON ARRIENDO - INSTITUCIONAL | G46: PRESTAR LOS SERVICIOS DE EDUCACIÓN INICIAL EN EL MARCO DE LA ATENCIÓN INTEGRAL A LA PRIMERA INFANCIA DE CONFORMIDAD CON LOS MANUALES TÉCNICOS, GUÍAS OPERATIVAS PARA LA ATENCIÓN A LA PRIMERA INFANCIA Y LOS LINEAMIENTOS ESTABLECIDOS POR EL ICBF, EN ARMONÍA CON LA POLÍTICA DE ESTADO PARA EL DESARROLLO INTEGRAL DE LA PRIMERA INFANCIA DE “CERO A SIEMPRE | H46: KR 58 85 B 35 | I46: 500100048906 | J46: BALANCINES | K46: 1 | L46: 111 | N46: 1889 | O46: ARTÍCULO 34 CONTRATACIÓN CON EL REGISTRO ÚNICO DE OFERENTES | R46: C-4602-1500-9-704020-4602020-02-161 | S46: 10 | T46: 900325081 | U46: CORPORACIÓN COLOMBIA AVANZA | V46: =VLOOKUP(Tabla4[[#This Row],[ZONA DEFINITIVO]],Hoja1!$A$1:$D$121,3,0) -> 228989 | W46: =VLOOKUP(Tabla4[[#This Row],[ZONA DEFINITIVO]],Hoja1!$A$1:$D$121,2,0) -> 15178 | X46: =VLOOKUP(Tabla4[[#This Row],[ZONA DEFINITIVO]],Hoja1!$A$1:$D$121,4,0) -> 82025 | Y46: =+IF(Tabla4[[#This Row],[AGRUPACIONES]]=1,SUMIFS(Tabla4[UDS],Tabla4[ZONA DEFINITIVO],Tabla4[[#This Row],[ZONA DEFINITIVO]])," ") | Z46: =+IF(Tabla4[[#This Row],[AGRUPACIONES]]=1,SUMIFS(Tabla4[TOTAL COBERTURA],Tabla4[ZONA DEFINITIVO],Tabla4[[#This Row],[ZONA DEFINITIVO]])," ") | AB46: 480563622 | AC46: 0.02 | AD46: =AB46*AC46 -> 9611272.4 | AF46: =COUNTIF($A$20:A46,A46) -> 3 | AG46: 480563622 | AH46: =Tabla4[[#This Row],[VALOR CONTRAPARTIDA]]+Tabla4[[#This Row],[TOTAL APORTES ICBF]] -> 4.9017489e+08 | AM46: =VLOOKUP(Tabla4[[#This Row],[SERVICIO 2025]],$J$2:$V$14,5,0)*Tabla4[[#This Row],[TOTAL COBERTURA]] -> 9783873 | AN46: =VLOOKUP(Tabla4[[#This Row],[SERVICIO 2025]],$J$2:$V$14,6,0)*Tabla4[[#This Row],[TOTAL COBERTURA]] -> 8329773 | AO46: =VLOOKUP(Tabla4[[#This Row],[SERVICIO 2025]],$J$2:$V$14,8,0)*Tabla4[[#This Row],[TOTAL COBERTURA]] -> 0 | AP46: =VLOOKUP(Tabla4[[#This Row],[SERVICIO 2025]],$J$2:$V$14,3,0)*Tabla4[[#This Row],[TOTAL COBERTURA]]*8 -> 462449976 | AR46: =Tabla4[[#This Row],[VALOR FASE PREPARATORIA DE ALISTAMIENTO]]+Tabla4[[#This Row],[VALOR FASE PREPARATORIA DE CIERRE]]+Tabla4[[#This Row],[DOTACIÓN ÚNICA]]+Tabla4[[#This Row],[VALOR ATENCIÓN]]+Tabla4[[#This Row],[VALOR RACION PREPARADA]] -> 480563622 | AS46: =+IF(Tabla4[[#This Row],[AGRUPACIONES]]=1,SUMIFS(Tabla4[VALOR TOTAL],Tabla4[ZONA DEFINITIVO],Tabla4[[#This Row],[ZONA DEFINITIVO]])," ") | AT46: =(VLOOKUP(Tabla4[[#This Row],[SERVICIO 2025]],$J$2:$V$14,3,0)*Tabla4[[#This Row],[TOTAL COBERTURA]])+Tabla4[[#This Row],[VALOR FASE PREPARATORIA DE ALISTAMIENTO]]+Tabla4[[#This Row],[DOTACIÓN ÚNICA]] -> 67590120 | AU46: =(VLOOKUP(Tabla4[[#This Row],[SERVICIO 2025]],$J$2:$V$14,3,0)*Tabla4[[#This Row],[TOTAL COBERTURA]]) -> 57806247 | AV46: =(VLOOKUP(Tabla4[[#This Row],[SERVICIO 2025]],$J$2:$V$14,3,0)*Tabla4[[#This Row],[TOTAL COBERTURA]]) -> 57806247 | AW46: =(VLOOKUP(Tabla4[[#This Row],[SERVICIO 2025]],$J$2:$V$14,3,0)*Tabla4[[#This Row],[TOTAL COBERTURA]]) -> 57806247 | AX46: =(VLOOKUP(Tabla4[[#This Row],[SERVICIO 2025]],$J$2:$V$14,3,0)*Tabla4[[#This Row],[TOTAL COBERTURA]]) -> 57806247 | AY46: =(VLOOKUP(Tabla4[[#This Row],[SERVICIO 2025]],$J$2:$V$14,3,0)*Tabla4[[#This Row],[TOTAL COBERTURA]]) -> 57806247 | AZ46: =(VLOOKUP(Tabla4[[#This Row],[SERVICIO 2025]],$J$2:$V$14,3,0)*Tabla4[[#This Row],[TOTAL COBERTURA]]) -> 57806247 | BA46: =(VLOOKUP(Tabla4[[#This Row],[SERVICIO 2025]],$J$2:$V$14,3,0)*Tabla4[[#This Row],[TOTAL COBERTURA]])+Tabla4[[#This Row],[VALOR FASE PREPARATORIA DE CIERRE]] -> 66136020 | BB46: =SUM(Tabla4[[#This Row],[DESEMBOLSO 1]:[DESEMBOLSO 8]]) -> 480563622 | BC46: =VLOOKUP(Tabla4[[#This Row],[SERVICIO 2025]],$J$2:$V$14,10,0)*Tabla4[[#This Row],[TOTAL COBERTURA]]*$W$3 -> 0 | BD46: CONTRATO COSTEADO CON ALIMENTACION | BE46: =EXACT(Tabla4[[#This Row],[VALOR ATENCIÓN (8 MESES)]],Tabla4[[#This Row],[VALOR TOTAL]]) -> TRUE | BF46: =Tabla4[[#This Row],[VALOR ATENCIÓN (8 MESES)]]-Tabla4[[#This Row],[VALOR TOTAL]] -> 0 | BG46: =EXACT(Tabla4[[#This Row],[TOTAL DESEMBOLSOS]],Tabla4[[#This Row],[VALOR ATENCIÓN (8 MESES)]]) -> TRUE | BH46: =Tabla4[[#This Row],[TOTAL DESEMBOLSOS]]-Tabla4[[#This Row],[VALOR ATENCIÓN (8 MESES)]] -> 0 | BI46: RADICADAS
A47: 1889 | B47: 05005432025 | C47: LOTE 2 | D47: CZ INTEGRAL NORORIENTAL | E47: MEDELLIN | F47: CENTRO DE DESARROLLO INFANTIL CON ARRIENDO - INSTITUCIONAL | G47: PRESTAR LOS SERVICIOS DE EDUCACIÓN INICIAL EN EL MARCO DE LA ATENCIÓN INTEGRAL A LA PRIMERA INFANCIA DE CONFORMIDAD CON LOS MANUALES TÉCNICOS, GUÍAS OPERATIVAS PARA LA ATENCIÓN A LA PRIMERA INFANCIA Y LOS LINEAMIENTOS ESTABLECIDOS POR EL ICBF, EN ARMONÍA CON LA POLÍTICA DE ESTADO PARA EL DESARROLLO INTEGRAL DE LA PRIMERA INFANCIA DE “CERO A SIEMPRE | H47: KR 42 B BIS B 120 32 | I47: 500100048923 | J47: HI BURBUJAS | K47: 1 | L47: 26 | N47: 1889 | O47: ARTÍCULO 34 CONTRATACIÓN CON EL REGISTRO ÚNICO DE OFERENTES | R47: C-4602-1500-9-704020-4602020-02-161 | S47: 10 | T47: 900325081 | U47: CORPORACIÓN COLOMBIA AVANZA | V47: =VLOOKUP(Tabla4[[#This Row],[ZONA DEFINITIVO]],Hoja1!$A$1:$D$121,3,0) -> 228989 | W47: =VLOOKUP(Tabla4[[#This Row],[ZONA DEFINITIVO]],Hoja1!$A$1:$D$121,2,0) -> 15178 | X47: =VLOOKUP(Tabla4[[#This Row],[ZONA DEFINITIVO]],Hoja1!$A$1:$D$121,4,0) -> 82025 | Y47: =+IF(Tabla4[[#This Row],[AGRUPACIONES]]=1,SUMIFS(Tabla4[UDS],Tabla4[ZONA DEFINITIVO],Tabla4[[#This Row],[ZONA DEFINITIVO]])," ") | Z47: =+IF(Tabla4[[#This Row],[AGRUPACIONES]]=1,SUMIFS(Tabla4[TOTAL COBERTURA],Tabla4[ZONA DEFINITIVO],Tabla4[[#This Row],[ZONA DEFINITIVO]])," ") | AB47: 112564452 | AC47: 0.02 | AD47: =AB47*AC47 -> 2251289 | AF47: =COUNTIF($A$20:A47,A47) -> 4 | AG47: 112564452 | AH47: =Tabla4[[#This Row],[VALOR CONTRAPARTIDA]]+Tabla4[[#This Row],[TOTAL APORTES ICBF]] -> 1.1481574e+08 | AM47: =VLOOKUP(Tabla4[[#This Row],[SERVICIO 2025]],$J$2:$V$14,5,0)*Tabla4[[#This Row],[TOTAL COBERTURA]] -> 2291718 | AN47: =VLOOKUP(Tabla4[[#This Row],[SERVICIO 2025]],$J$2:$V$14,6,0)*Tabla4[[#This Row],[TOTAL COBERTURA]] -> 1951118 | AO47: =VLOOKUP(Tabla4[[#This Row],[SERVICIO 2025]],$J$2:$V$14,8,0)*Tabla4[[#This Row],[TOTAL COBERTURA]] -> 0 | AP47: =VLOOKUP(Tabla4[[#This Row],[SERVICIO 2025]],$J$2:$V$14,3,0)*Tabla4[[#This Row],[TOTAL COBERTURA]]*8 -> 108321616 | AR47: =Tabla4[[#This Row],[VALOR FASE PREPARATORIA DE ALISTAMIENTO]]+Tabla4[[#This Row],[VALOR FASE PREPARATORIA DE CIERRE]]+Tabla4[[#This Row],[DOTACIÓN ÚNICA]]+Tabla4[[#This Row],[VALOR ATENCIÓN]]+Tabla4[[#This Row],[VALOR RACION PREPARADA]] -> 112564452 | AS47: =+IF(Tabla4[[#This Row],[AGRUPACIONES]]=1,SUMIFS(Tabla4[VALOR TOTAL],Tabla4[ZONA DEFINITIVO],Tabla4[[#This Row],[ZONA DEFINITIVO]])," ") | AT47: =(VLOOKUP(Tabla4[[#This Row],[SERVICIO 2025]],$J$2:$V$14,3,0)*Tabla4[[#This Row],[TOTAL COBERTURA]])+Tabla4[[#This Row],[VALOR FASE PREPARATORIA DE ALISTAMIENTO]]+Tabla4[[#This Row],[DOTACIÓN ÚNICA]] -> 15831920 | AU47: =(VLOOKUP(Tabla4[[#This Row],[SERVICIO 2025]],$J$2:$V$14,3,0)*Tabla4[[#This Row],[TOTAL COBERTURA]]) -> 13540202 | AV47: =(VLOOKUP(Tabla4[[#This Row],[SERVICIO 2025]],$J$2:$V$14,3,0)*Tabla4[[#This Row],[TOTAL COBERTURA]]) -> 13540202 | AW47: =(VLOOKUP(Tabla4[[#This Row],[SERVICIO 2025]],$J$2:$V$14,3,0)*Tabla4[[#This Row],[TOTAL COBERTURA]]) -> 13540202 | AX47: =(VLOOKUP(Tabla4[[#This Row],[SERVICIO 2025]],$J$2:$V$14,3,0)*Tabla4[[#This Row],[TOTAL COBERTURA]]) -> 13540202 | AY47: =(VLOOKUP(Tabla4[[#This Row],[SERVICIO 2025]],$J$2:$V$14,3,0)*Tabla4[[#This Row],[TOTAL COBERTURA]]) -> 13540202 | AZ47: =(VLOOKUP(Tabla4[[#This Row],[SERVICIO 2025]],$J$2:$V$14,3,0)*Tabla4[[#This Row],[TOTAL COBERTURA]]) -> 13540202 | BA47: =(VLOOKUP(Tabla4[[#This Row],[SERVICIO 2025]],$J$2:$V$14,3,0)*Tabla4[[#This Row],[TOTAL COBERTURA]])+Tabla4[[#This Row],[VALOR FASE PREPARATORIA DE CIERRE]] -> 15491320 | BB47: =SUM(Tabla4[[#This Row],[DESEMBOLSO 1]:[DESEMBOLSO 8]]) -> 112564452 | BC47: =VLOOKUP(Tabla4[[#This Row],[SERVICIO 2025]],$J$2:$V$14,10,0)*Tabla4[[#This Row],[TOTAL COBERTURA]]*$W$3 -> 0 | BD47: CONTRATO COSTEADO CON ALIMENTACION | BE47: =EXACT(Tabla4[[#This Row],[VALOR ATENCIÓN (8 MESES)]],Tabla4[[#This Row],[VALOR TOTAL]]) -> TRUE | BF47: =Tabla4[[#This Row],[VALOR ATENCIÓN (8 MESES)]]-Tabla4[[#This Row],[VALOR TOTAL]] -> 0 | BG47: =EXACT(Tabla4[[#This Row],[TOTAL DESEMBOLSOS]],Tabla4[[#This Row],[VALOR ATENCIÓN (8 MESES)]]) -> TRUE | BH47: =Tabla4[[#This Row],[TOTAL DESEMBOLSOS]]-Tabla4[[#This Row],[VALOR ATENCIÓN (8 MESES)]] -> 0 | BI47: RADICADAS
A48: 1889 | B48: 05005432025 | C48: LOTE 2 | D48: CZ INTEGRAL NORORIENTAL | E48: MEDELLIN | F48: CENTRO DE DESARROLLO INFANTIL CON ARRIENDO - INSTITUCIONAL | G48: PRESTAR LOS SERVICIOS DE EDUCACIÓN INICIAL EN EL MARCO DE LA ATENCIÓN INTEGRAL A LA PRIMERA INFANCIA DE CONFORMIDAD CON LOS MANUALES TÉCNICOS, GUÍAS OPERATIVAS PARA LA ATENCIÓN A LA PRIMERA INFANCIA Y LOS LINEAMIENTOS ESTABLECIDOS POR EL ICBF, EN ARMONÍA CON LA POLÍTICA DE ESTADO PARA EL DESARROLLO INTEGRAL DE LA PRIMERA INFANCIA DE “CERO A SIEMPRE | H48: CL 120 48 88 | I48: 500100048948 | J48: HI CRI CRI | K48: 1 | L48: 18 | N48: 1889 | O48: ARTÍCULO 34 CONTRATACIÓN CON EL REGISTRO ÚNICO DE OFERENTES | R48: C-4602-1500-9-704020-4602020-02-161 | S48: 10 | T48: 900325081 | U48: CORPORACIÓN COLOMBIA AVANZA | V48: =VLOOKUP(Tabla4[[#This Row],[ZONA DEFINITIVO]],Hoja1!$A$1:$D$121,3,0) -> 228989 | W48: =VLOOKUP(Tabla4[[#This Row],[ZONA DEFINITIVO]],Hoja1!$A$1:$D$121,2,0) -> 15178 | X48: =VLOOKUP(Tabla4[[#This Row],[ZONA DEFINITIVO]],Hoja1!$A$1:$D$121,4,0) -> 82025 | Y48: =+IF(Tabla4[[#This Row],[AGRUPACIONES]]=1,SUMIFS(Tabla4[UDS],Tabla4[ZONA DEFINITIVO],Tabla4[[#This Row],[ZONA DEFINITIVO]])," ") | Z48: =+IF(Tabla4[[#This Row],[AGRUPACIONES]]=1,SUMIFS(Tabla4[TOTAL COBERTURA],Tabla4[ZONA DEFINITIVO],Tabla4[[#This Row],[ZONA DEFINITIVO]])," ") | AB48: 77929236 | AC48: 0.02 | AD48: =AB48*AC48 -> 1558584.7 | AF48: =COUNTIF($A$20:A48,A48) -> 5 | AG48: 77929236 | AH48: =Tabla4[[#This Row],[VALOR CONTRAPARTIDA]]+Tabla4[[#This Row],[TOTAL APORTES ICBF]] -> 79487821 | AM48: =VLOOKUP(Tabla4[[#This Row],[SERVICIO 2025]],$J$2:$V$14,5,0)*Tabla4[[#This Row],[TOTAL COBERTURA]] -> 1586574 | AN48: =VLOOKUP(Tabla4[[#This Row],[SERVICIO 2025]],$J$2:$V$14,6,0)*Tabla4[[#This Row],[TOTAL COBERTURA]] -> 1350774 | AO48: =VLOOKUP(Tabla4[[#This Row],[SERVICIO 2025]],$J$2:$V$14,8,0)*Tabla4[[#This Row],[TOTAL COBERTURA]] -> 0 | AP48: =VLOOKUP(Tabla4[[#This Row],[SERVICIO 2025]],$J$2:$V$14,3,0)*Tabla4[[#This Row],[TOTAL COBERTURA]]*8 -> 74991888 | AR48: =Tabla4[[#This Row],[VALOR FASE PREPARATORIA DE ALISTAMIENTO]]+Tabla4[[#This Row],[VALOR FASE PREPARATORIA DE CIERRE]]+Tabla4[[#This Row],[DOTACIÓN ÚNICA]]+Tabla4[[#This Row],[VALOR ATENCIÓN]]+Tabla4[[#This Row],[VALOR RACION PREPARADA]] -> 77929236 | AS48: =+IF(Tabla4[[#This Row],[AGRUPACIONES]]=1,SUMIFS(Tabla4[VALOR TOTAL],Tabla4[ZONA DEFINITIVO],Tabla4[[#This Row],[ZONA DEFINITIVO]])," ") | AT48: =(VLOOKUP(Tabla4[[#This Row],[SERVICIO 2025]],$J$2:$V$14,3,0)*Tabla4[[#This Row],[TOTAL COBERTURA]])+Tabla4[[#This Row],[VALOR FASE PREPARATORIA DE ALISTAMIENTO]]+Tabla4[[#This Row],[DOTACIÓN ÚNICA]] -> 10960560 | AU48: =(VLOOKUP(Tabla4[[#This Row],[SERVICIO 2025]],$J$2:$V$14,3,0)*Tabla4[[#This Row],[TOTAL COBERTURA]]) -> 9373986 | AV48: =(VLOOKUP(Tabla4[[#This Row],[SERVICIO 2025]],$J$2:$V$14,3,0)*Tabla4[[#This Row],[TOTAL COBERTURA]]) -> 9373986 | AW48: =(VLOOKUP(Tabla4[[#This Row],[SERVICIO 2025]],$J$2:$V$14,3,0)*Tabla4[[#This Row],[TOTAL COBERTURA]]) -> 9373986 | AX48: =(VLOOKUP(Tabla4[[#This Row],[SERVICIO 2025]],$J$2:$V$14,3,0)*Tabla4[[#This Row],[TOTAL COBERTURA]]) -> 9373986 | AY48: =(VLOOKUP(Tabla4[[#This Row],[SERVICIO 2025]],$J$2:$V$14,3,0)*Tabla4[[#This Row],[TOTAL COBERTURA]]) -> 9373986 | AZ48: =(VLOOKUP(Tabla4[[#This Row],[SERVICIO 2025]],$J$2:$V$14,3,0)*Tabla4[[#This Row],[TOTAL COBERTURA]]) -> 9373986 | BA48: =(VLOOKUP(Tabla4[[#This Row],[SERVICIO 2025]],$J$2:$V$14,3,0)*Tabla4[[#This Row],[TOTAL COBERTURA]])+Tabla4[[#This Row],[VALOR FASE PREPARATORIA DE CIERRE]] -> 10724760 | BB48: =SUM(Tabla4[[#This Row],[DESEMBOLSO 1]:[DESEMBOLSO 8]]) -> 77929236 | BC48: =VLOOKUP(Tabla4[[#This Row],[SERVICIO 2025]],$J$2:$V$14,10,0)*Tabla4[[#This Row],[TOTAL COBERTURA]]*$W$3 -> 0 | BD48: CONTRATO COSTEADO CON ALIMENTACION | BE48: =EXACT(Tabla4[[#This Row],[VALOR ATENCIÓN (8 MESES)]],Tabla4[[#This Row],[VALOR TOTAL]]) -> TRUE | BF48: =Tabla4[[#This Row],[VALOR ATENCIÓN (8 MESES)]]-Tabla4[[#This Row],[VALOR TOTAL]] -> 0 | BG48: =EXACT(Tabla4[[#This Row],[TOTAL DESEMBOLSOS]],Tabla4[[#This Row],[VALOR ATENCIÓN (8 MESES)]]) -> TRUE | BH48: =Tabla4[[#This Row],[TOTAL DESEMBOLSOS]]-Tabla4[[#This Row],[VALOR ATENCIÓN (8 MESES)]] -> 0 | BI48: RADICADAS
A49: 1889 | B49: 05005432025 | C49: LOTE 2 | D49: CZ INTEGRAL NORORIENTAL | E49: MEDELLIN | F49: CENTRO DE DESARROLLO INFANTIL CON ARRIENDO - INSTITUCIONAL | G49: PRESTAR LOS SERVICIOS DE EDUCACIÓN INICIAL EN EL MARCO DE LA ATENCIÓN INTEGRAL A LA PRIMERA INFANCIA DE CONFORMIDAD CON LOS MANUALES TÉCNICOS, GUÍAS OPERATIVAS PARA LA ATENCIÓN A LA PRIMERA INFANCIA Y LOS LINEAMIENTOS ESTABLECIDOS POR EL ICBF, EN ARMONÍA CON LA POLÍTICA DE ESTADO PARA EL DESARROLLO INTEGRAL DE LA PRIMERA INFANCIA DE “CERO A SIEMPRE | H49: KR 39 A 104 30 | I49: 500100048957 | J49: HI TRAVESURAS | K49: 1 | L49: 21 | N49: 1889 | O49: ARTÍCULO 34 CONTRATACIÓN CON EL REGISTRO ÚNICO DE OFERENTES | R49: C-4602-1500-9-704020-4602020-02-161 | S49: 10 | T49: 900325081 | U49: CORPORACIÓN COLOMBIA AVANZA | V49: =VLOOKUP(Tabla4[[#This Row],[ZONA DEFINITIVO]],Hoja1!$A$1:$D$121,3,0) -> 228989 | W49: =VLOOKUP(Tabla4[[#This Row],[ZONA DEFINITIVO]],Hoja1!$A$1:$D$121,2,0) -> 15178 | X49: =VLOOKUP(Tabla4[[#This Row],[ZONA DEFINITIVO]],Hoja1!$A$1:$D$121,4,0) -> 82025 | Y49: =+IF(Tabla4[[#This Row],[AGRUPACIONES]]=1,SUMIFS(Tabla4[UDS],Tabla4[ZONA DEFINITIVO],Tabla4[[#This Row],[ZONA DEFINITIVO]])," ") | Z49: =+IF(Tabla4[[#This Row],[AGRUPACIONES]]=1,SUMIFS(Tabla4[TOTAL COBERTURA],Tabla4[ZONA DEFINITIVO],Tabla4[[#This Row],[ZONA DEFINITIVO]])," ") | AB49: 90917442 | AC49: 0.02 | AD49: =AB49*AC49 -> 1818348.8 | AF49: =COUNTIF($A$20:A49,A49) -> 6 | AG49: 90917442 | AH49: =Tabla4[[#This Row],[VALOR CONTRAPARTIDA]]+Tabla4[[#This Row],[TOTAL APORTES ICBF]] -> 92735791 | AM49: =VLOOKUP(Tabla4[[#This Row],[SERVICIO 2025]],$J$2:$V$14,5,0)*Tabla4[[#This Row],[TOTAL COBERTURA]] -> 1851003 | AN49: =VLOOKUP(Tabla4[[#This Row],[SERVICIO 2025]],$J$2:$V$14,6,0)*Tabla4[[#This Row],[TOTAL COBERTURA]] -> 1575903 | AO49: =VLOOKUP(Tabla4[[#This Row],[SERVICIO 2025]],$J$2:$V$14,8,0)*Tabla4[[#This Row],[TOTAL COBERTURA]] -> 0 | AP49: =VLOOKUP(Tabla4[[#This Row],[SERVICIO 2025]],$J$2:$V$14,3,0)*Tabla4[[#This Row],[TOTAL COBERTURA]]*8 -> 87490536 | AR49: =Tabla4[[#This Row],[VALOR FASE PREPARATORIA DE ALISTAMIENTO]]+Tabla4[[#This Row],[VALOR FASE PREPARATORIA DE CIERRE]]+Tabla4[[#This Row],[DOTACIÓN ÚNICA]]+Tabla4[[#This Row],[VALOR ATENCIÓN]]+Tabla4[[#This Row],[VALOR RACION PREPARADA]] -> 90917442 | AS49: =+IF(Tabla4[[#This Row],[AGRUPACIONES]]=1,SUMIFS(Tabla4[VALOR TOTAL],Tabla4[ZONA DEFINITIVO],Tabla4[[#This Row],[ZONA DEFINITIVO]])," ") | AT49: =(VLOOKUP(Tabla4[[#This Row],[SERVICIO 2025]],$J$2:$V$14,3,0)*Tabla4[[#This Row],[TOTAL COBERTURA]])+Tabla4[[#This Row],[VALOR FASE PREPARATORIA DE ALISTAMIENTO]]+Tabla4[[#This Row],[DOTACIÓN ÚNICA]] -> 12787320 | AU49: =(VLOOKUP(Tabla4[[#This Row],[SERVICIO 2025]],$J$2:$V$14,3,0)*Tabla4[[#This Row],[TOTAL COBERTURA]]) -> 10936317 | AV49: =(VLOOKUP(Tabla4[[#This Row],[SERVICIO 2025]],$J$2:$V$14,3,0)*Tabla4[[#This Row],[TOTAL COBERTURA]]) -> 10936317 | AW49: =(VLOOKUP(Tabla4[[#This Row],[SERVICIO 2025]],$J$2:$V$14,3,0)*Tabla4[[#This Row],[TOTAL COBERTURA]]) -> 10936317 | AX49: =(VLOOKUP(Tabla4[[#This Row],[SERVICIO 2025]],$J$2:$V$14,3,0)*Tabla4[[#This Row],[TOTAL COBERTURA]]) -> 10936317 | AY49: =(VLOOKUP(Tabla4[[#This Row],[SERVICIO 2025]],$J$2:$V$14,3,0)*Tabla4[[#This Row],[TOTAL COBERTURA]]) -> 10936317 | AZ49: =(VLOOKUP(Tabla4[[#This Row],[SERVICIO 2025]],$J$2:$V$14,3,0)*Tabla4[[#This Row],[TOTAL COBERTURA]]) -> 10936317 | BA49: =(VLOOKUP(Tabla4[[#This Row],[SERVICIO 2025]],$J$2:$V$14,3,0)*Tabla4[[#This Row],[TOTAL COBERTURA]])+Tabla4[[#This Row],[VALOR FASE PREPARATORIA DE CIERRE]] -> 12512220 | BB49: =SUM(Tabla4[[#This Row],[DESEMBOLSO 1]:[DESEMBOLSO 8]]) -> 90917442 | BC49: =VLOOKUP(Tabla4[[#This Row],[SERVICIO 2025]],$J$2:$V$14,10,0)*Tabla4[[#This Row],[TOTAL COBERTURA]]*$W$3 -> 0 | BD49: CONTRATO COSTEADO CON ALIMENTACION | BE49: =EXACT(Tabla4[[#This Row],[VALOR ATENCIÓN (8 MESES)]],Tabla4[[#This Row],[VALOR TOTAL]]) -> TRUE | BF49: =Tabla4[[#This Row],[VALOR ATENCIÓN (8 MESES)]]-Tabla4[[#This Row],[VALOR TOTAL]] -> 0 | BG49: =EXACT(Tabla4[[#This Row],[TOTAL DESEMBOLSOS]],Tabla4[[#This Row],[VALOR ATENCIÓN (8 MESES)]]) -> TRUE | BH49: =Tabla4[[#This Row],[TOTAL DESEMBOLSOS]]-Tabla4[[#This Row],[VALOR ATENCIÓN (8 MESES)]] -> 0 | BI49: RADICADAS
A50: 1889 | B50: 05005432025 | C50: LOTE 2 | D50: CZ INTEGRAL NORORIENTAL | E50: MEDELLIN | F50: CENTRO DE DESARROLLO INFANTIL CON ARRIENDO - INSTITUCIONAL | G50: PRESTAR LOS SERVICIOS DE EDUCACIÓN INICIAL EN EL MARCO DE LA ATENCIÓN INTEGRAL A LA PRIMERA INFANCIA DE CONFORMIDAD CON LOS MANUALES TÉCNICOS, GUÍAS OPERATIVAS PARA LA ATENCIÓN A LA PRIMERA INFANCIA Y LOS LINEAMIENTOS ESTABLECIDOS POR EL ICBF, EN ARMONÍA CON LA POLÍTICA DE ESTADO PARA EL DESARROLLO INTEGRAL DE LA PRIMERA INFANCIA DE “CERO A SIEMPRE | H50: KR 43 118 B 79 | I50: 500100048993 | J50: HOGAR INFANTIL EL BARQUITO | K50: 1 | L50: 23 | N50: 1889 | O50: ARTÍCULO 34 CONTRATACIÓN CON EL REGISTRO ÚNICO DE OFERENTES | R50: C-4602-1500-9-704020-4602020-02-161 | S50: 10 | T50: 900325081 | U50: CORPORACIÓN COLOMBIA AVANZA | V50: =VLOOKUP(Tabla4[[#This Row],[ZONA DEFINITIVO]],Hoja1!$A$1:$D$121,3,0) -> 228989 | W50: =VLOOKUP(Tabla4[[#This Row],[ZONA DEFINITIVO]],Hoja1!$A$1:$D$121,2,0) -> 15178 | X50: =VLOOKUP(Tabla4[[#This Row],[ZONA DEFINITIVO]],Hoja1!$A$1:$D$121,4,0) -> 82025 | Y50: =+IF(Tabla4[[#This Row],[AGRUPACIONES]]=1,SUMIFS(Tabla4[UDS],Tabla4[ZONA DEFINITIVO],Tabla4[[#This Row],[ZONA DEFINITIVO]])," ") | Z50: =+IF(Tabla4[[#This Row],[AGRUPACIONES]]=1,SUMIFS(Tabla4[TOTAL COBERTURA],Tabla4[ZONA DEFINITIVO],Tabla4[[#This Row],[ZONA DEFINITIVO]])," ") | AB50: 99576246 | AC50: 0.02 | AD50: =AB50*AC50 -> 1991524.9 | AF50: =COUNTIF($A$20:A50,A50) -> 7 | AG50: 99576246 | AH50: =Tabla4[[#This Row],[VALOR CONTRAPARTIDA]]+Tabla4[[#This Row],[TOTAL APORTES ICBF]] -> 1.0156777e+08 | AM50: =VLOOKUP(Tabla4[[#This Row],[SERVICIO 2025]],$J$2:$V$14,5,0)*Tabla4[[#This Row],[TOTAL COBERTURA]] -> 2027289 | AN50: =VLOOKUP(Tabla4[[#This Row],[SERVICIO 2025]],$J$2:$V$14,6,0)*Tabla4[[#This Row],[TOTAL COBERTURA]] -> 1725989 | AO50: =VLOOKUP(Tabla4[[#This Row],[SERVICIO 2025]],$J$2:$V$14,8,0)*Tabla4[[#This Row],[TOTAL COBERTURA]] -> 0 | AP50: =VLOOKUP(Tabla4[[#This Row],[SERVICIO 2025]],$J$2:$V$14,3,0)*Tabla4[[#This Row],[TOTAL COBERTURA]]*8 -> 95822968 | AR50: =Tabla4[[#This Row],[VALOR FASE PREPARATORIA DE ALISTAMIENTO]]+Tabla4[[#This Row],[VALOR FASE PREPARATORIA DE CIERRE]]+Tabla4[[#This Row],[DOTACIÓN ÚNICA]]+Tabla4[[#This Row],[VALOR ATENCIÓN]]+Tabla4[[#This Row],[VALOR RACION PREPARADA]] -> 99576246 | AS50: =+IF(Tabla4[[#This Row],[AGRUPACIONES]]=1,SUMIFS(Tabla4[VALOR TOTAL],Tabla4[ZONA DEFINITIVO],Tabla4[[#This Row],[ZONA DEFINITIVO]])," ") | AT50: =(VLOOKUP(Tabla4[[#This Row],[SERVICIO 2025]],$J$2:$V$14,3,0)*Tabla4[[#This Row],[TOTAL COBERTURA]])+Tabla4[[#This Row],[VALOR FASE PREPARATORIA DE ALISTAMIENTO]]+Tabla4[[#This Row],[DOTACIÓN ÚNICA]] -> 14005160 | AU50: =(VLOOKUP(Tabla4[[#This Row],[SERVICIO 2025]],$J$2:$V$14,3,0)*Tabla4[[#This Row],[TOTAL COBERTURA]]) -> 11977871 | AV50: =(VLOOKUP(Tabla4[[#This Row],[SERVICIO 2025]],$J$2:$V$14,3,0)*Tabla4[[#This Row],[TOTAL COBERTURA]]) -> 11977871 | AW50: =(VLOOKUP(Tabla4[[#This Row],[SERVICIO 2025]],$J$2:$V$14,3,0)*Tabla4[[#This Row],[TOTAL COBERTURA]]) -> 11977871 | AX50: =(VLOOKUP(Tabla4[[#This Row],[SERVICIO 2025]],$J$2:$V$14,3,0)*Tabla4[[#This Row],[TOTAL COBERTURA]]) -> 11977871 | AY50: =(VLOOKUP(Tabla4[[#This Row],[SERVICIO 2025]],$J$2:$V$14,3,0)*Tabla4[[#This Row],[TOTAL COBERTURA]]) -> 11977871 | AZ50: =(VLOOKUP(Tabla4[[#This Row],[SERVICIO 2025]],$J$2:$V$14,3,0)*Tabla4[[#This Row],[TOTAL COBERTURA]]) -> 11977871 | BA50: =(VLOOKUP(Tabla4[[#This Row],[SERVICIO 2025]],$J$2:$V$14,3,0)*Tabla4[[#This Row],[TOTAL COBERTURA]])+Tabla4[[#This Row],[VALOR FASE PREPARATORIA DE CIERRE]] -> 13703860 | BB50: =SUM(Tabla4[[#This Row],[DESEMBOLSO 1]:[DESEMBOLSO 8]]) -> 99576246 | BC50: =VLOOKUP(Tabla4[[#This Row],[SERVICIO 2025]],$J$2:$V$14,10,0)*Tabla4[[#This Row],[TOTAL COBERTURA]]*$W$3 -> 0 | BD50: CONTRATO COSTEADO CON ALIMENTACION | BE50: =EXACT(Tabla4[[#This Row],[VALOR ATENCIÓN (8 MESES)]],Tabla4[[#This Row],[VALOR TOTAL]]) -> TRUE | BF50: =Tabla4[[#This Row],[VALOR ATENCIÓN (8 MESES)]]-Tabla4[[#This Row],[VALOR TOTAL]] -> 0 | BG50: =EXACT(Tabla4[[#This Row],[TOTAL DESEMBOLSOS]],Tabla4[[#This Row],[VALOR ATENCIÓN (8 MESES)]]) -> TRUE | BH50: =Tabla4[[#This Row],[TOTAL DESEMBOLSOS]]-Tabla4[[#This Row],[VALOR ATENCIÓN (8 MESES)]] -> 0 | BI50: RADICADAS
A51: 1889 | B51: 05005432025 | C51: LOTE 2 | D51: CZ INTEGRAL NORORIENTAL | E51: MEDELLIN | F51: CENTRO DE DESARROLLO INFANTIL CON ARRIENDO - INSTITUCIONAL | G51: PRESTAR LOS SERVICIOS DE EDUCACIÓN INICIAL EN EL MARCO DE LA ATENCIÓN INTEGRAL A LA PRIMERA INFANCIA DE CONFORMIDAD CON LOS MANUALES TÉCNICOS, GUÍAS OPERATIVAS PARA LA ATENCIÓN A LA PRIMERA INFANCIA Y LOS LINEAMIENTOS ESTABLECIDOS POR EL ICBF, EN ARMONÍA CON LA POLÍTICA DE ESTADO PARA EL DESARROLLO INTEGRAL DE LA PRIMERA INFANCIA DE “CERO A SIEMPRE | H51: KR 30 111 68 | I51: 500100050435 | J51: HOGAR INFANTIL CHISPITAS | K51: 1 | L51: 5 | N51: 1889 | O51: ARTÍCULO 34 CONTRATACIÓN CON EL REGISTRO ÚNICO DE OFERENTES | R51: C-4602-1500-9-704020-4602020-02-161 | S51: 10 | T51: 900325081 | U51: CORPORACIÓN COLOMBIA AVANZA | V51: =VLOOKUP(Tabla4[[#This Row],[ZONA DEFINITIVO]],Hoja1!$A$1:$D$121,3,0) -> 228989 | W51: =VLOOKUP(Tabla4[[#This Row],[ZONA DEFINITIVO]],Hoja1!$A$1:$D$121,2,0) -> 15178 | X51: =VLOOKUP(Tabla4[[#This Row],[ZONA DEFINITIVO]],Hoja1!$A$1:$D$121,4,0) -> 82025 | Y51: =+IF(Tabla4[[#This Row],[AGRUPACIONES]]=1,SUMIFS(Tabla4[UDS],Tabla4[ZONA DEFINITIVO],Tabla4[[#This Row],[ZONA DEFINITIVO]])," ") | Z51: =+IF(Tabla4[[#This Row],[AGRUPACIONES]]=1,SUMIFS(Tabla4[TOTAL COBERTURA],Tabla4[ZONA DEFINITIVO],Tabla4[[#This Row],[ZONA DEFINITIVO]])," ") | AB51: 21647010 | AC51: 0.02 | AD51: =AB51*AC51 -> 432940.2 | AF51: =COUNTIF($A$20:A51,A51) -> 8 | AG51: 21647010 | AH51: =Tabla4[[#This Row],[VALOR CONTRAPARTIDA]]+Tabla4[[#This Row],[TOTAL APORTES ICBF]] -> 22079950 | AM51: =VLOOKUP(Tabla4[[#This Row],[SERVICIO 2025]],$J$2:$V$14,5,0)*Tabla4[[#This Row],[TOTAL COBERTURA]] -> 440715 | AN51: =VLOOKUP(Tabla4[[#This Row],[SERVICIO 2025]],$J$2:$V$14,6,0)*Tabla4[[#This Row],[TOTAL COBERTURA]] -> 375215 | AO51: =VLOOKUP(Tabla4[[#This Row],[SERVICIO 2025]],$J$2:$V$14,8,0)*Tabla4[[#This Row],[TOTAL COBERTURA]] -> 0 | AP51: =VLOOKUP(Tabla4[[#This Row],[SERVICIO 2025]],$J$2:$V$14,3,0)*Tabla4[[#This Row],[TOTAL COBERTURA]]*8 -> 20831080 | AR51: =Tabla4[[#This Row],[VALOR FASE PREPARATORIA DE ALISTAMIENTO]]+Tabla4[[#This Row],[VALOR FASE PREPARATORIA DE CIERRE]]+Tabla4[[#This Row],[DOTACIÓN ÚNICA]]+Tabla4[[#This Row],[VALOR ATENCIÓN]]+Tabla4[[#This Row],[VALOR RACION PREPARADA]] -> 21647010 | AS51: =+IF(Tabla4[[#This Row],[AGRUPACIONES]]=1,SUMIFS(Tabla4[VALOR TOTAL],Tabla4[ZONA DEFINITIVO],Tabla4[[#This Row],[ZONA DEFINITIVO]])," ") | AT51: =(VLOOKUP(Tabla4[[#This Row],[SERVICIO 2025]],$J$2:$V$14,3,0)*Tabla4[[#This Row],[TOTAL COBERTURA]])+Tabla4[[#This Row],[VALOR FASE PREPARATORIA DE ALISTAMIENTO]]+Tabla4[[#This Row],[DOTACIÓN ÚNICA]] -> 3044600 | AU51: =(VLOOKUP(Tabla4[[#This Row],[SERVICIO 2025]],$J$2:$V$14,3,0)*Tabla4[[#This Row],[TOTAL COBERTURA]]) -> 2603885 | AV51: =(VLOOKUP(Tabla4[[#This Row],[SERVICIO 2025]],$J$2:$V$14,3,0)*Tabla4[[#This Row],[TOTAL COBERTURA]]) -> 2603885 | AW51: =(VLOOKUP(Tabla4[[#This Row],[SERVICIO 2025]],$J$2:$V$14,3,0)*Tabla4[[#This Row],[TOTAL COBERTURA]]) -> 2603885 | AX51: =(VLOOKUP(Tabla4[[#This Row],[SERVICIO 2025]],$J$2:$V$14,3,0)*Tabla4[[#This Row],[TOTAL COBERTURA]]) -> 2603885 | AY51: =(VLOOKUP(Tabla4[[#This Row],[SERVICIO 2025]],$J$2:$V$14,3,0)*Tabla4[[#This Row],[TOTAL COBERTURA]]) -> 2603885 | AZ51: =(VLOOKUP(Tabla4[[#This Row],[SERVICIO 2025]],$J$2:$V$14,3,0)*Tabla4[[#This Row],[TOTAL COBERTURA]]) -> 2603885 | BA51: =(VLOOKUP(Tabla4[[#This Row],[SERVICIO 2025]],$J$2:$V$14,3,0)*Tabla4[[#This Row],[TOTAL COBERTURA]])+Tabla4[[#This Row],[VALOR FASE PREPARATORIA DE CIERRE]] -> 2979100 | BB51: =SUM(Tabla4[[#This Row],[DESEMBOLSO 1]:[DESEMBOLSO 8]]) -> 21647010 | BC51: =VLOOKUP(Tabla4[[#This Row],[SERVICIO 2025]],$J$2:$V$14,10,0)*Tabla4[[#This Row],[TOTAL COBERTURA]]*$W$3 -> 0 | BD51: CONTRATO COSTEADO CON ALIMENTACION | BE51: =EXACT(Tabla4[[#This Row],[VALOR ATENCIÓN (8 MESES)]],Tabla4[[#This Row],[VALOR TOTAL]]) -> TRUE | BF51: =Tabla4[[#This Row],[VALOR ATENCIÓN (8 MESES)]]-Tabla4[[#This Row],[VALOR TOTAL]] -> 0 | BG51: =EXACT(Tabla4[[#This Row],[TOTAL DESEMBOLSOS]],Tabla4[[#This Row],[VALOR ATENCIÓN (8 MESES)]]) -> TRUE | BH51: =Tabla4[[#This Row],[TOTAL DESEMBOLSOS]]-Tabla4[[#This Row],[VALOR ATENCIÓN (8 MESES)]] -> 0 | BI51: RADICADAS
A52: 1889 | B52: 05005432025 | C52: LOTE 2 | D52: CZ INTEGRAL NORORIENTAL | E52: MEDELLIN | F52: CENTRO DE DESARROLLO INFANTIL CON ARRIENDO - INSTITUCIONAL | G52: PRESTAR LOS SERVICIOS DE EDUCACIÓN INICIAL EN EL MARCO DE LA ATENCIÓN INTEGRAL A LA PRIMERA INFANCIA DE CONFORMIDAD CON LOS MANUALES TÉCNICOS, GUÍAS OPERATIVAS PARA LA ATENCIÓN A LA PRIMERA INFANCIA Y LOS LINEAMIENTOS ESTABLECIDOS POR EL ICBF, EN ARMONÍA CON LA POLÍTICA DE ESTADO PARA EL DESARROLLO INTEGRAL DE LA PRIMERA INFANCIA DE “CERO A SIEMPRE | H52: CL 63 A 46 33 | I52: 500100050840 | J52: HOGAR INFANTIL CAMILO TORRES | K52: 1 | L52: 57 | N52: 1889 | O52: ARTÍCULO 34 CONTRATACIÓN CON EL REGISTRO ÚNICO DE OFERENTES | R52: C-4602-1500-9-704020-4602020-02-161 | S52: 10 | T52: 900325081 | U52: CORPORACIÓN COLOMBIA AVANZA | V52: =VLOOKUP(Tabla4[[#This Row],[ZONA DEFINITIVO]],Hoja1!$A$1:$D$121,3,0) -> 228989 | W52: =VLOOKUP(Tabla4[[#This Row],[ZONA DEFINITIVO]],Hoja1!$A$1:$D$121,2,0) -> 15178 | X52: =VLOOKUP(Tabla4[[#This Row],[ZONA DEFINITIVO]],Hoja1!$A$1:$D$121,4,0) -> 82025 | Y52: =+IF(Tabla4[[#This Row],[AGRUPACIONES]]=1,SUMIFS(Tabla4[UDS],Tabla4[ZONA DEFINITIVO],Tabla4[[#This Row],[ZONA DEFINITIVO]])," ") | Z52: =+IF(Tabla4[[#This Row],[AGRUPACIONES]]=1,SUMIFS(Tabla4[TOTAL COBERTURA],Tabla4[ZONA DEFINITIVO],Tabla4[[#This Row],[ZONA DEFINITIVO]])," ") | AB52: 246775914 | AC52: 0.02 | AD52: =AB52*AC52 -> 4935518.3 | AF52: =COUNTIF($A$20:A52,A52) -> 9 | AG52: 246775914 | AH52: =Tabla4[[#This Row],[VALOR CONTRAPARTIDA]]+Tabla4[[#This Row],[TOTAL APORTES ICBF]] -> 2.5171143e+08 | AM52: =VLOOKUP(Tabla4[[#This Row],[SERVICIO 2025]],$J$2:$V$14,5,0)*Tabla4[[#This Row],[TOTAL COBERTURA]] -> 5024151 | AN52: =VLOOKUP(Tabla4[[#This Row],[SERVICIO 2025]],$J$2:$V$14,6,0)*Tabla4[[#This Row],[TOTAL COBERTURA]] -> 4277451 | AO52: =VLOOKUP(Tabla4[[#This Row],[SERVICIO 2025]],$J$2:$V$14,8,0)*Tabla4[[#This Row],[TOTAL COBERTURA]] -> 0 | AP52: =VLOOKUP(Tabla4[[#This Row],[SERVICIO 2025]],$J$2:$V$14,3,0)*Tabla4[[#This Row],[TOTAL COBERTURA]]*8 -> 237474312 | AR52: =Tabla4[[#This Row],[VALOR FASE PREPARATORIA DE ALISTAMIENTO]]+Tabla4[[#This Row],[VALOR FASE PREPARATORIA DE CIERRE]]+Tabla4[[#This Row],[DOTACIÓN ÚNICA]]+Tabla4[[#This Row],[VALOR ATENCIÓN]]+Tabla4[[#This Row],[VALOR RACION PREPARADA]] -> 246775914 | AS52: =+IF(Tabla4[[#This Row],[AGRUPACIONES]]=1,SUMIFS(Tabla4[VALOR TOTAL],Tabla4[ZONA DEFINITIVO],Tabla4[[#This Row],[ZONA DEFINITIVO]])," ") | AT52: =(VLOOKUP(Tabla4[[#This Row],[SERVICIO 2025]],$J$2:$V$14,3,0)*Tabla4[[#This Row],[TOTAL COBERTURA]])+Tabla4[[#This Row],[VALOR FASE PREPARATORIA DE ALISTAMIENTO]]+Tabla4[[#This Row],[DOTACIÓN ÚNICA]] -> 34708440 | AU52: =(VLOOKUP(Tabla4[[#This Row],[SERVICIO 2025]],$J$2:$V$14,3,0)*Tabla4[[#This Row],[TOTAL COBERTURA]]) -> 29684289 | AV52: =(VLOOKUP(Tabla4[[#This Row],[SERVICIO 2025]],$J$2:$V$14,3,0)*Tabla4[[#This Row],[TOTAL COBERTURA]]) -> 29684289 | AW52: =(VLOOKUP(Tabla4[[#This Row],[SERVICIO 2025]],$J$2:$V$14,3,0)*Tabla4[[#This Row],[TOTAL COBERTURA]]) -> 29684289 | AX52: =(VLOOKUP(Tabla4[[#This Row],[SERVICIO 2025]],$J$2:$V$14,3,0)*Tabla4[[#This Row],[TOTAL COBERTURA]]) -> 29684289 | AY52: =(VLOOKUP(Tabla4[[#This Row],[SERVICIO 2025]],$J$2:$V$14,3,0)*Tabla4[[#This Row],[TOTAL COBERTURA]]) -> 29684289 | AZ52: =(VLOOKUP(Tabla4[[#This Row],[SERVICIO 2025]],$J$2:$V$14,3,0)*Tabla4[[#This Row],[TOTAL COBERTURA]]) -> 29684289 | BA52: =(VLOOKUP(Tabla4[[#This Row],[SERVICIO 2025]],$J$2:$V$14,3,0)*Tabla4[[#This Row],[TOTAL COBERTURA]])+Tabla4[[#This Row],[VALOR FASE PREPARATORIA DE CIERRE]] -> 33961740 | BB52: =SUM(Tabla4[[#This Row],[DESEMBOLSO 1]:[DESEMBOLSO 8]]) -> 246775914 | BC52: =VLOOKUP(Tabla4[[#This Row],[SERVICIO 2025]],$J$2:$V$14,10,0)*Tabla4[[#This Row],[TOTAL COBERTURA]]*$W$3 -> 0 | BD52: CONTRATO COSTEADO CON ALIMENTACION | BE52: =EXACT(Tabla4[[#This Row],[VALOR ATENCIÓN (8 MESES)]],Tabla4[[#This Row],[VALOR TOTAL]]) -> TRUE | BF52: =Tabla4[[#This Row],[VALOR ATENCIÓN (8 MESES)]]-Tabla4[[#This Row],[VALOR TOTAL]] -> 0 | BG52: =EXACT(Tabla4[[#This Row],[TOTAL DESEMBOLSOS]],Tabla4[[#This Row],[VALOR ATENCIÓN (8 MESES)]]) -> TRUE | BH52: =Tabla4[[#This Row],[TOTAL DESEMBOLSOS]]-Tabla4[[#This Row],[VALOR ATENCIÓN (8 MESES)]] -> 0 | BI52: RADICADAS
A53: 1889 | B53: 05005432025 | C53: LOTE 2 | D53: CZ INTEGRAL NORORIENTAL | E53: MEDELLIN | F53: CENTRO DE DESARROLLO INFANTIL CON ARRIENDO - INSTITUCIONAL | G53: PRESTAR LOS SERVICIOS DE EDUCACIÓN INICIAL EN EL MARCO DE LA ATENCIÓN INTEGRAL A LA PRIMERA INFANCIA DE CONFORMIDAD CON LOS MANUALES TÉCNICOS, GUÍAS OPERATIVAS PARA LA ATENCIÓN A LA PRIMERA INFANCIA Y LOS LINEAMIENTOS ESTABLECIDOS POR EL ICBF, EN ARMONÍA CON LA POLÍTICA DE ESTADO PARA EL DESARROLLO INTEGRAL DE LA PRIMERA INFANCIA DE “CERO A SIEMPRE | H53: KR 48 104 A 05 | I53: 500100050852 | J53: HOGAR INFANTIL RATONCITO TIN TIN | K53: 1 | L53: 61 | N53: 1889 | O53: ARTÍCULO 34 CONTRATACIÓN CON EL REGISTRO ÚNICO DE OFERENTES | R53: C-4602-1500-9-704020-4602020-02-161 | S53: 10 | T53: 900325081 | U53: CORPORACIÓN COLOMBIA AVANZA | V53: =VLOOKUP(Tabla4[[#This Row],[ZONA DEFINITIVO]],Hoja1!$A$1:$D$121,3,0) -> 228989 | W53: =VLOOKUP(Tabla4[[#This Row],[ZONA DEFINITIVO]],Hoja1!$A$1:$D$121,2,0) -> 15178 | X53: =VLOOKUP(Tabla4[[#This Row],[ZONA DEFINITIVO]],Hoja1!$A$1:$D$121,4,0) -> 82025 | Y53: =+IF(Tabla4[[#This Row],[AGRUPACIONES]]=1,SUMIFS(Tabla4[UDS],Tabla4[ZONA DEFINITIVO],Tabla4[[#This Row],[ZONA DEFINITIVO]])," ") | Z53: =+IF(Tabla4[[#This Row],[AGRUPACIONES]]=1,SUMIFS(Tabla4[TOTAL COBERTURA],Tabla4[ZONA DEFINITIVO],Tabla4[[#This Row],[ZONA DEFINITIVO]])," ") | AB53: 264093522 | AC53: 0.02 | AD53: =AB53*AC53 -> 5281870.4 | AF53: =COUNTIF($A$20:A53,A53) -> 10 | AG53: 264093522 | AH53: =Tabla4[[#This Row],[VALOR CONTRAPARTIDA]]+Tabla4[[#This Row],[TOTAL APORTES ICBF]] -> 2.6937539e+08 | AM53: =VLOOKUP(Tabla4[[#This Row],[SERVICIO 2025]],$J$2:$V$14,5,0)*Tabla4[[#This Row],[TOTAL COBERTURA]] -> 5376723 | AN53: =VLOOKUP(Tabla4[[#This Row],[SERVICIO 2025]],$J$2:$V$14,6,0)*Tabla4[[#This Row],[TOTAL COBERTURA]] -> 4577623 | AO53: =VLOOKUP(Tabla4[[#This Row],[SERVICIO 2025]],$J$2:$V$14,8,0)*Tabla4[[#This Row],[TOTAL COBERTURA]] -> 0 | AP53: =VLOOKUP(Tabla4[[#This Row],[SERVICIO 2025]],$J$2:$V$14,3,0)*Tabla4[[#This Row],[TOTAL COBERTURA]]*8 -> 254139176 | AR53: =Tabla4[[#This Row],[VALOR FASE PREPARATORIA DE ALISTAMIENTO]]+Tabla4[[#This Row],[VALOR FASE PREPARATORIA DE CIERRE]]+Tabla4[[#This Row],[DOTACIÓN ÚNICA]]+Tabla4[[#This Row],[VALOR ATENCIÓN]]+Tabla4[[#This Row],[VALOR RACION PREPARADA]] -> 264093522 | AS53: =+IF(Tabla4[[#This Row],[AGRUPACIONES]]=1,SUMIFS(Tabla4[VALOR TOTAL],Tabla4[ZONA DEFINITIVO],Tabla4[[#This Row],[ZONA DEFINITIVO]])," ") | AT53: =(VLOOKUP(Tabla4[[#This Row],[SERVICIO 2025]],$J$2:$V$14,3,0)*Tabla4[[#This Row],[TOTAL COBERTURA]])+Tabla4[[#This Row],[VALOR FASE PREPARATORIA DE ALISTAMIENTO]]+Tabla4[[#This Row],[DOTACIÓN ÚNICA]] -> 37144120 | AU53: =(VLOOKUP(Tabla4[[#This Row],[SERVICIO 2025]],$J$2:$V$14,3,0)*Tabla4[[#This Row],[TOTAL COBERTURA]]) -> 31767397 | AV53: =(VLOOKUP(Tabla4[[#This Row],[SERVICIO 2025]],$J$2:$V$14,3,0)*Tabla4[[#This Row],[TOTAL COBERTURA]]) -> 31767397 | AW53: =(VLOOKUP(Tabla4[[#This Row],[SERVICIO 2025]],$J$2:$V$14,3,0)*Tabla4[[#This Row],[TOTAL COBERTURA]]) -> 31767397 | AX53: =(VLOOKUP(Tabla4[[#This Row],[SERVICIO 2025]],$J$2:$V$14,3,0)*Tabla4[[#This Row],[TOTAL COBERTURA]]) -> 31767397 | AY53: =(VLOOKUP(Tabla4[[#This Row],[SERVICIO 2025]],$J$2:$V$14,3,0)*Tabla4[[#This Row],[TOTAL COBERTURA]]) -> 31767397 | AZ53: =(VLOOKUP(Tabla4[[#This Row],[SERVICIO 2025]],$J$2:$V$14,3,0)*Tabla4[[#This Row],[TOTAL COBERTURA]]) -> 31767397 | BA53: =(VLOOKUP(Tabla4[[#This Row],[SERVICIO 2025]],$J$2:$V$14,3,0)*Tabla4[[#This Row],[TOTAL COBERTURA]])+Tabla4[[#This Row],[VALOR FASE PREPARATORIA DE CIERRE]] -> 36345020 | BB53: =SUM(Tabla4[[#This Row],[DESEMBOLSO 1]:[DESEMBOLSO 8]]) -> 264093522 | BC53: =VLOOKUP(Tabla4[[#This Row],[SERVICIO 2025]],$J$2:$V$14,10,0)*Tabla4[[#This Row],[TOTAL COBERTURA]]*$W$3 -> 0 | BD53: CONTRATO COSTEADO CON ALIMENTACION | BE53: =EXACT(Tabla4[[#This Row],[VALOR ATENCIÓN (8 MESES)]],Tabla4[[#This Row],[VALOR TOTAL]]) -> TRUE | BF53: =Tabla4[[#This Row],[VALOR ATENCIÓN (8 MESES)]]-Tabla4[[#This Row],[VALOR TOTAL]] -> 0 | BG53: =EXACT(Tabla4[[#This Row],[TOTAL DESEMBOLSOS]],Tabla4[[#This Row],[VALOR ATENCIÓN (8 MESES)]]) -> TRUE | BH53: =Tabla4[[#This Row],[TOTAL DESEMBOLSOS]]-Tabla4[[#This Row],[VALOR ATENCIÓN (8 MESES)]] -> 0 | BI53: RADICADAS
A54: 1889 | B54: 05005432025 | C54: LOTE 2 | D54: CZ INTEGRAL NORORIENTAL | E54: MEDELLIN | F54: CENTRO DE DESARROLLO INFANTIL A - INSTITUCIONAL | G54: PRESTAR LOS SERVICIOS DE EDUCACIÓN INICIAL EN EL MARCO DE LA ATENCIÓN INTEGRAL A LA PRIMERA INFANCIA DE CONFORMIDAD CON LOS MANUALES TÉCNICOS, GUÍAS OPERATIVAS PARA LA ATENCIÓN A LA PRIMERA INFANCIA Y LOS LINEAMIENTOS ESTABLECIDOS POR EL ICBF, EN ARMONÍA CON LA POLÍTICA DE ESTADO PARA EL DESARROLLO INTEGRAL DE LA PRIMERA INFANCIA DE “CERO A SIEMPRE | H54: KR 40 70 86 | I54: 500100051433 | J54: HOGAR INFANTIL MICHINGOS | K54: 1 | L54: 104 | N54: 1889 | O54: ARTÍCULO 34 CONTRATACIÓN CON EL REGISTRO ÚNICO DE OFERENTES | R54: C-4602-1500-9-704020-4602020-02-161 | S54: 10 | T54: 900325081 | U54: CORPORACIÓN COLOMBIA AVANZA | V54: =VLOOKUP(Tabla4[[#This Row],[ZONA DEFINITIVO]],Hoja1!$A$1:$D$121,3,0) -> 228989 | W54: =VLOOKUP(Tabla4[[#This Row],[ZONA DEFINITIVO]],Hoja1!$A$1:$D$121,2,0) -> 15178 | X54: =VLOOKUP(Tabla4[[#This Row],[ZONA DEFINITIVO]],Hoja1!$A$1:$D$121,4,0) -> 82025 | Y54: =+IF(Tabla4[[#This Row],[AGRUPACIONES]]=1,SUMIFS(Tabla4[UDS],Tabla4[ZONA DEFINITIVO],Tabla4[[#This Row],[ZONA DEFINITIVO]])," ") | Z54: =+IF(Tabla4[[#This Row],[AGRUPACIONES]]=1,SUMIFS(Tabla4[TOTAL COBERTURA],Tabla4[ZONA DEFINITIVO],Tabla4[[#This Row],[ZONA DEFINITIVO]])," ") | AB54: 435640400 | AC54: 0.02 | AD54: =AB54*AC54 -> 8712808 | AF54: =COUNTIF($A$20:A54,A54) -> 11 | AG54: 435640400 | AH54: =Tabla4[[#This Row],[VALOR CONTRAPARTIDA]]+Tabla4[[#This Row],[TOTAL APORTES ICBF]] -> 444353208 | AM54: =VLOOKUP(Tabla4[[#This Row],[SERVICIO 2025]],$J$2:$V$14,5,0)*Tabla4[[#This Row],[TOTAL COBERTURA]] -> 9166872 | AN54: =VLOOKUP(Tabla4[[#This Row],[SERVICIO 2025]],$J$2:$V$14,6,0)*Tabla4[[#This Row],[TOTAL COBERTURA]] -> 7804472 | AO54: =VLOOKUP(Tabla4[[#This Row],[SERVICIO 2025]],$J$2:$V$14,8,0)*Tabla4[[#This Row],[TOTAL COBERTURA]] -> 0 | AP54: =VLOOKUP(Tabla4[[#This Row],[SERVICIO 2025]],$J$2:$V$14,3,0)*Tabla4[[#This Row],[TOTAL COBERTURA]]*8 -> 418669056 | AR54: =Tabla4[[#This Row],[VALOR FASE PREPARATORIA DE ALISTAMIENTO]]+Tabla4[[#This Row],[VALOR FASE PREPARATORIA DE CIERRE]]+Tabla4[[#This Row],[DOTACIÓN ÚNICA]]+Tabla4[[#This Row],[VALOR ATENCIÓN]]+Tabla4[[#This Row],[VALOR RACION PREPARADA]] -> 435640400 | AS54: =+IF(Tabla4[[#This Row],[AGRUPACIONES]]=1,SUMIFS(Tabla4[VALOR TOTAL],Tabla4[ZONA DEFINITIVO],Tabla4[[#This Row],[ZONA DEFINITIVO]])," ") | AT54: =(VLOOKUP(Tabla4[[#This Row],[SERVICIO 2025]],$J$2:$V$14,3,0)*Tabla4[[#This Row],[TOTAL COBERTURA]])+Tabla4[[#This Row],[VALOR FASE PREPARATORIA DE ALISTAMIENTO]]+Tabla4[[#This Row],[DOTACIÓN ÚNICA]] -> 61500504 | AU54: =(VLOOKUP(Tabla4[[#This Row],[SERVICIO 2025]],$J$2:$V$14,3,0)*Tabla4[[#This Row],[TOTAL COBERTURA]]) -> 52333632 | AV54: =(VLOOKUP(Tabla4[[#This Row],[SERVICIO 2025]],$J$2:$V$14,3,0)*Tabla4[[#This Row],[TOTAL COBERTURA]]) -> 52333632 | AW54: =(VLOOKUP(Tabla4[[#This Row],[SERVICIO 2025]],$J$2:$V$14,3,0)*Tabla4[[#This Row],[TOTAL COBERTURA]]) -> 52333632 | AX54: =(VLOOKUP(Tabla4[[#This Row],[SERVICIO 2025]],$J$2:$V$14,3,0)*Tabla4[[#This Row],[TOTAL COBERTURA]]) -> 52333632 | AY54: =(VLOOKUP(Tabla4[[#This Row],[SERVICIO 2025]],$J$2:$V$14,3,0)*Tabla4[[#This Row],[TOTAL COBERTURA]]) -> 52333632 | AZ54: =(VLOOKUP(Tabla4[[#This Row],[SERVICIO 2025]],$J$2:$V$14,3,0)*Tabla4[[#This Row],[TOTAL COBERTURA]]) -> 52333632 | BA54: =(VLOOKUP(Tabla4[[#This Row],[SERVICIO 2025]],$J$2:$V$14,3,0)*Tabla4[[#This Row],[TOTAL COBERTURA]])+Tabla4[[#This Row],[VALOR FASE PREPARATORIA DE CIERRE]] -> 60138104 | BB54: =SUM(Tabla4[[#This Row],[DESEMBOLSO 1]:[DESEMBOLSO 8]]) -> 435640400 | BC54: =VLOOKUP(Tabla4[[#This Row],[SERVICIO 2025]],$J$2:$V$14,10,0)*Tabla4[[#This Row],[TOTAL COBERTURA]]*$W$3 -> 0 | BD54: CONTRATO COSTEADO CON ALIMENTACION | BE54: =EXACT(Tabla4[[#This Row],[VALOR ATENCIÓN (8 MESES)]],Tabla4[[#This Row],[VALOR TOTAL]]) -> TRUE | BF54: =Tabla4[[#This Row],[VALOR ATENCIÓN (8 MESES)]]-Tabla4[[#This Row],[VALOR TOTAL]] -> 0 | BG54: =EXACT(Tabla4[[#This Row],[TOTAL DESEMBOLSOS]],Tabla4[[#This Row],[VALOR ATENCIÓN (8 MESES)]]) -> TRUE | BH54: =Tabla4[[#This Row],[TOTAL DESEMBOLSOS]]-Tabla4[[#This Row],[VALOR ATENCIÓN (8 MESES)]] -> 0 | BI54: RADICADAS
A55: 1889 | B55: 05005432025 | C55: LOTE 2 | D55: CZ INTEGRAL NORORIENTAL | E55: MEDELLIN | F55: CENTRO DE DESARROLLO INFANTIL A - INSTITUCIONAL | G55: PRESTAR LOS SERVICIOS DE EDUCACIÓN INICIAL EN EL MARCO DE LA ATENCIÓN INTEGRAL A LA PRIMERA INFANCIA DE CONFORMIDAD CON LOS MANUALES TÉCNICOS, GUÍAS OPERATIVAS PARA LA ATENCIÓN A LA PRIMERA INFANCIA Y LOS LINEAMIENTOS ESTABLECIDOS POR EL ICBF, EN ARMONÍA CON LA POLÍTICA DE ESTADO PARA EL DESARROLLO INTEGRAL DE LA PRIMERA INFANCIA DE “CERO A SIEMPRE | H55: CL 102 B 32 A 42 | I55: 500100051464 | J55: HOGAR INFANTIL CARAMELO | K55: 1 | L55: 42 | N55: 1889 | O55: ARTÍCULO 34 CONTRATACIÓN CON EL REGISTRO ÚNICO DE OFERENTES | R55: C-4602-1500-9-704020-4602020-02-161 | S55: 10 | T55: 900325081 | U55: CORPORACIÓN COLOMBIA AVANZA | V55: =VLOOKUP(Tabla4[[#This Row],[ZONA DEFINITIVO]],Hoja1!$A$1:$D$121,3,0) -> 228989 | W55: =VLOOKUP(Tabla4[[#This Row],[ZONA DEFINITIVO]],Hoja1!$A$1:$D$121,2,0) -> 15178 | X55: =VLOOKUP(Tabla4[[#This Row],[ZONA DEFINITIVO]],Hoja1!$A$1:$D$121,4,0) -> 82025 | Y55: =+IF(Tabla4[[#This Row],[AGRUPACIONES]]=1,SUMIFS(Tabla4[UDS],Tabla4[ZONA DEFINITIVO],Tabla4[[#This Row],[ZONA DEFINITIVO]])," ") | Z55: =+IF(Tabla4[[#This Row],[AGRUPACIONES]]=1,SUMIFS(Tabla4[TOTAL COBERTURA],Tabla4[ZONA DEFINITIVO],Tabla4[[#This Row],[ZONA DEFINITIVO]])," ") | AB55: 175931700 | AC55: 0.02 | AD55: =AB55*AC55 -> 3518634 | AF55: =COUNTIF($A$20:A55,A55) -> 12 | AG55: 175931700 | AH55: =Tabla4[[#This Row],[VALOR CONTRAPARTIDA]]+Tabla4[[#This Row],[TOTAL APORTES ICBF]] -> 179450334 | AM55: =VLOOKUP(Tabla4[[#This Row],[SERVICIO 2025]],$J$2:$V$14,5,0)*Tabla4[[#This Row],[TOTAL COBERTURA]] -> 3702006 | AN55: =VLOOKUP(Tabla4[[#This Row],[SERVICIO 2025]],$J$2:$V$14,6,0)*Tabla4[[#This Row],[TOTAL COBERTURA]] -> 3151806 | AO55: =VLOOKUP(Tabla4[[#This Row],[SERVICIO 2025]],$J$2:$V$14,8,0)*Tabla4[[#This Row],[TOTAL COBERTURA]] -> 0 | AP55: =VLOOKUP(Tabla4[[#This Row],[SERVICIO 2025]],$J$2:$V$14,3,0)*Tabla4[[#This Row],[TOTAL COBERTURA]]*8 -> 169077888 | AR55: =Tabla4[[#This Row],[VALOR FASE PREPARATORIA DE ALISTAMIENTO]]+Tabla4[[#This Row],[VALOR FASE PREPARATORIA DE CIERRE]]+Tabla4[[#This Row],[DOTACIÓN ÚNICA]]+Tabla4[[#This Row],[VALOR ATENCIÓN]]+Tabla4[[#This Row],[VALOR RACION PREPARADA]] -> 175931700 | AS55: =+IF(Tabla4[[#This Row],[AGRUPACIONES]]=1,SUMIFS(Tabla4[VALOR TOTAL],Tabla4[ZONA DEFINITIVO],Tabla4[[#This Row],[ZONA DEFINITIVO]])," ") | AT55: =(VLOOKUP(Tabla4[[#This Row],[SERVICIO 2025]],$J$2:$V$14,3,0)*Tabla4[[#This Row],[TOTAL COBERTURA]])+Tabla4[[#This Row],[VALOR FASE PREPARATORIA DE ALISTAMIENTO]]+Tabla4[[#This Row],[DOTACIÓN ÚNICA]] -> 24836742 | AU55: =(VLOOKUP(Tabla4[[#This Row],[SERVICIO 2025]],$J$2:$V$14,3,0)*Tabla4[[#This Row],[TOTAL COBERTURA]]) -> 21134736 | AV55: =(VLOOKUP(Tabla4[[#This Row],[SERVICIO 2025]],$J$2:$V$14,3,0)*Tabla4[[#This Row],[TOTAL COBERTURA]]) -> 21134736 | AW55: =(VLOOKUP(Tabla4[[#This Row],[SERVICIO 2025]],$J$2:$V$14,3,0)*Tabla4[[#This Row],[TOTAL COBERTURA]]) -> 21134736 | AX55: =(VLOOKUP(Tabla4[[#This Row],[SERVICIO 2025]],$J$2:$V$14,3,0)*Tabla4[[#This Row],[TOTAL COBERTURA]]) -> 21134736 | AY55: =(VLOOKUP(Tabla4[[#This Row],[SERVICIO 2025]],$J$2:$V$14,3,0)*Tabla4[[#This Row],[TOTAL COBERTURA]]) -> 21134736 | AZ55: =(VLOOKUP(Tabla4[[#This Row],[SERVICIO 2025]],$J$2:$V$14,3,0)*Tabla4[[#This Row],[TOTAL COBERTURA]]) -> 21134736 | BA55: =(VLOOKUP(Tabla4[[#This Row],[SERVICIO 2025]],$J$2:$V$14,3,0)*Tabla4[[#This Row],[TOTAL COBERTURA]])+Tabla4[[#This Row],[VALOR FASE PREPARATORIA DE CIERRE]] -> 24286542 | BB55: =SUM(Tabla4[[#This Row],[DESEMBOLSO 1]:[DESEMBOLSO 8]]) -> 175931700 | BC55: =VLOOKUP(Tabla4[[#This Row],[SERVICIO 2025]],$J$2:$V$14,10,0)*Tabla4[[#This Row],[TOTAL COBERTURA]]*$W$3 -> 0 | BD55: CONTRATO COSTEADO CON ALIMENTACION | BE55: =EXACT(Tabla4[[#This Row],[VALOR ATENCIÓN (8 MESES)]],Tabla4[[#This Row],[VALOR TOTAL]]) -> TRUE | BF55: =Tabla4[[#This Row],[VALOR ATENCIÓN (8 MESES)]]-Tabla4[[#This Row],[VALOR TOTAL]] -> 0 | BG55: =EXACT(Tabla4[[#This Row],[TOTAL DESEMBOLSOS]],Tabla4[[#This Row],[VALOR ATENCIÓN (8 MESES)]]) -> TRUE | BH55: =Tabla4[[#This Row],[TOTAL DESEMBOLSOS]]-Tabla4[[#This Row],[VALOR ATENCIÓN (8 MESES)]] -> 0 | BI55: RADICADAS
A56: 1889 | B56: 05005432025 | C56: LOTE 2 | D56: CZ INTEGRAL NORORIENTAL | E56: MEDELLIN | F56: CENTRO DE DESARROLLO INFANTIL CON ARRIENDO - INSTITUCIONAL | G56: PRESTAR LOS SERVICIOS DE EDUCACIÓN INICIAL EN EL MARCO DE LA ATENCIÓN INTEGRAL A LA PRIMERA INFANCIA DE CONFORMIDAD CON LOS MANUALES TÉCNICOS, GUÍAS OPERATIVAS PARA LA ATENCIÓN A LA PRIMERA INFANCIA Y LOS LINEAMIENTOS ESTABLECIDOS POR EL ICBF, EN ARMONÍA CON LA POLÍTICA DE ESTADO PARA EL DESARROLLO INTEGRAL DE LA PRIMERA INFANCIA DE “CERO A SIEMPRE | H56: CL 75 D 30 38 | I56: 500100051494 | J56: HOGAR INFANTIL RAIZAL | K56: 1 | L56: 22 | N56: 1889 | O56: ARTÍCULO 34 CONTRATACIÓN CON EL REGISTRO ÚNICO DE OFERENTES | R56: C-4602-1500-9-704020-4602020-02-161 | S56: 10 | T56: 900325081 | U56: CORPORACIÓN COLOMBIA AVANZA | V56: =VLOOKUP(Tabla4[[#This Row],[ZONA DEFINITIVO]],Hoja1!$A$1:$D$121,3,0) -> 228989 | W56: =VLOOKUP(Tabla4[[#This Row],[ZONA DEFINITIVO]],Hoja1!$A$1:$D$121,2,0) -> 15178 | X56: =VLOOKUP(Tabla4[[#This Row],[ZONA DEFINITIVO]],Hoja1!$A$1:$D$121,4,0) -> 82025 | Y56: =+IF(Tabla4[[#This Row],[AGRUPACIONES]]=1,SUMIFS(Tabla4[UDS],Tabla4[ZONA DEFINITIVO],Tabla4[[#This Row],[ZONA DEFINITIVO]])," ") | Z56: =+IF(Tabla4[[#This Row],[AGRUPACIONES]]=1,SUMIFS(Tabla4[TOTAL COBERTURA],Tabla4[ZONA DEFINITIVO],Tabla4[[#This Row],[ZONA DEFINITIVO]])," ") | AB56: 95246844 | AC56: 0.02 | AD56: =AB56*AC56 -> 1904936.9 | AF56: =COUNTIF($A$20:A56,A56) -> 13 | AG56: 95246844 | AH56: =Tabla4[[#This Row],[VALOR CONTRAPARTIDA]]+Tabla4[[#This Row],[TOTAL APORTES ICBF]] -> 97151781 | AM56: =VLOOKUP(Tabla4[[#This Row],[SERVICIO 2025]],$J$2:$V$14,5,0)*Tabla4[[#This Row],[TOTAL COBERTURA]] -> 1939146 | AN56: =VLOOKUP(Tabla4[[#This Row],[SERVICIO 2025]],$J$2:$V$14,6,0)*Tabla4[[#This Row],[TOTAL COBERTURA]] -> 1650946 | AO56: =VLOOKUP(Tabla4[[#This Row],[SERVICIO 2025]],$J$2:$V$14,8,0)*Tabla4[[#This Row],[TOTAL COBERTURA]] -> 0 | AP56: =VLOOKUP(Tabla4[[#This Row],[SERVICIO 2025]],$J$2:$V$14,3,0)*Tabla4[[#This Row],[TOTAL COBERTURA]]*8 -> 91656752 | AR56: =Tabla4[[#This Row],[VALOR FASE PREPARATORIA DE ALISTAMIENTO]]+Tabla4[[#This Row],[VALOR FASE PREPARATORIA DE CIERRE]]+Tabla4[[#This Row],[DOTACIÓN ÚNICA]]+Tabla4[[#This Row],[VALOR ATENCIÓN]]+Tabla4[[#This Row],[VALOR RACION PREPARADA]] -> 95246844 | AS56: =+IF(Tabla4[[#This Row],[AGRUPACIONES]]=1,SUMIFS(Tabla4[VALOR TOTAL],Tabla4[ZONA DEFINITIVO],Tabla4[[#This Row],[ZONA DEFINITIVO]])," ") | AT56: =(VLOOKUP(Tabla4[[#This Row],[SERVICIO 2025]],$J$2:$V$14,3,0)*Tabla4[[#This Row],[TOTAL COBERTURA]])+Tabla4[[#This Row],[VALOR FASE PREPARATORIA DE ALISTAMIENTO]]+Tabla4[[#This Row],[DOTACIÓN ÚNICA]] -> 13396240 | AU56: =(VLOOKUP(Tabla4[[#This Row],[SERVICIO 2025]],$J$2:$V$14,3,0)*Tabla4[[#This Row],[TOTAL COBERTURA]]) -> 11457094 | AV56: =(VLOOKUP(Tabla4[[#This Row],[SERVICIO 2025]],$J$2:$V$14,3,0)*Tabla4[[#This Row],[TOTAL COBERTURA]]) -> 11457094 | AW56: =(VLOOKUP(Tabla4[[#This Row],[SERVICIO 2025]],$J$2:$V$14,3,0)*Tabla4[[#This Row],[TOTAL COBERTURA]]) -> 11457094 | AX56: =(VLOOKUP(Tabla4[[#This Row],[SERVICIO 2025]],$J$2:$V$14,3,0)*Tabla4[[#This Row],[TOTAL COBERTURA]]) -> 11457094 | AY56: =(VLOOKUP(Tabla4[[#This Row],[SERVICIO 2025]],$J$2:$V$14,3,0)*Tabla4[[#This Row],[TOTAL COBERTURA]]) -> 11457094 | AZ56: =(VLOOKUP(Tabla4[[#This Row],[SERVICIO 2025]],$J$2:$V$14,3,0)*Tabla4[[#This Row],[TOTAL COBERTURA]]) -> 11457094 | BA56: =(VLOOKUP(Tabla4[[#This Row],[SERVICIO 2025]],$J$2:$V$14,3,0)*Tabla4[[#This Row],[TOTAL COBERTURA]])+Tabla4[[#This Row],[VALOR FASE PREPARATORIA DE CIERRE]] -> 13108040 | BB56: =SUM(Tabla4[[#This Row],[DESEMBOLSO 1]:[DESEMBOLSO 8]]) -> 95246844 | BC56: =VLOOKUP(Tabla4[[#This Row],[SERVICIO 2025]],$J$2:$V$14,10,0)*Tabla4[[#This Row],[TOTAL COBERTURA]]*$W$3 -> 0 | BD56: CONTRATO COSTEADO CON ALIMENTACION | BE56: =EXACT(Tabla4[[#This Row],[VALOR ATENCIÓN (8 MESES)]],Tabla4[[#This Row],[VALOR TOTAL]]) -> TRUE | BF56: =Tabla4[[#This Row],[VALOR ATENCIÓN (8 MESES)]]-Tabla4[[#This Row],[VALOR TOTAL]] -> 0 | BG56: =EXACT(Tabla4[[#This Row],[TOTAL DESEMBOLSOS]],Tabla4[[#This Row],[VALOR ATENCIÓN (8 MESES)]]) -> TRUE | BH56: =Tabla4[[#This Row],[TOTAL DESEMBOLSOS]]-Tabla4[[#This Row],[VALOR ATENCIÓN (8 MESES)]] -> 0 | BI56: RADICADAS
A57: 1890 | B57: 05005442025 | C57: LOTE 2 | D57: CZ SUROESTE | E57: CIUDAD BOLIVAR | F57: EDUCACIÓN INICIAL EN EL HOGAR A SIN RACION - FAMILIAR Y COMUNITARIA | G57: PRESTAR LOS SERVICIOS DE EDUCACIÓN INICIAL EN EL MARCO DE LA ATENCIÓN INTEGRAL A LA PRIMERA INFANCIA DE CONFORMIDAD CON LOS MANUALES TÉCNICOS, GUÍAS OPERATIVAS PARA LA ATENCIÓN A LA PRIMERA INFANCIA Y LOS LINEAMIENTOS ESTABLECIDOS POR EL ICBF, EN ARMONÍA CON LA POLÍTICA DE ESTADO PARA EL DESARROLLO INTEGRAL DE LA PRIMERA INFANCIA DE “CERO A SIEMPRE | H57: VEREDA EL ABEJERO | I57: 51011115085 | J57: COLEGIO EL ABEJERO | K57: 1 | L57: 13 | N57: 1890 | O57: ARTÍCULO 34 CONTRATACIÓN CON EL REGISTRO ÚNICO DE OFERENTES | R57: C-4602-1500-9-704020-4602020-02-161 | S57: 10 | T57: 900216955 | U57: CORPORACIÓN SUEÑOS DE FAMILIA INTEGRAL | V57: =VLOOKUP(Tabla4[[#This Row],[ZONA DEFINITIVO]],Hoja1!$A$1:$D$121,3,0) -> 228990 | W57: =VLOOKUP(Tabla4[[#This Row],[ZONA DEFINITIVO]],Hoja1!$A$1:$D$121,2,0) -> 15150 | X57: =VLOOKUP(Tabla4[[#This Row],[ZONA DEFINITIVO]],Hoja1!$A$1:$D$121,4,0) -> 90625 | Y57: =+IF(Tabla4[[#This Row],[AGRUPACIONES]]=1,SUMIFS(Tabla4[UDS],Tabla4[ZONA DEFINITIVO],Tabla4[[#This Row],[ZONA DEFINITIVO]])," ") -> 27 | Z57: =+IF(Tabla4[[#This Row],[AGRUPACIONES]]=1,SUMIFS(Tabla4[TOTAL COBERTURA],Tabla4[ZONA DEFINITIVO],Tabla4[[#This Row],[ZONA DEFINITIVO]])," ") -> 810 | AB57: 19750965 | AC57: 0.02 | AD57: =AB57*AC57 -> 395019.3 | AF57: =COUNTIF($A$20:A57,A57) -> 1 | AG57: 19750965 | AH57: =Tabla4[[#This Row],[VALOR CONTRAPARTIDA]]+Tabla4[[#This Row],[TOTAL APORTES ICBF]] -> 20145984 | AI57: =ROUND(+IF(Tabla4[[#This Row],[AGRUPACIONES]]=1,SUMIFS(Tabla4[TOTAL APORTES ICBF],Tabla4[ZONA DEFINITIVO],Tabla4[[#This Row],[ZONA DEFINITIVO]])," "),0) -> 1719163785 | AJ57: =ROUND(+IF(Tabla4[[#This Row],[AGRUPACIONES]]=1,SUMIFS(Tabla4[VALOR CONTRAPARTIDA],Tabla4[ZONA DEFINITIVO],Tabla4[[#This Row],[ZONA DEFINITIVO]])," "),0) -> 34383276 | AK57: =Tabla4[[#This Row],[TOTAL APORTES ICBF AGRUPADO]]+Tabla4[[#This Row],[TOTAL CONTRAPARTIDA AGRUPADO]] -> 1753547061 | AL57: =Tabla4[[#This Row],[TOTAL APORTES ICBF AGRUPADO]]/$AL$18 -> 1207.702 | AM57: =VLOOKUP(Tabla4[[#This Row],[SERVICIO 2025]],$J$2:$V$14,5,0)*Tabla4[[#This Row],[TOTAL COBERTURA]] -> 607672 | AN57: =VLOOKUP(Tabla4[[#This Row],[SERVICIO 2025]],$J$2:$V$14,6,0)*Tabla4[[#This Row],[TOTAL COBERTURA]] -> 491933 | AO57: =VLOOKUP(Tabla4[[#This Row],[SERVICIO 2025]],$J$2:$V$14,8,0)*Tabla4[[#This Row],[TOTAL COBERTURA]] -> 0 | AP57: =VLOOKUP(Tabla4[[#This Row],[SERVICIO 2025]],$J$2:$V$14,3,0)*Tabla4[[#This Row],[TOTAL COBERTURA]]*8 -> 18651360 | AR57: =Tabla4[[#This Row],[VALOR FASE PREPARATORIA DE ALISTAMIENTO]]+Tabla4[[#This Row],[VALOR FASE PREPARATORIA DE CIERRE]]+Tabla4[[#This Row],[DOTACIÓN ÚNICA]]+Tabla4[[#This Row],[VALOR ATENCIÓN]]+Tabla4[[#This Row],[VALOR RACION PREPARADA]] -> 19750965 | AS57: =+IF(Tabla4[[#This Row],[AGRUPACIONES]]=1,SUMIFS(Tabla4[VALOR TOTAL],Tabla4[ZONA DEFINITIVO],Tabla4[[#This Row],[ZONA DEFINITIVO]])," ") -> 1719163785 | AT57: =(VLOOKUP(Tabla4[[#This Row],[SERVICIO 2025]],$J$2:$V$14,3,0)*Tabla4[[#This Row],[TOTAL COBERTURA]])+Tabla4[[#This Row],[VALOR FASE PREPARATORIA DE ALISTAMIENTO]]+Tabla4[[#This Row],[DOTACIÓN ÚNICA]] -> 2939092 | AU57: =(VLOOKUP(Tabla4[[#This Row],[SERVICIO 2025]],$J$2:$V$14,3,0)*Tabla4[[#This Row],[TOTAL COBERTURA]]) -> 2331420 | AV57: =(VLOOKUP(Tabla4[[#This Row],[SERVICIO 2025]],$J$2:$V$14,3,0)*Tabla4[[#This Row],[TOTAL COBERTURA]]) -> 2331420 | AW57: =(VLOOKUP(Tabla4[[#This Row],[SERVICIO 2025]],$J$2:$V$14,3,0)*Tabla4[[#This Row],[TOTAL COBERTURA]]) -> 2331420 | AX57: =(VLOOKUP(Tabla4[[#This Row],[SERVICIO 2025]],$J$2:$V$14,3,0)*Tabla4[[#This Row],[TOTAL COBERTURA]]) -> 2331420 | AY57: =(VLOOKUP(Tabla4[[#This Row],[SERVICIO 2025]],$J$2:$V$14,3,0)*Tabla4[[#This Row],[TOTAL COBERTURA]]) -> 2331420 | AZ57: =(VLOOKUP(Tabla4[[#This Row],[SERVICIO 2025]],$J$2:$V$14,3,0)*Tabla4[[#This Row],[TOTAL COBERTURA]]) -> 2331420 | BA57: =(VLOOKUP(Tabla4[[#This Row],[SERVICIO 2025]],$J$2:$V$14,3,0)*Tabla4[[#This Row],[TOTAL COBERTURA]])+Tabla4[[#This Row],[VALOR FASE PREPARATORIA DE CIERRE]] -> 2823353 | BB57: =SUM(Tabla4[[#This Row],[DESEMBOLSO 1]:[DESEMBOLSO 8]]) -> 19750965 | BC57: =VLOOKUP(Tabla4[[#This Row],[SERVICIO 2025]],$J$2:$V$14,10,0)*Tabla4[[#This Row],[TOTAL COBERTURA]]*$W$3 -> 19585384 | BD57: CONTRATO ADICIONAL POR ALIMENTACION | BE57: =EXACT(Tabla4[[#This Row],[VALOR ATENCIÓN (8 MESES)]],Tabla4[[#This Row],[VALOR TOTAL]]) -> TRUE | BF57: =Tabla4[[#This Row],[VALOR ATENCIÓN (8 MESES)]]-Tabla4[[#This Row],[VALOR TOTAL]] -> 0 | BG57: =EXACT(Tabla4[[#This Row],[TOTAL DESEMBOLSOS]],Tabla4[[#This Row],[VALOR ATENCIÓN (8 MESES)]]) -> TRUE | BH57: =Tabla4[[#This Row],[TOTAL DESEMBOLSOS]]-Tabla4[[#This Row],[VALOR ATENCIÓN (8 MESES)]] -> 0 | BI57: RADICADAS | BJ57: 1890
A58: 1890 | B58: 05005442025 | C58: LOTE 2 | D58: CZ SUROESTE | E58: CIUDAD BOLIVAR | F58: EDUCACIÓN INICIAL EN EL HOGAR A SIN RACION - FAMILIAR Y COMUNITARIA | G58: PRESTAR LOS SERVICIOS DE EDUCACIÓN INICIAL EN EL MARCO DE LA ATENCIÓN INTEGRAL A LA PRIMERA INFANCIA DE CONFORMIDAD CON LOS MANUALES TÉCNICOS, GUÍAS OPERATIVAS PARA LA ATENCIÓN A LA PRIMERA INFANCIA Y LOS LINEAMIENTOS ESTABLECIDOS POR EL ICBF, EN ARMONÍA CON LA POLÍTICA DE ESTADO PARA EL DESARROLLO INTEGRAL DE LA PRIMERA INFANCIA DE “CERO A SIEMPRE | H58: VEREDA ALTO DE LOS JARAMILLOS | I58: 51011115088 | J58: COLEGIO ALTO DE JARAMILLOS | K58: 1 | L58: 20 | N58: 1890 | O58: ARTÍCULO 34 CONTRATACIÓN CON EL REGISTRO ÚNICO DE OFERENTES | R58: C-4602-1500-9-704020-4602020-02-161 | S58: 10 | T58: 900216955 | U58: CORPORACIÓN SUEÑOS DE FAMILIA INTEGRAL | V58: =VLOOKUP(Tabla4[[#This Row],[ZONA DEFINITIVO]],Hoja1!$A$1:$D$121,3,0) -> 228990 | W58: =VLOOKUP(Tabla4[[#This Row],[ZONA DEFINITIVO]],Hoja1!$A$1:$D$121,2,0) -> 15150 | X58: =VLOOKUP(Tabla4[[#This Row],[ZONA DEFINITIVO]],Hoja1!$A$1:$D$121,4,0) -> 90625 | Y58: =+IF(Tabla4[[#This Row],[AGRUPACIONES]]=1,SUMIFS(Tabla4[UDS],Tabla4[ZONA DEFINITIVO],Tabla4[[#This Row],[ZONA DEFINITIVO]])," ") | Z58: =+IF(Tabla4[[#This Row],[AGRUPACIONES]]=1,SUMIFS(Tabla4[TOTAL COBERTURA],Tabla4[ZONA DEFINITIVO],Tabla4[[#This Row],[ZONA DEFINITIVO]])," ") | AB58: 30386100 | AC58: 0.02 | AD58: =AB58*AC58 -> 607722 | AF58: =COUNTIF($A$20:A58,A58) -> 2 | AG58: 30386100 | AH58: =Tabla4[[#This Row],[VALOR CONTRAPARTIDA]]+Tabla4[[#This Row],[TOTAL APORTES ICBF]] -> 30993822 | AM58: =VLOOKUP(Tabla4[[#This Row],[SERVICIO 2025]],$J$2:$V$14,5,0)*Tabla4[[#This Row],[TOTAL COBERTURA]] -> 934880 | AN58: =VLOOKUP(Tabla4[[#This Row],[SERVICIO 2025]],$J$2:$V$14,6,0)*Tabla4[[#This Row],[TOTAL COBERTURA]] -> 756820 | AO58: =VLOOKUP(Tabla4[[#This Row],[SERVICIO 2025]],$J$2:$V$14,8,0)*Tabla4[[#This Row],[TOTAL COBERTURA]] -> 0 | AP58: =VLOOKUP(Tabla4[[#This Row],[SERVICIO 2025]],$J$2:$V$14,3,0)*Tabla4[[#This Row],[TOTAL COBERTURA]]*8 -> 28694400 | AR58: =Tabla4[[#This Row],[VALOR FASE PREPARATORIA DE ALISTAMIENTO]]+Tabla4[[#This Row],[VALOR FASE PREPARATORIA DE CIERRE]]+Tabla4[[#This Row],[DOTACIÓN ÚNICA]]+Tabla4[[#This Row],[VALOR ATENCIÓN]]+Tabla4[[#This Row],[VALOR RACION PREPARADA]] -> 30386100 | AS58: =+IF(Tabla4[[#This Row],[AGRUPACIONES]]=1,SUMIFS(Tabla4[VALOR TOTAL],Tabla4[ZONA DEFINITIVO],Tabla4[[#This Row],[ZONA DEFINITIVO]])," ") | AT58: =(VLOOKUP(Tabla4[[#This Row],[SERVICIO 2025]],$J$2:$V$14,3,0)*Tabla4[[#This Row],[TOTAL COBERTURA]])+Tabla4[[#This Row],[VALOR FASE PREPARATORIA DE ALISTAMIENTO]]+Tabla4[[#This Row],[DOTACIÓN ÚNICA]] -> 4521680 | AU58: =(VLOOKUP(Tabla4[[#This Row],[SERVICIO 2025]],$J$2:$V$14,3,0)*Tabla4[[#This Row],[TOTAL COBERTURA]]) -> 3586800 | AV58: =(VLOOKUP(Tabla4[[#This Row],[SERVICIO 2025]],$J$2:$V$14,3,0)*Tabla4[[#This Row],[TOTAL COBERTURA]]) -> 3586800 | AW58: =(VLOOKUP(Tabla4[[#This Row],[SERVICIO 2025]],$J$2:$V$14,3,0)*Tabla4[[#This Row],[TOTAL COBERTURA]]) -> 3586800 | AX58: =(VLOOKUP(Tabla4[[#This Row],[SERVICIO 2025]],$J$2:$V$14,3,0)*Tabla4[[#This Row],[TOTAL COBERTURA]]) -> 3586800 | AY58: =(VLOOKUP(Tabla4[[#This Row],[SERVICIO 2025]],$J$2:$V$14,3,0)*Tabla4[[#This Row],[TOTAL COBERTURA]]) -> 3586800 | AZ58: =(VLOOKUP(Tabla4[[#This Row],[SERVICIO 2025]],$J$2:$V$14,3,0)*Tabla4[[#This Row],[TOTAL COBERTURA]]) -> 3586800 | BA58: =(VLOOKUP(Tabla4[[#This Row],[SERVICIO 2025]],$J$2:$V$14,3,0)*Tabla4[[#This Row],[TOTAL COBERTURA]])+Tabla4[[#This Row],[VALOR FASE PREPARATORIA DE CIERRE]] -> 4343620 | BB58: =SUM(Tabla4[[#This Row],[DESEMBOLSO 1]:[DESEMBOLSO 8]]) -> 30386100 | BC58: =VLOOKUP(Tabla4[[#This Row],[SERVICIO 2025]],$J$2:$V$14,10,0)*Tabla4[[#This Row],[TOTAL COBERTURA]]*$W$3 -> 30131360 | BD58: CONTRATO ADICIONAL POR ALIMENTACION | BE58: =EXACT(Tabla4[[#This Row],[VALOR ATENCIÓN (8 MESES)]],Tabla4[[#This Row],[VALOR TOTAL]]) -> TRUE | BF58: =Tabla4[[#This Row],[VALOR ATENCIÓN (8 MESES)]]-Tabla4[[#This Row],[VALOR TOTAL]] -> 0 | BG58: =EXACT(Tabla4[[#This Row],[TOTAL DESEMBOLSOS]],Tabla4[[#This Row],[VALOR ATENCIÓN (8 MESES)]]) -> TRUE | BH58: =Tabla4[[#This Row],[TOTAL DESEMBOLSOS]]-Tabla4[[#This Row],[VALOR ATENCIÓN (8 MESES)]] -> 0 | BI58: RADICADAS | BJ58: 1890
A59: 1890 | B59: 05005442025 | C59: LOTE 2 | D59: CZ SUROESTE | E59: CIUDAD BOLIVAR | F59: EDUCACIÓN INICIAL EN EL HOGAR A SIN RACION - FAMILIAR Y COMUNITARIA | G59: PRESTAR LOS SERVICIOS DE EDUCACIÓN INICIAL EN EL MARCO DE LA ATENCIÓN INTEGRAL A LA PRIMERA INFANCIA DE CONFORMIDAD CON LOS MANUALES TÉCNICOS, GUÍAS OPERATIVAS PARA LA ATENCIÓN A LA PRIMERA INFANCIA Y LOS LINEAMIENTOS ESTABLECIDOS POR EL ICBF, EN ARMONÍA CON LA POLÍTICA DE ESTADO PARA EL DESARROLLO INTEGRAL DE LA PRIMERA INFANCIA DE “CERO A SIEMPRE | H59: CORREGIMIENTO ALFONSO LOPEZ | I59: 51011115092 | J59: C COMUNAL ALFONSO LOPEZ | K59: 1 | L59: 38 | N59: 1890 | O59: ARTÍCULO 34 CONTRATACIÓN CON EL REGISTRO ÚNICO DE OFERENTES | R59: C-4602-1500-9-704020-4602020-02-161 | S59: 10 | T59: 900216955 | U59: CORPORACIÓN SUEÑOS DE FAMILIA INTEGRAL | V59: =VLOOKUP(Tabla4[[#This Row],[ZONA DEFINITIVO]],Hoja1!$A$1:$D$121,3,0) -> 228990 | W59: =VLOOKUP(Tabla4[[#This Row],[ZONA DEFINITIVO]],Hoja1!$A$1:$D$121,2,0) -> 15150 | X59: =VLOOKUP(Tabla4[[#This Row],[ZONA DEFINITIVO]],Hoja1!$A$1:$D$121,4,0) -> 90625 | Y59: =+IF(Tabla4[[#This Row],[AGRUPACIONES]]=1,SUMIFS(Tabla4[UDS],Tabla4[ZONA DEFINITIVO],Tabla4[[#This Row],[ZONA DEFINITIVO]])," ") | Z59: =+IF(Tabla4[[#This Row],[AGRUPACIONES]]=1,SUMIFS(Tabla4[TOTAL COBERTURA],Tabla4[ZONA DEFINITIVO],Tabla4[[#This Row],[ZONA DEFINITIVO]])," ") | AB59: 57733590 | AC59: 0.02 | AD59: =AB59*AC59 -> 1154671.8 | AF59: =COUNTIF($A$20:A59,A59) -> 3 | AG59: 57733590 | AH59: =Tabla4[[#This Row],[VALOR CONTRAPARTIDA]]+Tabla4[[#This Row],[TOTAL APORTES ICBF]] -> 58888262 | AM59: =VLOOKUP(Tabla4[[#This Row],[SERVICIO 2025]],$J$2:$V$14,5,0)*Tabla4[[#This Row],[TOTAL COBERTURA]] -> 1776272 | AN59: =VLOOKUP(Tabla4[[#This Row],[SERVICIO 2025]],$J$2:$V$14,6,0)*Tabla4[[#This Row],[TOTAL COBERTURA]] -> 1437958 | AO59: =VLOOKUP(Tabla4[[#This Row],[SERVICIO 2025]],$J$2:$V$14,8,0)*Tabla4[[#This Row],[TOTAL COBERTURA]] -> 0 | AP59: =VLOOKUP(Tabla4[[#This Row],[SERVICIO 2025]],$J$2:$V$14,3,0)*Tabla4[[#This Row],[TOTAL COBERTURA]]*8 -> 54519360 | AR59: =Tabla4[[#This Row],[VALOR FASE PREPARATORIA DE ALISTAMIENTO]]+Tabla4[[#This Row],[VALOR FASE PREPARATORIA DE CIERRE]]+Tabla4[[#This Row],[DOTACIÓN ÚNICA]]+Tabla4[[#This Row],[VALOR ATENCIÓN]]+Tabla4[[#This Row],[VALOR RACION PREPARADA]] -> 57733590 | AS59: =+IF(Tabla4[[#This Row],[AGRUPACIONES]]=1,SUMIFS(Tabla4[VALOR TOTAL],Tabla4[ZONA DEFINITIVO],Tabla4[[#This Row],[ZONA DEFINITIVO]])," ") | AT59: =(VLOOKUP(Tabla4[[#This Row],[SERVICIO 2025]],$J$2:$V$14,3,0)*Tabla4[[#This Row],[TOTAL COBERTURA]])+Tabla4[[#This Row],[VALOR FASE PREPARATORIA DE ALISTAMIENTO]]+Tabla4[[#This Row],[DOTACIÓN ÚNICA]] -> 8591192 | AU59: =(VLOOKUP(Tabla4[[#This Row],[SERVICIO 2025]],$J$2:$V$14,3,0)*Tabla4[[#This Row],[TOTAL COBERTURA]]) -> 6814920 | AV59: =(VLOOKUP(Tabla4[[#This Row],[SERVICIO 2025]],$J$2:$V$14,3,0)*Tabla4[[#This Row],[TOTAL COBERTURA]]) -> 6814920 | AW59: =(VLOOKUP(Tabla4[[#This Row],[SERVICIO 2025]],$J$2:$V$14,3,0)*Tabla4[[#This Row],[TOTAL COBERTURA]]) -> 6814920 | AX59: =(VLOOKUP(Tabla4[[#This Row],[SERVICIO 2025]],$J$2:$V$14,3,0)*Tabla4[[#This Row],[TOTAL COBERTURA]]) -> 6814920 | AY59: =(VLOOKUP(Tabla4[[#This Row],[SERVICIO 2025]],$J$2:$V$14,3,0)*Tabla4[[#This Row],[TOTAL COBERTURA]]) -> 6814920 | AZ59: =(VLOOKUP(Tabla4[[#This Row],[SERVICIO 2025]],$J$2:$V$14,3,0)*Tabla4[[#This Row],[TOTAL COBERTURA]]) -> 6814920 | BA59: =(VLOOKUP(Tabla4[[#This Row],[SERVICIO 2025]],$J$2:$V$14,3,0)*Tabla4[[#This Row],[TOTAL COBERTURA]])+Tabla4[[#This Row],[VALOR FASE PREPARATORIA DE CIERRE]] -> 8252878 | BB59: =SUM(Tabla4[[#This Row],[DESEMBOLSO 1]:[DESEMBOLSO 8]]) -> 57733590 | BC59: =VLOOKUP(Tabla4[[#This Row],[SERVICIO 2025]],$J$2:$V$14,10,0)*Tabla4[[#This Row],[TOTAL COBERTURA]]*$W$3 -> 57249584 | BD59: CONTRATO ADICIONAL POR ALIMENTACION | BE59: =EXACT(Tabla4[[#This Row],[VALOR ATENCIÓN (8 MESES)]],Tabla4[[#This Row],[VALOR TOTAL]]) -> TRUE | BF59: =Tabla4[[#This Row],[VALOR ATENCIÓN (8 MESES)]]-Tabla4[[#This Row],[VALOR TOTAL]] -> 0 | BG59: =EXACT(Tabla4[[#This Row],[TOTAL DESEMBOLSOS]],Tabla4[[#This Row],[VALOR ATENCIÓN (8 MESES)]]) -> TRUE | BH59: =Tabla4[[#This Row],[TOTAL DESEMBOLSOS]]-Tabla4[[#This Row],[VALOR ATENCIÓN (8 MESES)]] -> 0 | BI59: RADICADAS | BJ59: 1890
A60: 1890 | B60: 05005442025 | C60: LOTE 2 | D60: CZ SUROESTE | E60: CIUDAD BOLIVAR | F60: EDUCACIÓN INICIAL EN EL HOGAR A SIN RACION - FAMILIAR Y COMUNITARIA | G60: PRESTAR LOS SERVICIOS DE EDUCACIÓN INICIAL EN EL MARCO DE LA ATENCIÓN INTEGRAL A LA PRIMERA INFANCIA DE CONFORMIDAD CON LOS MANUALES TÉCNICOS, GUÍAS OPERATIVAS PARA LA ATENCIÓN A LA PRIMERA INFANCIA Y LOS LINEAMIENTOS ESTABLECIDOS POR EL ICBF, EN ARMONÍA CON LA POLÍTICA DE ESTADO PARA EL DESARROLLO INTEGRAL DE LA PRIMERA INFANCIA DE “CERO A SIEMPRE | H60: BOLIVAR ARRIBA LOS MEDIOS | I60: 51011115095 | J60: COLEGIO LOS MEDIOS | K60: 1 | L60: 9 | N60: 1890 | O60: ARTÍCULO 34 CONTRATACIÓN CON EL REGISTRO ÚNICO DE OFERENTES | R60: C-4602-1500-9-704020-4602020-02-161 | S60: 10 | T60: 900216955 | U60: CORPORACIÓN SUEÑOS DE FAMILIA INTEGRAL | V60: =VLOOKUP(Tabla4[[#This Row],[ZONA DEFINITIVO]],Hoja1!$A$1:$D$121,3,0) -> 228990 | W60: =VLOOKUP(Tabla4[[#This Row],[ZONA DEFINITIVO]],Hoja1!$A$1:$D$121,2,0) -> 15150 | X60: =VLOOKUP(Tabla4[[#This Row],[ZONA DEFINITIVO]],Hoja1!$A$1:$D$121,4,0) -> 90625 | Y60: =+IF(Tabla4[[#This Row],[AGRUPACIONES]]=1,SUMIFS(Tabla4[UDS],Tabla4[ZONA DEFINITIVO],Tabla4[[#This Row],[ZONA DEFINITIVO]])," ") | Z60: =+IF(Tabla4[[#This Row],[AGRUPACIONES]]=1,SUMIFS(Tabla4[TOTAL COBERTURA],Tabla4[ZONA DEFINITIVO],Tabla4[[#This Row],[ZONA DEFINITIVO]])," ") | AB60: 13673745 | AC60: 0.02 | AD60: =AB60*AC60 -> 273474.9 | AF60: =COUNTIF($A$20:A60,A60) -> 4 | AG60: 13673745 | AH60: =Tabla4[[#This Row],[VALOR CONTRAPARTIDA]]+Tabla4[[#This Row],[TOTAL APORTES ICBF]] -> 13947220 | AM60: =VLOOKUP(Tabla4[[#This Row],[SERVICIO 2025]],$J$2:$V$14,5,0)*Tabla4[[#This Row],[TOTAL COBERTURA]] -> 420696 | AN60: =VLOOKUP(Tabla4[[#This Row],[SERVICIO 2025]],$J$2:$V$14,6,0)*Tabla4[[#This Row],[TOTAL COBERTURA]] -> 340569 | AO60: =VLOOKUP(Tabla4[[#This Row],[SERVICIO 2025]],$J$2:$V$14,8,0)*Tabla4[[#This Row],[TOTAL COBERTURA]] -> 0 | AP60: =VLOOKUP(Tabla4[[#This Row],[SERVICIO 2025]],$J$2:$V$14,3,0)*Tabla4[[#This Row],[TOTAL COBERTURA]]*8 -> 12912480 | AR60: =Tabla4[[#This Row],[VALOR FASE PREPARATORIA DE ALISTAMIENTO]]+Tabla4[[#This Row],[VALOR FASE PREPARATORIA DE CIERRE]]+Tabla4[[#This Row],[DOTACIÓN ÚNICA]]+Tabla4[[#This Row],[VALOR ATENCIÓN]]+Tabla4[[#This Row],[VALOR RACION PREPARADA]] -> 13673745 | AS60: =+IF(Tabla4[[#This Row],[AGRUPACIONES]]=1,SUMIFS(Tabla4[VALOR TOTAL],Tabla4[ZONA DEFINITIVO],Tabla4[[#This Row],[ZONA DEFINITIVO]])," ") | AT60: =(VLOOKUP(Tabla4[[#This Row],[SERVICIO 2025]],$J$2:$V$14,3,0)*Tabla4[[#This Row],[TOTAL COBERTURA]])+Tabla4[[#This Row],[VALOR FASE PREPARATORIA DE ALISTAMIENTO]]+Tabla4[[#This Row],[DOTACIÓN ÚNICA]] -> 2034756 | AU60: =(VLOOKUP(Tabla4[[#This Row],[SERVICIO 2025]],$J$2:$V$14,3,0)*Tabla4[[#This Row],[TOTAL COBERTURA]]) -> 1614060 | AV60: =(VLOOKUP(Tabla4[[#This Row],[SERVICIO 2025]],$J$2:$V$14,3,0)*Tabla4[[#This Row],[TOTAL COBERTURA]]) -> 1614060 | AW60: =(VLOOKUP(Tabla4[[#This Row],[SERVICIO 2025]],$J$2:$V$14,3,0)*Tabla4[[#This Row],[TOTAL COBERTURA]]) -> 1614060 | AX60: =(VLOOKUP(Tabla4[[#This Row],[SERVICIO 2025]],$J$2:$V$14,3,0)*Tabla4[[#This Row],[TOTAL COBERTURA]]) -> 1614060 | AY60: =(VLOOKUP(Tabla4[[#This Row],[SERVICIO 2025]],$J$2:$V$14,3,0)*Tabla4[[#This Row],[TOTAL COBERTURA]]) -> 1614060 | AZ60: =(VLOOKUP(Tabla4[[#This Row],[SERVICIO 2025]],$J$2:$V$14,3,0)*Tabla4[[#This Row],[TOTAL COBERTURA]]) -> 1614060 | BA60: =(VLOOKUP(Tabla4[[#This Row],[SERVICIO 2025]],$J$2:$V$14,3,0)*Tabla4[[#This Row],[TOTAL COBERTURA]])+Tabla4[[#This Row],[VALOR FASE PREPARATORIA DE CIERRE]] -> 1954629 | BB60: =SUM(Tabla4[[#This Row],[DESEMBOLSO 1]:[DESEMBOLSO 8]]) -> 13673745 | BC60: =VLOOKUP(Tabla4[[#This Row],[SERVICIO 2025]],$J$2:$V$14,10,0)*Tabla4[[#This Row],[TOTAL COBERTURA]]*$W$3 -> 13559112 | BD60: CONTRATO ADICIONAL POR ALIMENTACION | BE60: =EXACT(Tabla4[[#This Row],[VALOR ATENCIÓN (8 MESES)]],Tabla4[[#This Row],[VALOR TOTAL]]) -> TRUE | BF60: =Tabla4[[#This Row],[VALOR ATENCIÓN (8 MESES)]]-Tabla4[[#This Row],[VALOR TOTAL]] -> 0 | BG60: =EXACT(Tabla4[[#This Row],[TOTAL DESEMBOLSOS]],Tabla4[[#This Row],[VALOR ATENCIÓN (8 MESES)]]) -> TRUE | BH60: =Tabla4[[#This Row],[TOTAL DESEMBOLSOS]]-Tabla4[[#This Row],[VALOR ATENCIÓN (8 MESES)]] -> 0 | BI60: RADICADAS | BJ60: 1890
A61: 1890 | B61: 05005442025 | C61: LOTE 2 | D61: CZ SUROESTE | E61: CIUDAD BOLIVAR | F61: EDUCACIÓN INICIAL EN EL HOGAR A SIN RACION - FAMILIAR Y COMUNITARIA | G61: PRESTAR LOS SERVICIOS DE EDUCACIÓN INICIAL EN EL MARCO DE LA ATENCIÓN INTEGRAL A LA PRIMERA INFANCIA DE CONFORMIDAD CON LOS MANUALES TÉCNICOS, GUÍAS OPERATIVAS PARA LA ATENCIÓN A LA PRIMERA INFANCIA Y LOS LINEAMIENTOS ESTABLECIDOS POR EL ICBF, EN ARMONÍA CON LA POLÍTICA DE ESTADO PARA EL DESARROLLO INTEGRAL DE LA PRIMERA INFANCIA DE “CERO A SIEMPRE | H61: CL 49 42 23 LA FLORESTA | I61: 51011115102 | J61: SEDE DIMF LA FLORESTA | K61: 1 | L61: 71 | N61: 1890 | O61: ARTÍCULO 34 CONTRATACIÓN CON EL REGISTRO ÚNICO DE OFERENTES | R61: C-4602-1500-9-704020-4602020-02-161 | S61: 10 | T61: 900216955 | U61: CORPORACIÓN SUEÑOS DE FAMILIA INTEGRAL | V61: =VLOOKUP(Tabla4[[#This Row],[ZONA DEFINITIVO]],Hoja1!$A$1:$D$121,3,0) -> 228990 | W61: =VLOOKUP(Tabla4[[#This Row],[ZONA DEFINITIVO]],Hoja1!$A$1:$D$121,2,0) -> 15150 | X61: =VLOOKUP(Tabla4[[#This Row],[ZONA DEFINITIVO]],Hoja1!$A$1:$D$121,4,0) -> 90625 | Y61: =+IF(Tabla4[[#This Row],[AGRUPACIONES]]=1,SUMIFS(Tabla4[UDS],Tabla4[ZONA DEFINITIVO],Tabla4[[#This Row],[ZONA DEFINITIVO]])," ") | Z61: =+IF(Tabla4[[#This Row],[AGRUPACIONES]]=1,SUMIFS(Tabla4[TOTAL COBERTURA],Tabla4[ZONA DEFINITIVO],Tabla4[[#This Row],[ZONA DEFINITIVO]])," ") | AB61: 107870655 | AC61: 0.02 | AD61: =AB61*AC61 -> 2157413.1 | AF61: =COUNTIF($A$20:A61,A61) -> 5 | AG61: 107870655 | AH61: =Tabla4[[#This Row],[VALOR CONTRAPARTIDA]]+Tabla4[[#This Row],[TOTAL APORTES ICBF]] -> 1.1002807e+08 | AM61: =VLOOKUP(Tabla4[[#This Row],[SERVICIO 2025]],$J$2:$V$14,5,0)*Tabla4[[#This Row],[TOTAL COBERTURA]] -> 3318824 | AN61: =VLOOKUP(Tabla4[[#This Row],[SERVICIO 2025]],$J$2:$V$14,6,0)*Tabla4[[#This Row],[TOTAL COBERTURA]] -> 2686711 | AO61: =VLOOKUP(Tabla4[[#This Row],[SERVICIO 2025]],$J$2:$V$14,8,0)*Tabla4[[#This Row],[TOTAL COBERTURA]] -> 0 | AP61: =VLOOKUP(Tabla4[[#This Row],[SERVICIO 2025]],$J$2:$V$14,3,0)*Tabla4[[#This Row],[TOTAL COBERTURA]]*8 -> 101865120 | AR61: =Tabla4[[#This Row],[VALOR FASE PREPARATORIA DE ALISTAMIENTO]]+Tabla4[[#This Row],[VALOR FASE PREPARATORIA DE CIERRE]]+Tabla4[[#This Row],[DOTACIÓN ÚNICA]]+Tabla4[[#This Row],[VALOR ATENCIÓN]]+Tabla4[[#This Row],[VALOR RACION PREPARADA]] -> 107870655 | AS61: =+IF(Tabla4[[#This Row],[AGRUPACIONES]]=1,SUMIFS(Tabla4[VALOR TOTAL],Tabla4[ZONA DEFINITIVO],Tabla4[[#This Row],[ZONA DEFINITIVO]])," ") | AT61: =(VLOOKUP(Tabla4[[#This Row],[SERVICIO 2025]],$J$2:$V$14,3,0)*Tabla4[[#This Row],[TOTAL COBERTURA]])+Tabla4[[#This Row],[VALOR FASE PREPARATORIA DE ALISTAMIENTO]]+Tabla4[[#This Row],[DOTACIÓN ÚNICA]] -> 16051964 | AU61: =(VLOOKUP(Tabla4[[#This Row],[SERVICIO 2025]],$J$2:$V$14,3,0)*Tabla4[[#This Row],[TOTAL COBERTURA]]) -> 12733140 | AV61: =(VLOOKUP(Tabla4[[#This Row],[SERVICIO 2025]],$J$2:$V$14,3,0)*Tabla4[[#This Row],[TOTAL COBERTURA]]) -> 12733140 | AW61: =(VLOOKUP(Tabla4[[#This Row],[SERVICIO 2025]],$J$2:$V$14,3,0)*Tabla4[[#This Row],[TOTAL COBERTURA]]) -> 12733140 | AX61: =(VLOOKUP(Tabla4[[#This Row],[SERVICIO 2025]],$J$2:$V$14,3,0)*Tabla4[[#This Row],[TOTAL COBERTURA]]) -> 12733140 | AY61: =(VLOOKUP(Tabla4[[#This Row],[SERVICIO 2025]],$J$2:$V$14,3,0)*Tabla4[[#This Row],[TOTAL COBERTURA]]) -> 12733140 | AZ61: =(VLOOKUP(Tabla4[[#This Row],[SERVICIO 2025]],$J$2:$V$14,3,0)*Tabla4[[#This Row],[TOTAL COBERTURA]]) -> 12733140 | BA61: =(VLOOKUP(Tabla4[[#This Row],[SERVICIO 2025]],$J$2:$V$14,3,0)*Tabla4[[#This Row],[TOTAL COBERTURA]])+Tabla4[[#This Row],[VALOR FASE PREPARATORIA DE CIERRE]] -> 15419851 | BB61: =SUM(Tabla4[[#This Row],[DESEMBOLSO 1]:[DESEMBOLSO 8]]) -> 107870655 | BC61: =VLOOKUP(Tabla4[[#This Row],[SERVICIO 2025]],$J$2:$V$14,10,0)*Tabla4[[#This Row],[TOTAL COBERTURA]]*$W$3 -> 106966328 | BD61: CONTRATO ADICIONAL POR ALIMENTACION | BE61: =EXACT(Tabla4[[#This Row],[VALOR ATENCIÓN (8 MESES)]],Tabla4[[#This Row],[VALOR TOTAL]]) -> TRUE | BF61: =Tabla4[[#This Row],[VALOR ATENCIÓN (8 MESES)]]-Tabla4[[#This Row],[VALOR TOTAL]] -> 0 | BG61: =EXACT(Tabla4[[#This Row],[TOTAL DESEMBOLSOS]],Tabla4[[#This Row],[VALOR ATENCIÓN (8 MESES)]]) -> TRUE | BH61: =Tabla4[[#This Row],[TOTAL DESEMBOLSOS]]-Tabla4[[#This Row],[VALOR ATENCIÓN (8 MESES)]] -> 0 | BI61: RADICADAS | BJ61: 1890
A62: 1890 | B62: 05005442025 | C62: LOTE 2 | D62: CZ SUROESTE | E62: CIUDAD BOLIVAR | F62: EDUCACIÓN INICIAL EN EL HOGAR A SIN RACION - FAMILIAR Y COMUNITARIA | G62: PRESTAR LOS SERVICIOS DE EDUCACIÓN INICIAL EN EL MARCO DE LA ATENCIÓN INTEGRAL A LA PRIMERA INFANCIA DE CONFORMIDAD CON LOS MANUALES TÉCNICOS, GUÍAS OPERATIVAS PARA LA ATENCIÓN A LA PRIMERA INFANCIA Y LOS LINEAMIENTOS ESTABLECIDOS POR EL ICBF, EN ARMONÍA CON LA POLÍTICA DE ESTADO PARA EL DESARROLLO INTEGRAL DE LA PRIMERA INFANCIA DE “CERO A SIEMPRE | H62: LA LINDA | I62: 51011115107 | J62: C COMUNAL LA LINDA_CIUDAD BOLIVAR | K62: 1 | L62: 40 | N62: 1890 | O62: ARTÍCULO 34 CONTRATACIÓN CON EL REGISTRO ÚNICO DE OFERENTES | R62: C-4602-1500-9-704020-4602020-02-161 | S62: 10 | T62: 900216955 | U62: CORPORACIÓN SUEÑOS DE FAMILIA INTEGRAL | V62: =VLOOKUP(Tabla4[[#This Row],[ZONA DEFINITIVO]],Hoja1!$A$1:$D$121,3,0) -> 228990 | W62: =VLOOKUP(Tabla4[[#This Row],[ZONA DEFINITIVO]],Hoja1!$A$1:$D$121,2,0) -> 15150 | X62: =VLOOKUP(Tabla4[[#This Row],[ZONA DEFINITIVO]],Hoja1!$A$1:$D$121,4,0) -> 90625 | Y62: =+IF(Tabla4[[#This Row],[AGRUPACIONES]]=1,SUMIFS(Tabla4[UDS],Tabla4[ZONA DEFINITIVO],Tabla4[[#This Row],[ZONA DEFINITIVO]])," ") | Z62: =+IF(Tabla4[[#This Row],[AGRUPACIONES]]=1,SUMIFS(Tabla4[TOTAL COBERTURA],Tabla4[ZONA DEFINITIVO],Tabla4[[#This Row],[ZONA DEFINITIVO]])," ") | AB62: 60772200 | AC62: 0.02 | AD62: =AB62*AC62 -> 1215444 | AF62: =COUNTIF($A$20:A62,A62) -> 6 | AG62: 60772200 | AH62: =Tabla4[[#This Row],[VALOR CONTRAPARTIDA]]+Tabla4[[#This Row],[TOTAL APORTES ICBF]] -> 61987644 | AM62: =VLOOKUP(Tabla4[[#This Row],[SERVICIO 2025]],$J$2:$V$14,5,0)*Tabla4[[#This Row],[TOTAL COBERTURA]] -> 1869760 | AN62: =VLOOKUP(Tabla4[[#This Row],[SERVICIO 2025]],$J$2:$V$14,6,0)*Tabla4[[#This Row],[TOTAL COBERTURA]] -> 1513640 | AO62: =VLOOKUP(Tabla4[[#This Row],[SERVICIO 2025]],$J$2:$V$14,8,0)*Tabla4[[#This Row],[TOTAL COBERTURA]] -> 0 | AP62: =VLOOKUP(Tabla4[[#This Row],[SERVICIO 2025]],$J$2:$V$14,3,0)*Tabla4[[#This Row],[TOTAL COBERTURA]]*8 -> 57388800 | AR62: =Tabla4[[#This Row],[VALOR FASE PREPARATORIA DE ALISTAMIENTO]]+Tabla4[[#This Row],[VALOR FASE PREPARATORIA DE CIERRE]]+Tabla4[[#This Row],[DOTACIÓN ÚNICA]]+Tabla4[[#This Row],[VALOR ATENCIÓN]]+Tabla4[[#This Row],[VALOR RACION PREPARADA]] -> 60772200 | AS62: =+IF(Tabla4[[#This Row],[AGRUPACIONES]]=1,SUMIFS(Tabla4[VALOR TOTAL],Tabla4[ZONA DEFINITIVO],Tabla4[[#This Row],[ZONA DEFINITIVO]])," ") | AT62: =(VLOOKUP(Tabla4[[#This Row],[SERVICIO 2025]],$J$2:$V$14,3,0)*Tabla4[[#This Row],[TOTAL COBERTURA]])+Tabla4[[#This Row],[VALOR FASE PREPARATORIA DE ALISTAMIENTO]]+Tabla4[[#This Row],[DOTACIÓN ÚNICA]] -> 9043360 | AU62: =(VLOOKUP(Tabla4[[#This Row],[SERVICIO 2025]],$J$2:$V$14,3,0)*Tabla4[[#This Row],[TOTAL COBERTURA]]) -> 7173600 | AV62: =(VLOOKUP(Tabla4[[#This Row],[SERVICIO 2025]],$J$2:$V$14,3,0)*Tabla4[[#This Row],[TOTAL COBERTURA]]) -> 7173600 | AW62: =(VLOOKUP(Tabla4[[#This Row],[SERVICIO 2025]],$J$2:$V$14,3,0)*Tabla4[[#This Row],[TOTAL COBERTURA]]) -> 7173600 | AX62: =(VLOOKUP(Tabla4[[#This Row],[SERVICIO 2025]],$J$2:$V$14,3,0)*Tabla4[[#This Row],[TOTAL COBERTURA]]) -> 7173600 | AY62: =(VLOOKUP(Tabla4[[#This Row],[SERVICIO 2025]],$J$2:$V$14,3,0)*Tabla4[[#This Row],[TOTAL COBERTURA]]) -> 7173600 | AZ62: =(VLOOKUP(Tabla4[[#This Row],[SERVICIO 2025]],$J$2:$V$14,3,0)*Tabla4[[#This Row],[TOTAL COBERTURA]]) -> 7173600 | BA62: =(VLOOKUP(Tabla4[[#This Row],[SERVICIO 2025]],$J$2:$V$14,3,0)*Tabla4[[#This Row],[TOTAL COBERTURA]])+Tabla4[[#This Row],[VALOR FASE PREPARATORIA DE CIERRE]] -> 8687240 | BB62: =SUM(Tabla4[[#This Row],[DESEMBOLSO 1]:[DESEMBOLSO 8]]) -> 60772200 | BC62: =VLOOKUP(Tabla4[[#This Row],[SERVICIO 2025]],$J$2:$V$14,10,0)*Tabla4[[#This Row],[TOTAL COBERTURA]]*$W$3 -> 60262720 | BD62: CONTRATO ADICIONAL POR ALIMENTACION | BE62: =EXACT(Tabla4[[#This Row],[VALOR ATENCIÓN (8 MESES)]],Tabla4[[#This Row],[VALOR TOTAL]]) -> TRUE | BF62: =Tabla4[[#This Row],[VALOR ATENCIÓN (8 MESES)]]-Tabla4[[#This Row],[VALOR TOTAL]] -> 0 | BG62: =EXACT(Tabla4[[#This Row],[TOTAL DESEMBOLSOS]],Tabla4[[#This Row],[VALOR ATENCIÓN (8 MESES)]]) -> TRUE | BH62: =Tabla4[[#This Row],[TOTAL DESEMBOLSOS]]-Tabla4[[#This Row],[VALOR ATENCIÓN (8 MESES)]] -> 0 | BI62: RADICADAS | BJ62: 1890
A63: 1890 | B63: 05005442025 | C63: LOTE 2 | D63: CZ SUROESTE | E63: CIUDAD BOLIVAR | F63: EDUCACIÓN INICIAL EN EL HOGAR A SIN RACION - FAMILIAR Y COMUNITARIA | G63: PRESTAR LOS SERVICIOS DE EDUCACIÓN INICIAL EN EL MARCO DE LA ATENCIÓN INTEGRAL A LA PRIMERA INFANCIA DE CONFORMIDAD CON LOS MANUALES TÉCNICOS, GUÍAS OPERATIVAS PARA LA ATENCIÓN A LA PRIMERA INFANCIA Y LOS LINEAMIENTOS ESTABLECIDOS POR EL ICBF, EN ARMONÍA CON LA POLÍTICA DE ESTADO PARA EL DESARROLLO INTEGRAL DE LA PRIMERA INFANCIA DE “CERO A SIEMPRE | H63: BOLIVAR ARRIBA EL CABRERO | I63: 51011115109 | J63: COLEGIO EL CABRERO | K63: 1 | L63: 19 | N63: 1890 | O63: ARTÍCULO 34 CONTRATACIÓN CON EL REGISTRO ÚNICO DE OFERENTES | R63: C-4602-1500-9-704020-4602020-02-161 | S63: 10 | T63: 900216955 | U63: CORPORACIÓN SUEÑOS DE FAMILIA INTEGRAL | V63: =VLOOKUP(Tabla4[[#This Row],[ZONA DEFINITIVO]],Hoja1!$A$1:$D$121,3,0) -> 228990 | W63: =VLOOKUP(Tabla4[[#This Row],[ZONA DEFINITIVO]],Hoja1!$A$1:$D$121,2,0) -> 15150 | X63: =VLOOKUP(Tabla4[[#This Row],[ZONA DEFINITIVO]],Hoja1!$A$1:$D$121,4,0) -> 90625 | Y63: =+IF(Tabla4[[#This Row],[AGRUPACIONES]]=1,SUMIFS(Tabla4[UDS],Tabla4[ZONA DEFINITIVO],Tabla4[[#This Row],[ZONA DEFINITIVO]])," ") | Z63: =+IF(Tabla4[[#This Row],[AGRUPACIONES]]=1,SUMIFS(Tabla4[TOTAL COBERTURA],Tabla4[ZONA DEFINITIVO],Tabla4[[#This Row],[ZONA DEFINITIVO]])," ") | AB63: 28866795 | AC63: 0.02 | AD63: =AB63*AC63 -> 577335.9 | AF63: =COUNTIF($A$20:A63,A63) -> 7 | AG63: 28866795 | AH63: =Tabla4[[#This Row],[VALOR CONTRAPARTIDA]]+Tabla4[[#This Row],[TOTAL APORTES ICBF]] -> 29444131 | AM63: =VLOOKUP(Tabla4[[#This Row],[SERVICIO 2025]],$J$2:$V$14,5,0)*Tabla4[[#This Row],[TOTAL COBERTURA]] -> 888136 | AN63: =VLOOKUP(Tabla4[[#This Row],[SERVICIO 2025]],$J$2:$V$14,6,0)*Tabla4[[#This Row],[TOTAL COBERTURA]] -> 718979 | AO63: =VLOOKUP(Tabla4[[#This Row],[SERVICIO 2025]],$J$2:$V$14,8,0)*Tabla4[[#This Row],[TOTAL COBERTURA]] -> 0 | AP63: =VLOOKUP(Tabla4[[#This Row],[SERVICIO 2025]],$J$2:$V$14,3,0)*Tabla4[[#This Row],[TOTAL COBERTURA]]*8 -> 27259680 | AR63: =Tabla4[[#This Row],[VALOR FASE PREPARATORIA DE ALISTAMIENTO]]+Tabla4[[#This Row],[VALOR FASE PREPARATORIA DE CIERRE]]+Tabla4[[#This Row],[DOTACIÓN ÚNICA]]+Tabla4[[#This Row],[VALOR ATENCIÓN]]+Tabla4[[#This Row],[VALOR RACION PREPARADA]] -> 28866795 | AS63: =+IF(Tabla4[[#This Row],[AGRUPACIONES]]=1,SUMIFS(Tabla4[VALOR TOTAL],Tabla4[ZONA DEFINITIVO],Tabla4[[#This Row],[ZONA DEFINITIVO]])," ") | AT63: =(VLOOKUP(Tabla4[[#This Row],[SERVICIO 2025]],$J$2:$V$14,3,0)*Tabla4[[#This Row],[TOTAL COBERTURA]])+Tabla4[[#This Row],[VALOR FASE PREPARATORIA DE ALISTAMIENTO]]+Tabla4[[#This Row],[DOTACIÓN ÚNICA]] -> 4295596 | AU63: =(VLOOKUP(Tabla4[[#This Row],[SERVICIO 2025]],$J$2:$V$14,3,0)*Tabla4[[#This Row],[TOTAL COBERTURA]]) -> 3407460 | AV63: =(VLOOKUP(Tabla4[[#This Row],[SERVICIO 2025]],$J$2:$V$14,3,0)*Tabla4[[#This Row],[TOTAL COBERTURA]]) -> 3407460 | AW63: =(VLOOKUP(Tabla4[[#This Row],[SERVICIO 2025]],$J$2:$V$14,3,0)*Tabla4[[#This Row],[TOTAL COBERTURA]]) -> 3407460 | AX63: =(VLOOKUP(Tabla4[[#This Row],[SERVICIO 2025]],$J$2:$V$14,3,0)*Tabla4[[#This Row],[TOTAL COBERTURA]]) -> 3407460 | AY63: =(VLOOKUP(Tabla4[[#This Row],[SERVICIO 2025]],$J$2:$V$14,3,0)*Tabla4[[#This Row],[TOTAL COBERTURA]]) -> 3407460 | AZ63: =(VLOOKUP(Tabla4[[#This Row],[SERVICIO 2025]],$J$2:$V$14,3,0)*Tabla4[[#This Row],[TOTAL COBERTURA]]) -> 3407460 | BA63: =(VLOOKUP(Tabla4[[#This Row],[SERVICIO 2025]],$J$2:$V$14,3,0)*Tabla4[[#This Row],[TOTAL COBERTURA]])+Tabla4[[#This Row],[VALOR FASE PREPARATORIA DE CIERRE]] -> 4126439 | BB63: =SUM(Tabla4[[#This Row],[DESEMBOLSO 1]:[DESEMBOLSO 8]]) -> 28866795 | BC63: =VLOOKUP(Tabla4[[#This Row],[SERVICIO 2025]],$J$2:$V$14,10,0)*Tabla4[[#This Row],[TOTAL COBERTURA]]*$W$3 -> 28624792 | BD63: CONTRATO ADICIONAL POR ALIMENTACION | BE63: =EXACT(Tabla4[[#This Row],[VALOR ATENCIÓN (8 MESES)]],Tabla4[[#This Row],[VALOR TOTAL]]) -> TRUE | BF63: =Tabla4[[#This Row],[VALOR ATENCIÓN (8 MESES)]]-Tabla4[[#This Row],[VALOR TOTAL]] -> 0 | BG63: =EXACT(Tabla4[[#This Row],[TOTAL DESEMBOLSOS]],Tabla4[[#This Row],[VALOR ATENCIÓN (8 MESES)]]) -> TRUE | BH63: =Tabla4[[#This Row],[TOTAL DESEMBOLSOS]]-Tabla4[[#This Row],[VALOR ATENCIÓN (8 MESES)]] -> 0 | BI63: RADICADAS | BJ63: 1890
A64: 1890 | B64: 05005442025 | C64: LOTE 2 | D64: CZ SUROESTE | E64: CIUDAD BOLIVAR | F64: EDUCACIÓN INICIAL EN EL HOGAR A SIN RACION - FAMILIAR Y COMUNITARIA | G64: PRESTAR LOS SERVICIOS DE EDUCACIÓN INICIAL EN EL MARCO DE LA ATENCIÓN INTEGRAL A LA PRIMERA INFANCIA DE CONFORMIDAD CON LOS MANUALES TÉCNICOS, GUÍAS OPERATIVAS PARA LA ATENCIÓN A LA PRIMERA INFANCIA Y LOS LINEAMIENTOS ESTABLECIDOS POR EL ICBF, EN ARMONÍA CON LA POLÍTICA DE ESTADO PARA EL DESARROLLO INTEGRAL DE LA PRIMERA INFANCIA DE “CERO A SIEMPRE | H64: EL MANZANILLO | I64: 51011134626 | J64: COLEGIO EL MANZANILLO | K64: 1 | L64: 20 | N64: 1890 | O64: ARTÍCULO 34 CONTRATACIÓN CON EL REGISTRO ÚNICO DE OFERENTES | R64: C-4602-1500-9-704020-4602020-02-161 | S64: 10 | T64: 900216955 | U64: CORPORACIÓN SUEÑOS DE FAMILIA INTEGRAL | V64: =VLOOKUP(Tabla4[[#This Row],[ZONA DEFINITIVO]],Hoja1!$A$1:$D$121,3,0) -> 228990 | W64: =VLOOKUP(Tabla4[[#This Row],[ZONA DEFINITIVO]],Hoja1!$A$1:$D$121,2,0) -> 15150 | X64: =VLOOKUP(Tabla4[[#This Row],[ZONA DEFINITIVO]],Hoja1!$A$1:$D$121,4,0) -> 90625 | Y64: =+IF(Tabla4[[#This Row],[AGRUPACIONES]]=1,SUMIFS(Tabla4[UDS],Tabla4[ZONA DEFINITIVO],Tabla4[[#This Row],[ZONA DEFINITIVO]])," ") | Z64: =+IF(Tabla4[[#This Row],[AGRUPACIONES]]=1,SUMIFS(Tabla4[TOTAL COBERTURA],Tabla4[ZONA DEFINITIVO],Tabla4[[#This Row],[ZONA DEFINITIVO]])," ") | AB64: 30386100 | AC64: 0.02 | AD64: =AB64*AC64 -> 607722 | AF64: =COUNTIF($A$20:A64,A64) -> 8 | AG64: 30386100 | AH64: =Tabla4[[#This Row],[VALOR CONTRAPARTIDA]]+Tabla4[[#This Row],[TOTAL APORTES ICBF]] -> 30993822 | AM64: =VLOOKUP(Tabla4[[#This Row],[SERVICIO 2025]],$J$2:$V$14,5,0)*Tabla4[[#This Row],[TOTAL COBERTURA]] -> 934880 | AN64: =VLOOKUP(Tabla4[[#This Row],[SERVICIO 2025]],$J$2:$V$14,6,0)*Tabla4[[#This Row],[TOTAL COBERTURA]] -> 756820 | AO64: =VLOOKUP(Tabla4[[#This Row],[SERVICIO 2025]],$J$2:$V$14,8,0)*Tabla4[[#This Row],[TOTAL COBERTURA]] -> 0 | AP64: =VLOOKUP(Tabla4[[#This Row],[SERVICIO 2025]],$J$2:$V$14,3,0)*Tabla4[[#This Row],[TOTAL COBERTURA]]*8 -> 28694400 | AR64: =Tabla4[[#This Row],[VALOR FASE PREPARATORIA DE ALISTAMIENTO]]+Tabla4[[#This Row],[VALOR FASE PREPARATORIA DE CIERRE]]+Tabla4[[#This Row],[DOTACIÓN ÚNICA]]+Tabla4[[#This Row],[VALOR ATENCIÓN]]+Tabla4[[#This Row],[VALOR RACION PREPARADA]] -> 30386100 | AS64: =+IF(Tabla4[[#This Row],[AGRUPACIONES]]=1,SUMIFS(Tabla4[VALOR TOTAL],Tabla4[ZONA DEFINITIVO],Tabla4[[#This Row],[ZONA DEFINITIVO]])," ") | AT64: =(VLOOKUP(Tabla4[[#This Row],[SERVICIO 2025]],$J$2:$V$14,3,0)*Tabla4[[#This Row],[TOTAL COBERTURA]])+Tabla4[[#This Row],[VALOR FASE PREPARATORIA DE ALISTAMIENTO]]+Tabla4[[#This Row],[DOTACIÓN ÚNICA]] -> 4521680 | AU64: =(VLOOKUP(Tabla4[[#This Row],[SERVICIO 2025]],$J$2:$V$14,3,0)*Tabla4[[#This Row],[TOTAL COBERTURA]]) -> 3586800 | AV64: =(VLOOKUP(Tabla4[[#This Row],[SERVICIO 2025]],$J$2:$V$14,3,0)*Tabla4[[#This Row],[TOTAL COBERTURA]]) -> 3586800 | AW64: =(VLOOKUP(Tabla4[[#This Row],[SERVICIO 2025]],$J$2:$V$14,3,0)*Tabla4[[#This Row],[TOTAL COBERTURA]]) -> 3586800 | AX64: =(VLOOKUP(Tabla4[[#This Row],[SERVICIO 2025]],$J$2:$V$14,3,0)*Tabla4[[#This Row],[TOTAL COBERTURA]]) -> 3586800 | AY64: =(VLOOKUP(Tabla4[[#This Row],[SERVICIO 2025]],$J$2:$V$14,3,0)*Tabla4[[#This Row],[TOTAL COBERTURA]]) -> 3586800 | AZ64: =(VLOOKUP(Tabla4[[#This Row],[SERVICIO 2025]],$J$2:$V$14,3,0)*Tabla4[[#This Row],[TOTAL COBERTURA]]) -> 3586800 | BA64: =(VLOOKUP(Tabla4[[#This Row],[SERVICIO 2025]],$J$2:$V$14,3,0)*Tabla4[[#This Row],[TOTAL COBERTURA]])+Tabla4[[#This Row],[VALOR FASE PREPARATORIA DE CIERRE]] -> 4343620 | BB64: =SUM(Tabla4[[#This Row],[DESEMBOLSO 1]:[DESEMBOLSO 8]]) -> 30386100 | BC64: =VLOOKUP(Tabla4[[#This Row],[SERVICIO 2025]],$J$2:$V$14,10,0)*Tabla4[[#This Row],[TOTAL COBERTURA]]*$W$3 -> 30131360 | BD64: CONTRATO ADICIONAL POR ALIMENTACION | BE64: =EXACT(Tabla4[[#This Row],[VALOR ATENCIÓN (8 MESES)]],Tabla4[[#This Row],[VALOR TOTAL]]) -> TRUE | BF64: =Tabla4[[#This Row],[VALOR ATENCIÓN (8 MESES)]]-Tabla4[[#This Row],[VALOR TOTAL]] -> 0 | BG64: =EXACT(Tabla4[[#This Row],[TOTAL DESEMBOLSOS]],Tabla4[[#This Row],[VALOR ATENCIÓN (8 MESES)]]) -> TRUE | BH64: =Tabla4[[#This Row],[TOTAL DESEMBOLSOS]]-Tabla4[[#This Row],[VALOR ATENCIÓN (8 MESES)]] -> 0 | BI64: RADICADAS | BJ64: 1890
A65: 1890 | B65: 05005442025 | C65: LOTE 2 | D65: CZ SUROESTE | E65: CIUDAD BOLIVAR | F65: EDUCACIÓN INICIAL EN EL HOGAR A SIN RACION - FAMILIAR Y COMUNITARIA | G65: PRESTAR LOS SERVICIOS DE EDUCACIÓN INICIAL EN EL MARCO DE LA ATENCIÓN INTEGRAL A LA PRIMERA INFANCIA DE CONFORMIDAD CON LOS MANUALES TÉCNICOS, GUÍAS OPERATIVAS PARA LA ATENCIÓN A LA PRIMERA INFANCIA Y LOS LINEAMIENTOS ESTABLECIDOS POR EL ICBF, EN ARMONÍA CON LA POLÍTICA DE ESTADO PARA EL DESARROLLO INTEGRAL DE LA PRIMERA INFANCIA DE “CERO A SIEMPRE | H65: CORREGIMIENTO SAN BERNARDO DE LOS FARALLONES | I65: 51011134646 | J65: COLEGIO IER FARALLONES | K65: 1 | L65: 29 | N65: 1890 | O65: ARTÍCULO 34 CONTRATACIÓN CON EL REGISTRO ÚNICO DE OFERENTES | R65: C-4602-1500-9-704020-4602020-02-161 | S65: 10 | T65: 900216955 | U65: CORPORACIÓN SUEÑOS DE FAMILIA INTEGRAL | V65: =VLOOKUP(Tabla4[[#This Row],[ZONA DEFINITIVO]],Hoja1!$A$1:$D$121,3,0) -> 228990 | W65: =VLOOKUP(Tabla4[[#This Row],[ZONA DEFINITIVO]],Hoja1!$A$1:$D$121,2,0) -> 15150 | X65: =VLOOKUP(Tabla4[[#This Row],[ZONA DEFINITIVO]],Hoja1!$A$1:$D$121,4,0) -> 90625 | Y65: =+IF(Tabla4[[#This Row],[AGRUPACIONES]]=1,SUMIFS(Tabla4[UDS],Tabla4[ZONA DEFINITIVO],Tabla4[[#This Row],[ZONA DEFINITIVO]])," ") | Z65: =+IF(Tabla4[[#This Row],[AGRUPACIONES]]=1,SUMIFS(Tabla4[TOTAL COBERTURA],Tabla4[ZONA DEFINITIVO],Tabla4[[#This Row],[ZONA DEFINITIVO]])," ") | AB65: 44059845 | AC65: 0.02 | AD65: =AB65*AC65 -> 881196.9 | AF65: =COUNTIF($A$20:A65,A65) -> 9 | AG65: 44059845 | AH65: =Tabla4[[#This Row],[VALOR CONTRAPARTIDA]]+Tabla4[[#This Row],[TOTAL APORTES ICBF]] -> 44941042 | AM65: =VLOOKUP(Tabla4[[#This Row],[SERVICIO 2025]],$J$2:$V$14,5,0)*Tabla4[[#This Row],[TOTAL COBERTURA]] -> 1355576 | AN65: =VLOOKUP(Tabla4[[#This Row],[SERVICIO 2025]],$J$2:$V$14,6,0)*Tabla4[[#This Row],[TOTAL COBERTURA]] -> 1097389 | AO65: =VLOOKUP(Tabla4[[#This Row],[SERVICIO 2025]],$J$2:$V$14,8,0)*Tabla4[[#This Row],[TOTAL COBERTURA]] -> 0 | AP65: =VLOOKUP(Tabla4[[#This Row],[SERVICIO 2025]],$J$2:$V$14,3,0)*Tabla4[[#This Row],[TOTAL COBERTURA]]*8 -> 41606880 | AR65: =Tabla4[[#This Row],[VALOR FASE PREPARATORIA DE ALISTAMIENTO]]+Tabla4[[#This Row],[VALOR FASE PREPARATORIA DE CIERRE]]+Tabla4[[#This Row],[DOTACIÓN ÚNICA]]+Tabla4[[#This Row],[VALOR ATENCIÓN]]+Tabla4[[#This Row],[VALOR RACION PREPARADA]] -> 44059845 | AS65: =+IF(Tabla4[[#This Row],[AGRUPACIONES]]=1,SUMIFS(Tabla4[VALOR TOTAL],Tabla4[ZONA DEFINITIVO],Tabla4[[#This Row],[ZONA DEFINITIVO]])," ") | AT65: =(VLOOKUP(Tabla4[[#This Row],[SERVICIO 2025]],$J$2:$V$14,3,0)*Tabla4[[#This Row],[TOTAL COBERTURA]])+Tabla4[[#This Row],[VALOR FASE PREPARATORIA DE ALISTAMIENTO]]+Tabla4[[#This Row],[DOTACIÓN ÚNICA]] -> 6556436 | AU65: =(VLOOKUP(Tabla4[[#This Row],[SERVICIO 2025]],$J$2:$V$14,3,0)*Tabla4[[#This Row],[TOTAL COBERTURA]]) -> 5200860 | AV65: =(VLOOKUP(Tabla4[[#This Row],[SERVICIO 2025]],$J$2:$V$14,3,0)*Tabla4[[#This Row],[TOTAL COBERTURA]]) -> 5200860 | AW65: =(VLOOKUP(Tabla4[[#This Row],[SERVICIO 2025]],$J$2:$V$14,3,0)*Tabla4[[#This Row],[TOTAL COBERTURA]]) -> 5200860 | AX65: =(VLOOKUP(Tabla4[[#This Row],[SERVICIO 2025]],$J$2:$V$14,3,0)*Tabla4[[#This Row],[TOTAL COBERTURA]]) -> 5200860 | AY65: =(VLOOKUP(Tabla4[[#This Row],[SERVICIO 2025]],$J$2:$V$14,3,0)*Tabla4[[#This Row],[TOTAL COBERTURA]]) -> 5200860 | AZ65: =(VLOOKUP(Tabla4[[#This Row],[SERVICIO 2025]],$J$2:$V$14,3,0)*Tabla4[[#This Row],[TOTAL COBERTURA]]) -> 5200860 | BA65: =(VLOOKUP(Tabla4[[#This Row],[SERVICIO 2025]],$J$2:$V$14,3,0)*Tabla4[[#This Row],[TOTAL COBERTURA]])+Tabla4[[#This Row],[VALOR FASE PREPARATORIA DE CIERRE]] -> 6298249 | BB65: =SUM(Tabla4[[#This Row],[DESEMBOLSO 1]:[DESEMBOLSO 8]]) -> 44059845 | BC65: =VLOOKUP(Tabla4[[#This Row],[SERVICIO 2025]],$J$2:$V$14,10,0)*Tabla4[[#This Row],[TOTAL COBERTURA]]*$W$3 -> 43690472 | BD65: CONTRATO ADICIONAL POR ALIMENTACION | BE65: =EXACT(Tabla4[[#This Row],[VALOR ATENCIÓN (8 MESES)]],Tabla4[[#This Row],[VALOR TOTAL]]) -> TRUE | BF65: =Tabla4[[#This Row],[VALOR ATENCIÓN (8 MESES)]]-Tabla4[[#This Row],[VALOR TOTAL]] -> 0 | BG65: =EXACT(Tabla4[[#This Row],[TOTAL DESEMBOLSOS]],Tabla4[[#This Row],[VALOR ATENCIÓN (8 MESES)]]) -> TRUE | BH65: =Tabla4[[#This Row],[TOTAL DESEMBOLSOS]]-Tabla4[[#This Row],[VALOR ATENCIÓN (8 MESES)]] -> 0 | BI65: RADICADAS | BJ65: 1890
